Workbook
Name __xlfn_SINGLE: #N/A
Name aaa: #REF!
Name BDI: #REF!
Name BDI_2: #REF!
Name Button_15: "COMERCIAL_2002_JANEIRO_consultas_Lista"
Name CGC: #REF!
Name CLIENTES: #REF!
Name Excel_BuiltIn_Print_Area: '1.1 COLETA RSU'!$A$1:$F$36
Name Excel_BuiltIn_Print_Area: '10.1 PODA'!$A$2:$F$32
Name Excel_BuiltIn_Print_Area: '11 PINTURA MEIOFIO'!$A$2:$F$27
Name Excel_BuiltIn_Print_Area: '12 ADM LOCAL'!$A$1:$F$34
Name Excel_BuiltIn_Print_Area: '2.1 COLETA SELETIVA'!$A$1:$F$26
Name Excel_BuiltIn_Print_Area: '3.1 COLETA INERTES'!$A$2:$F$34
Name Excel_BuiltIn_Print_Area: '7.1 CAPINA'!$A$2:$F$32
Name Excel_BuiltIn_Print_Area: '8.1 CAPINA ELETRICA'!$A$2:$F$19
Name Excel_BuiltIn_Print_Area: '9.1 ROÇADA'!$A$2:$F$32
Name Excel_BuiltIn_Print_Titles: '1.1 COLETA RSU'!$1:$5
Name Excel_BuiltIn_Print_Titles: '10.1 PODA'!$A$1:$ID$5
Name Excel_BuiltIn_Print_Titles: '11 PINTURA MEIOFIO'!$A$1:$ID$5
Name Excel_BuiltIn_Print_Titles: '12 ADM LOCAL'!$1:$5
Name Excel_BuiltIn_Print_Titles: '2.1 COLETA SELETIVA'!$1:$5
Name Excel_BuiltIn_Print_Titles: '3.1 COLETA INERTES'!$A$1:$ID$5
Name Excel_BuiltIn_Print_Titles: '7.1 CAPINA'!$A$1:$ID$5
Name Excel_BuiltIn_Print_Titles: '8.1 CAPINA ELETRICA'!$A$1:$ID$5
Name Excel_BuiltIn_Print_Titles: '9.1 ROÇADA'!$A$1:$ID$5
Name FILIAIS: #REF!
Name jopjiopjkop: #REF!
Name JORNADAS: #REF!
Name MO: #REF!
Name nome_cliente: #REF!
Name PLANILHAS_COM_REAJUSTADAS__ARACAJU__SEBRAE_Lista: #REF!
Name STATUS: #REF!
Name VALES: #REF!

Sheet ORÇAMENTO GERAL
A1: Limpeza Urbana
A3: COMPOSIÇÃO DE PREÇOS UNITÁRIOS DE SERVIÇO
A5: ITENS | B5: DISCRIMINAÇÃO | C5: UNIDADE | D5: QUANT.ESTIMADA MENSAL | E5: VALOR UNITÁRIO SEM BDI (R$) | F5: VALOR UNITÁRIO COM BDI (R$) | G5: VALOR MENSAL (R$) | H5: VALOR TOTAL ANUAL (R$)
B6: SERVIÇOS
A7: 1 | B7: Coleta, Transporte, Descarga E Disposição Final de Resíduos Sólidos Urbanos | C7: Tonelada | D7: ='1.1 COLETA RSU'!F32 -> 1311.7572 | H7: =12*G7 -> 0
A8: 2 | B8: Coleta Seletiva de Resíduos Reciclaveis | C8: Equipe / Mês | D8: ='2.1 COLETA SELETIVA'!F22 -> 3 | H8: =12*G8 -> 0
A9: 3 | B9: Coleta, Transporte, Descarga E Disposição Final de Resíduos Inertes, Entulhos e RCC | C9: Tonelada | D9: ='3.1 COLETA INERTES'!F31 -> 3455.6301 | H9: =12*G9 -> 0
A10: 4 | B10: Varrição Manual | C10: km (sarjeta) | D10: ='4.1 Varrição Manual'!F20 -> 6189.6184 | H10: =12*G10 -> 0
A11: 5 | B11: Varrição Mecanizada | C11: km (sarjeta) | D11: ='5.1 VARR MECANIZADA'!F21 -> 1695.2 | H11: =12*G11 -> 0
A12: 6 | B12: Varrição de Praças | C12: m2 | D12: ='6.1 Varrição PRACAS'!F20 -> 114688.4 | H12: =12*G12 -> 0
A13: 7 | B13: Capina | C13: m2 | D13: ='7.1 CAPINA'!F29 -> 118663.12 | H13: =12*G13 -> 0
A14: 8 | B14: Capina Eletrica | C14: m2 | D14: ='8.1 CAPINA ELETRICA'!F16 -> 2000 | H14: =12*G14 -> 0
A15: 9 | B15: Roçada | C15: m2 | D15: ='9.1 ROÇADA'!F29 -> 656290.12 | H15: =12*G15 -> 0
A16: 10 | B16: Poda de Árvores e Trituração de Troncos e Galhos | C16: Equipe / Mês | D16: ='10.1 PODA'!F29 -> 1 | H16: =12*G16 -> 0
A17: 11 | B17: Pintura de MeioFio | C17: m (sarjeta) | D17: ='11 PINTURA MEIOFIO'!F24 -> 135615 | H17: =12*G17 -> 0
A18: 12 | B18: Administração Local | C18: Verba / Mês | D18: ='12 ADM LOCAL'!F30 -> 1 | H18: =12*G18 -> 0
A19: VALOR GLOBAL DO LOTE | G19: =SUM(G7:G18) -> 0 | H19: =SUM(H7:H18) -> 0
B21: OBSERVAÇÕES:
B25: 01: AS TABELAS ESTÃO COMPOSTAS RELACIONANDO PREÇOS VINCULADOS A TABELAS REFERENCIAS E PREÇOS DE MERCADO, NA ABA MAPA DE COTAÇÕES A EMPRESA DEVERÁ PREENCHER SEUS DADOS E O RESPECTIVO VALOR PARA CADA ITEM EM QUESTÃO.
B26: 02: OS ENCARGOS SOCIAIS E O PERCENTUAL DE BDI DEVERÁ REFLETIR A REALIDADE DA EMPRESA.
B27: 03: OS QUANTITATIVOS DE MÃO DE OBRA, INSUMOS, VEICULOS, EQUIPAMENTOS E SERVIÇOS NÃO PODERÃO SER ALTERADOS EM HIPÓTESE ALGUMA.

Sheet RESUMO
B2: ITEM DE SERVIÇO | D2: EQUIPAMENTOS | F2: ITEM DE SERVIÇO
B3: ITEM | C3: DESCRIÇÃO DO SERVIÇO | D3: DESCRIÇÃO | E3: QTDE | F3: FUNÇÃO | G3: QTDE
B4: 1 | C4: COLETA CONVENCIONAL DE RSU E CONTEINERIZAÇÃO | D4: Caminhão coletor compactador - matutino | E4: ='1.1 COLETA RSU'!D8 -> 4 | F4: ='1.1 COLETA RSU'!B16 -> Coletor Matutino | G4: ='1.1 COLETA RSU'!D16 -> 15
D5: Caminhão coletor compactador - vespertino | E5: ='1.1 COLETA RSU'!D9 -> 2 | F5: ='1.1 COLETA RSU'!B17 -> Coletor Vespertino | G5: ='1.1 COLETA RSU'!D17 -> 6
D6: Caminhão coletor compactador - Frota Reserva | E6: ='1.1 COLETA RSU'!D10 -> 1 | F6: ='1.1 COLETA RSU'!B18 -> Motorista Compactador Matutino | G6: ='1.1 COLETA RSU'!D18 -> 5
D7: Picape - Coleta Dificil Acesso | E7: ='1.1 COLETA RSU'!D11 -> 1 | F7: ='1.1 COLETA RSU'!B19 -> Motorista Compactador Vespertino | G7: ='1.1 COLETA RSU'!D19 -> 2
D8: Picape Reserva | E8: 0 | F8: ='1.1 COLETA RSU'!B20 -> Motorista Veíc Leve Diurno | G8: ='1.1 COLETA RSU'!D20 -> 1
D9: Veículo Utilitário - 2 turnos | E9: ='1.1 COLETA RSU'!D12 -> 1 | F9: ='1.1 COLETA RSU'!B21 -> Encarregado Diurno | G9: ='1.1 COLETA RSU'!D21 -> 1
D10: Caixas estacionárias PEAD, sem compactação, de 1,2m³ | E10: ='1.1 COLETA RSU'!D13 -> 50 | F10: Encarregado Noturno | G10: ='1.1 COLETA RSU'!D22 -> 0
B12: 2 | C12: COLETA SELETIVA | D12: Caminhão coletor compactador - 2 turnos | E12: ='2.1 COLETA SELETIVA'!D8 -> 3 | F12: Coletor Diurno | G12: ='2.1 COLETA SELETIVA'!D12 -> 10
D13: Caminhão coletor compactador - Frota Reserva | E13: ='2.1 COLETA SELETIVA'!D9 -> 1 | F13: Motorista Diurno | G13: ='2.1 COLETA SELETIVA'!D13 -> 4
B15: 3 | C15: COLETA DE ENTULHO | D15: ='3.1 COLETA INERTES'!B8 -> Caminhão caçamba basculante de 10 m³ | E15: ='3.1 COLETA INERTES'!D8 -> 6 | F15: ='3.1 COLETA INERTES'!B15 -> Fiscal diurno | G15: ='3.1 COLETA INERTES'!D15 -> 2
D16: ='3.1 COLETA INERTES'!B9 -> Caminhão Carroceria | E16: ='3.1 COLETA INERTES'!D9 -> 2 | F16: ='3.1 COLETA INERTES'!B16 -> Operador de Pá Carregadeira diurno | G16: ='3.1 COLETA INERTES'!D16 -> 1
D17: ='3.1 COLETA INERTES'!B10 -> Pá carregadeira | E17: ='3.1 COLETA INERTES'!D10 -> 1 | F17: ='3.1 COLETA INERTES'!B17 -> Motorista de Caminhao diurno | G17: ='3.1 COLETA INERTES'!D17 -> 8
D18: ='3.1 COLETA INERTES'!B11 -> Retroescavadeira | E18: ='3.1 COLETA INERTES'!D11 -> 1 | F18: ='3.1 COLETA INERTES'!B18 -> Operador de Retroescavadeira | G18: ='3.1 COLETA INERTES'!D18 -> 1
D19: ='3.1 COLETA INERTES'!B12 -> Minicarregadeira | E19: ='3.1 COLETA INERTES'!D12 -> 1 | F19: ='3.1 COLETA INERTES'!B19 -> Operador de Minicarregadeira | G19: ='3.1 COLETA INERTES'!D19 -> 1
F20: ='3.1 COLETA INERTES'!B20 -> Ajudante de Operação diurno | G20: ='3.1 COLETA INERTES'!D20 -> 16
B22: 4 | C22: VARRIÇÃO MANUAL | D22: ='4.1 Varrição Manual'!B6 -> Veículo de transporte - Van | E22: ='4.1 Varrição Manual'!D6 -> 2 | F22: ='4.1 Varrição Manual'!B9 -> Fiscal Diurno | G22: ='4.1 Varrição Manual'!D9 -> 3
F23: ='4.1 Varrição Manual'!B10 -> Motorista diurno | G23: ='4.1 Varrição Manual'!D10 -> 2
F24: ='4.1 Varrição Manual'!B11 -> Varredor Diurno | G24: ='4.1 Varrição Manual'!D11 -> 62
B26: 5 | C26: VARRIÇÃO MECANIZADA | D26: ='5.1 VARR MECANIZADA'!B6 -> Varredeira mecânica autopropelida | E26: ='5.1 VARR MECANIZADA'!D6 -> 1 | F26: ='5.1 VARR MECANIZADA'!B10 -> Motorista Noturno | G26: ='5.1 VARR MECANIZADA'!D10 -> 1
F27: ='5.1 VARR MECANIZADA'!B11 -> Ajudante de Operação Noturno | G27: ='5.1 VARR MECANIZADA'!D11 -> 1
B29: 6 | C29: VARRIÇÃO MANUAL DE PRAÇAS E FEIRAS | D29: ='6.1 Varrição PRACAS'!B6 -> Veículo de transporte - Van | E29: ='6.1 Varrição PRACAS'!D6 -> 1 | F29: ='6.1 Varrição PRACAS'!B9 -> Fiscal Diurno | G29: ='6.1 Varrição PRACAS'!D9 -> 1
F30: ='6.1 Varrição PRACAS'!B10 -> Motorista diurno | G30: ='6.1 Varrição PRACAS'!D10 -> 1
F31: ='6.1 Varrição PRACAS'!B11 -> Varredor Diurno | G31: ='6.1 Varrição PRACAS'!D11 -> 20
B33: 7 | C33: CAPINA | D33: ='7.1 CAPINA'!B8 -> Veículo de transporte - Van | E33: ='7.1 CAPINA'!D8 -> 2 | F33: ='7.1 CAPINA'!B12 -> Fiscal diurno | G33: ='7.1 CAPINA'!D12 -> 3
D34: ='7.1 CAPINA'!B9 -> Caminhão Carroceria com Cabine Suplementar | E34: ='7.1 CAPINA'!D9 -> 2 | F34: ='7.1 CAPINA'!B13 -> Capinador | G34: ='7.1 CAPINA'!D13 -> 32
F35: ='7.1 CAPINA'!B14 -> Motorista de Caminhao diurno | G35: ='7.1 CAPINA'!D14 -> 2
F36: ='7.1 CAPINA'!B15 -> Motorista diurno | G36: ='7.1 CAPINA'!D15 -> 2
F37: ='7.1 CAPINA'!B16 -> Ajudante de Operação diurno | G37: ='7.1 CAPINA'!D16 -> 4
B39: 8 | C39: CAPINA ELÉTRICA | D39: Caminhão ou Trator Agrícola c/ Equipamento de Capina Elétrica | E39: 1 | F39: ='8.1 CAPINA ELETRICA'!B11 -> Motorista Diurno | G39: ='8.1 CAPINA ELETRICA'!D11 -> 1
F40: ='8.1 CAPINA ELETRICA'!B12 -> Ajudante de Operação Diurno | G40: ='8.1 CAPINA ELETRICA'!D12 -> 1
B43: 9 | C43: ROÇADA | D43: ='9.1 ROÇADA'!B8 -> Caminhão Basculante de 6 m³ | E43: ='9.1 ROÇADA'!D8 -> 2 | F43: ='9.1 ROÇADA'!B12 -> Fiscal diurno | G43: ='9.1 ROÇADA'!D12 -> 3
D44: ='9.1 ROÇADA'!B9 -> Caminhão Carroceria com Cabine Suplementar | E44: ='9.1 ROÇADA'!D9 -> 3 | F44: ='9.1 ROÇADA'!B13 -> Roçador | G44: ='9.1 ROÇADA'!D13 -> 33
F45: ='9.1 ROÇADA'!B14 -> Motorista de Caminhao diurno | G45: ='9.1 ROÇADA'!D14 -> 5
F46: ='9.1 ROÇADA'!B15 -> Ajudante de Operação diurno | G46: ='9.1 ROÇADA'!D15 -> 66
B48: 10 | C48: PODA | D48: ='10.1 PODA'!B8 -> Triturador de Residuos | E48: ='10.1 PODA'!D8 -> 1 | F48: ='10.1 PODA'!B14 -> Fiscal diurno | G48: ='10.1 PODA'!D14 -> 1
D49: ='10.1 PODA'!B9 -> Caminhão Carroceria | E49: ='10.1 PODA'!D9 -> 2 | F49: ='10.1 PODA'!B15 -> Motorista de Caminhao diurno | G49: ='10.1 PODA'!D15 -> 2
D50: ='10.1 PODA'!B10 -> Motosserra | E50: ='10.1 PODA'!D10 -> 4 | F50: ='10.1 PODA'!B16 -> Operador de Retroescavadeira | G50: ='10.1 PODA'!D16 -> 1
D51: ='10.1 PODA'!B11 -> Retroescavadeira | E51: ='10.1 PODA'!D11 -> 1 | F51: ='10.1 PODA'!B17 -> Operador de Motosserra | G51: ='10.1 PODA'!D17 -> 4
F52: ='10.1 PODA'!B18 -> Ajudante de Operação diurno | G52: ='10.1 PODA'!D18 -> 6
B54: 11 | C54: PINTURA DE MEIO FIO | D54: ='11 PINTURA MEIOFIO'!B8 -> VEICULO TRATOR COM MAQUINA DE PINTUA ACOPLADA | E54: ='11 PINTURA MEIOFIO'!D8 -> 2 | F54: ='11 PINTURA MEIOFIO'!B12 -> Motorista de Caminhao diurno | G54: ='11 PINTURA MEIOFIO'!D12 -> 2
F55: ='11 PINTURA MEIOFIO'!B13 -> Ajudante de Pintura | G55: ='11 PINTURA MEIOFIO'!D13 -> 4
B57: 12 | C57: ADM LOCAL | D57: ='12 ADM LOCAL'!B8 -> Veículo Leve | E57: ='12 ADM LOCAL'!D8 -> 1 | F57: ='12 ADM LOCAL'!B15 -> Engenheiro Responsável | G57: ='12 ADM LOCAL'!D15 -> 1
D58: ='12 ADM LOCAL'!B9 -> Pickup | E58: ='12 ADM LOCAL'!D9 -> 1 | F58: ='12 ADM LOCAL'!B16 -> Encarregado Geral Diurno | G58: ='12 ADM LOCAL'!D16 -> 1
F59: ='12 ADM LOCAL'!B17 -> Técnico de Segurança | G59: ='12 ADM LOCAL'!D17 -> 1
F60: ='12 ADM LOCAL'!B18 -> Auxiliar Administrativo | G60: ='12 ADM LOCAL'!D18 -> 2
F61: ='12 ADM LOCAL'!B19 -> Vigia Diurno | G61: ='12 ADM LOCAL'!D19 -> 2
F62: ='12 ADM LOCAL'!B20 -> Vigia Noturno | G62: ='12 ADM LOCAL'!D20 -> 2

Sheet E. S.
A2: COMPOSIÇÃO DOS ENCARGOS SOCIAIS
A3: CÓDIGO | B3: DESCRIÇÃO | C3: SEM DESONERAÇÃO
C4: MENSALISTA %
A5: GRUPO A
A6: A1 | B6: INSS
A7: A2 | B7: SESI
A8: A3 | B8: SENAI
A9: A4 | B9: INCRA
A10: A5 | B10: SEBRAE
A11: A6 | B11: Salário Educação
A12: A7 | B12: Seguro Contra Acidentes de Trabalho
A13: A8 | B13: FGTS
A14: A9 | B14: SECONCI
A15: A | B15: Total
A16: GRUPO B
A17: B1 | B17: Repouso Semanal Remunerado
A18: B2 | B18: Feriados
A19: B3 | B19: Auxílio - Enfermidade
A20: B4 | B20: 13º Salário
A21: B5 | B21: Licença Paternidade
A22: B6 | B22: Faltas Justificadas
A23: B7 | B23: Dias de Chuvas
A24: B8 | B24: Auxílio Acidente de Trabalho
A25: B9 | B25: Férias Gozadas
A26: B10 | B26: Salário Maternidade
A27: B | B27: Total
A28: GRUPO C
A29: C1 | B29: Aviso Prévio Indenizado
A30: C2 | B30: Aviso Prévio Trabalhado
A31: C3 | B31: Férias Indenizadas
A32: C4 | B32: Depósito Rescisão Sem Justa Causa
A33: C5 | B33: Indenização Adicional
A34: C | B34: Total
A35: GRUPO D
A36: D1 | B36: Reincidência de Grupo A sobre Grupo B
A37: D2 | B37: Reincidência de Grupo A sobre Aviso Prévio Trabalhado e Reincidência do FGTS sobre Aviso Prévio Indenizado
A38: D | B38: Total
A39: TOTAL(A+B+C+D)

Sheet BDI 
A2: COMPOSIÇÃO DE BDI - BENEFÍCIOS E DESPESAS INDIRETAS
A4: Itens | B4: Discriminação | C4: %
B7: Despesas indiretas
B8: Administração Central (Infra-estrura + Pessoal administrativo)
B9: Seguro
B10: Risco e Garantia
B12: Despesas Financeiras
B14: Lucro
B16: Impostos e taxas sobre o Faturamento (T1 + T2 + T3 + T4) | C16: =SUM(C17:C20) -> 0.05
B17: PIS
B18: COFINS
B19: ISS | C19: 0.05
B20: CPRB
A22: BDI | C22: =ROUND((1+C8+C9+C10)*(1+C12)*(1+C14)/(1-C16)-1,4) -> 0.0526

Sheet 1.1 COLETA RSU
A2: COMPOSIÇÃO DE PREÇOS UNITÁRIOS DE SERVIÇO
A4: ='ORÇAMENTO GERAL'!B7 -> Coleta, Transporte, Descarga E Disposição Final de Resíduos Sólidos Urbanos
E5: Unidade: | F5: Tonelada
A6: ITENS | B6: DISCRIMINAÇÃO | C6: UNIDADE / MÊS | D6: QUANT. | E6: VALOR UNITÁRIO | F6: VALOR TOTAL
A7: 1 | B7: EQUIPAMENTOS
A8: 1.1 | B8: Caminhão coletor compactador - matutino | C8: und | D8: 4 | E8: ='1.3 EQUIP. VEICULOS'!C35 -> #DIV/0! | F8: =E8*D8 -> #DIV/0!
A9: 1.2 | B9: Caminhão coletor compactador - vespertino | C9: und | D9: ='1.4 DIM COLETA RSU'!C119 -> 2 | E9: ='1.3 EQUIP. VEICULOS'!C35 -> #DIV/0! | F9: =E9*D9 -> #DIV/0!
A10: 1.3 | B10: Caminhão coletor compactador - Frota Reserva | C10: und | D10: ='1.4 DIM COLETA RSU'!C120 -> 1 | E10: ='1.3 EQUIP. VEICULOS'!D35 -> #DIV/0! | F10: =E10*D10 -> #DIV/0!
A11: 1.4 | B11: Picape - Coleta Dificil Acesso | C11: und | D11: ='1.4 DIM COLETA RSU'!C121 -> 1 | E11: ='1.3 EQUIP. VEICULOS'!C72 -> #DIV/0! | F11: =E11*D11 -> #DIV/0!
A12: 1.6 | B12: Veículo Utilitário | C12: und | D12: ='1.4 DIM COLETA RSU'!C123 -> 1 | E12: ='1.3 EQUIP. VEICULOS'!E72 -> #DIV/0! | F12: =E12*D12 -> #DIV/0!
A13: 1.7 | B13: Caixas coletoras estacionárias, sem compactação, de 1,2m³ | C13: und | D13: ='1.4 DIM COLETA RSU'!C117 -> 50 | E13: ='1.3 EQUIP. VEICULOS'!C109 -> #DIV/0! | F13: =E13*D13 -> #DIV/0!
E14: Total 1 | F14: =SUM(F8:F13) -> #DIV/0!
A15: 2 | B15: MÃO DE OBRA:
A16: 2.1 | B16: Coletor Matutino | C16: mês | D16: ='1.4 DIM COLETA RSU'!C105 -> 15 | E16: ='1.2 MAO DE OBRA'!F239 -> #DIV/0! | F16: =E16*D16 -> #DIV/0!
A17: 2.2 | B17: Coletor Vespertino | C17: mês | D17: ='1.4 DIM COLETA RSU'!C106 -> 6 | E17: ='1.2 MAO DE OBRA'!F239 -> #DIV/0! | F17: =E17*D17 -> #DIV/0!
A18: 2.3 | B18: Motorista Compactador Matutino | C18: mês | D18: ='1.4 DIM COLETA RSU'!C107 -> 5 | E18: ='1.2 MAO DE OBRA'!F99 -> #DIV/0! | F18: =E18*D18 -> #DIV/0!
A19: 2.4 | B19: Motorista Compactador Vespertino | C19: mês | D19: ='1.4 DIM COLETA RSU'!C108 -> 2 | E19: ='1.2 MAO DE OBRA'!F99 -> #DIV/0! | F19: =E19*D19 -> #DIV/0!
A20: 2.5 | B20: Motorista Veíc Leve Diurno | C20: mês | D20: ='1.4 DIM COLETA RSU'!C109 -> 1 | E20: ='1.2 MAO DE OBRA'!F133 -> #DIV/0! | F20: =E20*D20 -> #DIV/0!
A21: 2.7 | B21: Encarregado Diurno | C21: mês | D21: 1 | E21: ='1.2 MAO DE OBRA'!F33 -> #DIV/0! | F21: =E21*D21 -> #DIV/0!
E23: Total 2 | F23: =SUM(F16:F22) -> #DIV/0!
A24: 3 | B24: FERRAMENTAS
A25: 3.1 | B25: Pá quadrada, com cabo | C25: und | D25: =D8+D11 -> 5 | E25: =VLOOKUP(B25,'1.1 CUSTO FERRAME-UNIFORME-EPI'!B:C,2,FALSE) -> #DIV/0! | F25: =E25*D25 -> #DIV/0!
A26: 3.2 | B26: Vassoura de piaçava 28 furos, com cabo | C26: und | D26: =2*(D8+D11) -> 10 | E26: =VLOOKUP(B26,'1.1 CUSTO FERRAME-UNIFORME-EPI'!B:C,2,FALSE) -> 0 | F26: =E26*D26 -> 0
A27: 3.3 | B27: Cone de sinalização | C27: und | D27: =D8+D11 -> 5 | E27: =VLOOKUP(B27,'1.1 CUSTO FERRAME-UNIFORME-EPI'!B:C,2,FALSE) -> 0 | F27: =E27*D27 -> 0
A28: 3.4 | B28: ='1.1 CUSTO FERRAME-UNIFORME-EPI'!B11 -> Ancinho, com cabo/ Gadanho | C28: und | D28: =2*D11 -> 2 | E28: =VLOOKUP(B28,'1.1 CUSTO FERRAME-UNIFORME-EPI'!B:C,2,FALSE) -> #DIV/0! | F28: =E28*D28 -> #DIV/0!
E29: Total 3 | F29: =SUM(F25:F28) -> #DIV/0!
B30: RESUMO DO ITEM
B31: Custo operacional total | C31: R$ / mês | F31: =SUM(F29,F23,F14) -> #DIV/0!
B32: Quantidade estimada | C32: ton/mês | F32: ='1.4 DIM COLETA RSU'!$D$23 -> 1311.7572
B33: Custo unitário sem BDI | C33: R$ / ton | F33: =ROUND(F31/F32,2) -> #DIV/0!
B34: BDI | C34: % | D34: ='BDI '!$C$22 -> 0.0526 | F34: =ROUND(F33*D34,2) -> #DIV/0!
B35: PREÇO FINAL (com BDI) | C35: R$ / ton | F35: =SUM(F33:F34) -> #DIV/0!
A37: 4 | B37: DISPOSIÇÃO FINAL
A38: 4.1 | B38: DISPOSIÇÃO FINAL DOS RSÍDUOS | C38: R$ / ton | D38: ='1.4 DIM COLETA RSU'!$D$23 -> 1311.7572 | E38: ='1.1 REF EQUIPAMENTOS E DIV'!E34 -> #DIV/0! | F38: =E38*D38 -> #DIV/0!
E39: Total 3 | F39: =SUM(F38:F38) -> #DIV/0!
B40: RESUMO DO ITEM
B41: Custo operacional total | C41: R$ / mês | F41: =F39 -> #DIV/0!
B42: Quantidade estimada | C42: ton/mês | F42: ='1.4 DIM COLETA RSU'!$D$23 -> 1311.7572
B43: Custo unitário sem BDI | C43: R$ / ton | F43: =ROUND(F41/F42,2) -> #DIV/0!
B44: BDI | C44: % | D44: ='BDI '!$C$22 -> 0.0526 | F44: =ROUND(F43*D44,2) -> #DIV/0!
B45: PREÇO FINAL (com BDI) | C45: R$ / ton | F45: =SUM(F43:F44) -> #DIV/0!
B47: Custo unitário sem BDI | C47: R$ / ton | F47: =F43+F33 -> #DIV/0!
B48: BDI | C48: % | D48: ='BDI '!$C$22 -> 0.0526 | F48: =ROUND(F47*D48,2) -> #DIV/0!
B49: PREÇO FINAL (com BDI) | C49: R$ / ton | F49: =F45+F35 -> #DIV/0!

Sheet 1.2 MAO DE OBRA
B2: COMPOSIÇÃO DE CUSTOS UNITÁRIOS - PESSOAL
B5: ITENS | C5: DISCRIMINAÇÃO | D5: ENCARREGADO DIURNO
B7: 1.0 | C7: REMUNERAÇÃO, ENCARGOS E BENEFÍCIOS | D7: VALOR | E7: QUANT. | F7: TOTAL
B8: 1.1 | C8: Remuneração
B9: 1.1.1 | C9: Salário | D9: ='1.1 SALÁRIOS'!F25 -> 0 | E9: 1 | F9: =E9*D9 -> 0
B10: 1.1.2 | C10: Adicional de insalubridade | D10: ='1.1 SALÁRIOS'!$F$24 -> 0 | E10: 0.2 | F10: =E10*D10 -> 0
B11: 1.1.3 | C11: Adicional noturno
B12: 1.1.4 | C12: Horas extras com 50%
B13: 1.1.5 | C13: Horas extras com 100%
B14: 1.1.6 | C14: Outros
B15: 1.1.7 | C15: Total (A) | F15: =SUM(F9:F14) -> 0
B16: 1.2 | C16: Encargos sociais (B) | D16: =F15 -> 0 | E16: ='1.1 SALÁRIOS'!$F$33 -> 0 | F16: =E16*D16 -> 0
B17: 1.3 | C17: Remuneração bruta (A + B) | F17: =SUM(F15:F16) -> 0
B18: 1.4 | C18: Benefícios
B19: 1.4.1 | C19: Vale transporte | E19: 26.08 | F19: =E19*D19 -> 0
B20: 1.4.2 | C20: Gratificação | D20: =('1.1 SALÁRIOS'!$F$36+'1.1 SALÁRIOS'!$F$37)/12 -> 0 | E20: 1 | F20: =E20*D20 -> 0
B21: 1.4.3 | C21: Auxilio Alimentação | D21: ='1.1 SALÁRIOS'!$F$38 -> 0 | E21: =E19 -> 26.08 | F21: =E21*D21 -> 0
B22: 1.4.4 | C22: Cesta Básica | D22: ='1.1 SALÁRIOS'!$F$39 -> 0 | E22: 1 | F22: =E22*D22 -> 0
B23: 1.4.5 | C23: Auxilio Saúde | D23: ='1.1 SALÁRIOS'!$F$40 -> 0 | E23: 1 | F23: =E23*D23 -> 0
B24: 1.4.6 | C24: Seguro de Vida | D24: ='1.1 SALÁRIOS'!$F$41 -> 0 | E24: 1 | F24: =E24*D24 -> 0
C25: Total (C) | F25: =SUM(F19:F24) -> 0
B26: 2.0 | C26: UNIFORMES E EPI´s
B27: 2.1 | C27: Boné de brim tipo árabe | D27: =VLOOKUP(C27,'1.1 CUSTO FERRAME-UNIFORME-EPI'!B:C,2,FALSE) -> #DIV/0! | E27: 0.17 | F27: =E27*D27 -> #DIV/0!
B28: 2.2 | C28: Calça jeans | D28: =VLOOKUP(C28,'1.1 CUSTO FERRAME-UNIFORME-EPI'!B:C,2,FALSE) -> #DIV/0! | E28: 0.33 | F28: =E28*D28 -> #DIV/0!
B29: 2.3 | C29: Camisa polo, manga curta | D29: =VLOOKUP(C29,'1.1 CUSTO FERRAME-UNIFORME-EPI'!B:C,2,FALSE) -> #DIV/0! | E29: 0.33 | F29: =E29*D29 -> #DIV/0!
B30: 2.4 | C30: Bota de couro, antiderrapante | D30: =VLOOKUP(C30,'1.1 CUSTO FERRAME-UNIFORME-EPI'!B:C,2,FALSE) -> 0 | E30: 0.17 | F30: =E30*D30 -> 0
C31: Total (D) | F31: =SUM(F27:F30) -> #DIV/0!
B33: 3.0 | C33: Valor total mensal (A + B + C + D) | F33: =SUM(F17,F25,F31) -> #DIV/0!
B36: ITENS | C36: DISCRIMINAÇÃO | D36: ENCARREGADO NOTURNO
B38: 1.0 | C38: REMUNERAÇÃO, ENCARGOS E BENEFÍCIOS | D38: VALOR | E38: QUANT. | F38: TOTAL
B39: 1.1 | C39: Remuneração
B40: 1.1.1 | C40: Salário | D40: ='1.1 SALÁRIOS'!F25 -> 0 | E40: 1 | F40: =E40*D40 -> 0
B41: 1.1.2 | C41: Adicional de insalubridade | D41: ='1.1 SALÁRIOS'!$F$24 -> 0 | E41: 0.2 | F41: =E41*D41 -> 0
B42: 1.1.3 | C42: Adicional noturno | D42: =F40+F41 -> 0 | E42: 0.2 | F42: =E42*D42 -> 0
B43: 1.1.4 | C43: Horas extras com 50%
B44: 1.1.5 | C44: Horas extras com 100%
B45: 1.1.6 | C45: Outros
B46: 1.1.7 | C46: Total (A) | F46: =SUM(F40:F45) -> 0
B47: 1.2 | C47: Encargos sociais (B) | D47: =F46 -> 0 | E47: ='1.1 SALÁRIOS'!$F$33 -> 0 | F47: =E47*D47 -> 0
B48: 1.3 | C48: Remuneração bruta (A + B) | F48: =SUM(F46:F47) -> 0
B49: 1.4 | C49: Benefícios
B50: 1.4.1 | C50: Vale transporte | E50: 26.08 | F50: =E50*D50 -> 0
B51: 1.4.2 | C51: Gratificação | D51: =('1.1 SALÁRIOS'!$F$36+'1.1 SALÁRIOS'!$F$37)/12 -> 0 | E51: 1 | F51: =E51*D51 -> 0
B52: 1.4.3 | C52: Auxilio Alimentação | D52: ='1.1 SALÁRIOS'!$F$38 -> 0 | E52: =E50 -> 26.08 | F52: =E52*D52 -> 0
B53: 1.4.4 | C53: Cesta Básica | D53: ='1.1 SALÁRIOS'!$F$39 -> 0 | E53: 1 | F53: =E53*D53 -> 0
B54: 1.4.5 | C54: Auxilio Saúde | D54: ='1.1 SALÁRIOS'!$F$40 -> 0 | E54: 1 | F54: =E54*D54 -> 0
B55: 1.4.6 | C55: Seguro de Vida | D55: ='1.1 SALÁRIOS'!$F$41 -> 0 | E55: 1 | F55: =E55*D55 -> 0
C56: Total (C) | F56: =SUM(F50:F55) -> 0
B57: 2.0 | C57: UNIFORMES E EPI´s
B58: 2.1 | C58: Boné de brim tipo árabe | D58: =VLOOKUP(C58,'1.1 CUSTO FERRAME-UNIFORME-EPI'!B:C,2,FALSE) -> #DIV/0! | E58: 0.17 | F58: =E58*D58 -> #DIV/0!
B59: 2.2 | C59: Calça jeans | D59: =VLOOKUP(C59,'1.1 CUSTO FERRAME-UNIFORME-EPI'!B:C,2,FALSE) -> #DIV/0! | E59: 0.33 | F59: =E59*D59 -> #DIV/0!
B60: 2.3 | C60: Camisa polo, manga curta | D60: =VLOOKUP(C60,'1.1 CUSTO FERRAME-UNIFORME-EPI'!B:C,2,FALSE) -> #DIV/0! | E60: 0.33 | F60: =E60*D60 -> #DIV/0!
B61: 2.4 | C61: Bota de couro, antiderrapante | D61: =VLOOKUP(C61,'1.1 CUSTO FERRAME-UNIFORME-EPI'!B:C,2,FALSE) -> 0 | E61: 0.17 | F61: =E61*D61 -> 0
C62: Total (D) | F62: =SUM(F58:F61) -> #DIV/0!
B64: 3.0 | C64: Valor total mensal (A + B + C + D) | F64: =SUM(F48,F56,F62) -> #DIV/0!
B67: ITENS | C67: DISCRIMINAÇÃO | D67: MOTORISTA DIURNO - COMPACTADOR COLETA RSU
B69: 1.0 | C69: REMUNERAÇÃO, ENCARGOS E BENEFÍCIOS | D69: VALOR | E69: QUANT. | F69: TOTAL
B70: 1.1 | C70: Remuneração
B71: 1.1.1 | C71: Salário | D71: ='1.1 SALÁRIOS'!$F$26 -> 0 | E71: 1 | F71: =E71*D71 -> 0
B72: 1.1.2 | C72: Adicional de insalubridade | D72: ='1.1 SALÁRIOS'!$F$23 -> 0 | E72: 0.4 | F72: =E72*D72 -> 0
B73: 1.1.3 | C73: Adicional noturno: 20% sobre salário
B74: 1.1.4 | C74: Horas extras com 50%
B75: 1.1.5 | C75: Horas extras com 100%
B76: 1.1.6 | C76: Outros
B77: 1.1.7 | C77: Total (A) | F77: =SUM(F71:F76) -> 0
B78: 1.2 | C78: Encargos sociais (B) | D78: =F77 -> 0 | E78: ='1.1 SALÁRIOS'!$F$33 -> 0 | F78: =E78*D78 -> 0
B79: 1.3 | C79: Remuneração bruta (A + B) | F79: =SUM(F77:F78) -> 0
B80: 1.4 | C80: Benefícios
B81: 1.4.1 | C81: Vale transporte | D81: ='1.1 SALÁRIOS'!$F$35 -> 0 | E81: 26.08 | F81: =IF(2*E81*D81-0.06*D71<0,0,2*E81*D81-0.06*D71) -> 0
B82: 1.4.2 | C82: Gratificação | D82: =('1.1 SALÁRIOS'!$F$36+'1.1 SALÁRIOS'!$F$37)/12 -> 0 | E82: 1 | F82: =E82*D82 -> 0
B83: 1.4.3 | C83: Auxilio Alimentação | D83: ='1.1 SALÁRIOS'!$F$38 -> 0 | E83: =E81 -> 26.08 | F83: =E83*D83 -> 0
B84: 1.4.4 | C84: Cesta Básica | D84: ='1.1 SALÁRIOS'!$F$39 -> 0 | E84: 1 | F84: =E84*D84 -> 0
B85: 1.4.5 | C85: Auxilio Saúde | D85: ='1.1 SALÁRIOS'!$F$40 -> 0 | E85: 1 | F85: =E85*D85 -> 0
B86: 1.4.6 | C86: Seguro de Vida | D86: ='1.1 SALÁRIOS'!$F$41 -> 0 | E86: 1 | F86: =E86*D86 -> 0
B87: 1.4.7 | C87: Total (C) | F87: =SUM(F81:F86) -> 0
B88: 2.0 | C88: UNIFORMES E EPI´s
B89: 2.1 | C89: ='1.1 CUSTO FERRAME-UNIFORME-EPI'!$B$18 -> Boné de brim tipo árabe | D89: =VLOOKUP(C89,'1.1 CUSTO FERRAME-UNIFORME-EPI'!B:C,2,FALSE) -> #DIV/0! | E89: 0.17 | F89: =E89*D89 -> #DIV/0!
B90: 2.2 | C90: ='1.1 CUSTO FERRAME-UNIFORME-EPI'!$B$31 -> Calça jeans | D90: =VLOOKUP(C90,'1.1 CUSTO FERRAME-UNIFORME-EPI'!B:C,2,FALSE) -> #DIV/0! | E90: 0.33 | F90: =E90*D90 -> #DIV/0!
B91: 2.3 | C91: Camisa polo, manga curta | D91: =VLOOKUP(C91,'1.1 CUSTO FERRAME-UNIFORME-EPI'!B:C,2,FALSE) -> #DIV/0! | E91: 0.33 | F91: =E91*D91 -> #DIV/0!
B92: 2.4 | C92: ='1.1 CUSTO FERRAME-UNIFORME-EPI'!$B$33 -> Bota de couro, antiderrapante | D92: =VLOOKUP(C92,'1.1 CUSTO FERRAME-UNIFORME-EPI'!B:C,2,FALSE) -> 0 | E92: 0.17 | F92: =E92*D92 -> 0
B93: 2.5 | C93: Capa de chuva, com capuz | D93: =VLOOKUP(C93,'1.1 CUSTO FERRAME-UNIFORME-EPI'!B:C,2,FALSE) -> 0 | E93: 0.17 | F93: =E93*D93 -> 0
B94: 2.6 | C94: ='1.1 CUSTO FERRAME-UNIFORME-EPI'!$B$22 -> Protetor solar fator 30 (120ml/Mês) | D94: =VLOOKUP(C94,'1.1 CUSTO FERRAME-UNIFORME-EPI'!B:C,2,FALSE) -> 0 | E94: 0.3 | F94: =E94*D94 -> 0
B95: 2.7 | C95: Colete refletor (trabalho noturno) | D95: =VLOOKUP(C95,'1.1 CUSTO FERRAME-UNIFORME-EPI'!B:C,2,FALSE) -> #DIV/0! | E95: 0 | F95: =E95*D95 -> #DIV/0!
B96: 2.8 | C96: ='1.1 CUSTO FERRAME-UNIFORME-EPI'!$B$34 -> Garra Térmica 2L | D96: =VLOOKUP(C96,'1.1 CUSTO FERRAME-UNIFORME-EPI'!B:C,2,FALSE) -> #DIV/0! | E96: 0.08 | F96: =E96*D96 -> #DIV/0!
C97: Total (D) | F97: =SUM(F89:F96) -> #DIV/0!
B99: 3.0 | C99: Valor total mensal (A + B + C + D) | F99: =SUM(F97,F87,F79) -> #DIV/0!
B102: ITENS | C102: DISCRIMINAÇÃO | D102: MOTORISTA DIURNO - COLETA RSU
B104: 1.0 | C104: REMUNERAÇÃO, ENCARGOS E BENEFÍCIOS | D104: VALOR | E104: QUANT. | F104: TOTAL
B105: 1.1 | C105: Remuneração
B106: 1.1.1 | C106: Salário | D106: ='1.1 SALÁRIOS'!$F$27 -> 0 | E106: 1 | F106: =E106*D106 -> 0
B107: 1.1.2 | C107: Adicional de insalubridade | D107: ='1.1 SALÁRIOS'!$F$23 -> 0 | E107: 0.4 | F107: =E107*D107 -> 0
B108: 1.1.3 | C108: Adicional noturno: 20% sobre salário
B109: 1.1.4 | C109: Horas extras com 50%
B110: 1.1.5 | C110: Horas extras com 100%
B111: 1.1.6 | C111: Outros
B112: 1.1.7 | C112: Total (A) | F112: =SUM(F106:F111) -> 0
B113: 1.2 | C113: Encargos sociais (B) | D113: =F112 -> 0 | E113: ='1.1 SALÁRIOS'!$F$33 -> 0 | F113: =E113*D113 -> 0
B114: 1.3 | C114: Remuneração bruta (A + B) | F114: =SUM(F112:F113) -> 0
B115: 1.4 | C115: Benefícios
B116: 1.4.1 | C116: Vale transporte | D116: ='1.1 SALÁRIOS'!$F$35 -> 0 | E116: 26.08 | F116: =IF(2*E116*D116-0.06*D106<0,0,2*E116*D116-0.06*D106) -> 0
...

Sheet 1.3 EQUIP. VEICULOS
A2: TABELA DE CUSTOS UNITÁRIOS - VEÍCULOS E EQUIPAMENTOS
A6: ITENS | B6: DISCRIMINAÇÃO | C6: COMPACTADOR 15M3 - 1 TURNO | D6: COMPACTADOR RESERVA | H6: COMPACTADOR 15M3 - 2 TURNOS
C7: Valores (R$) | D7: Valores (R$) | H7: Valores (R$)
A8: A | B8: DEPRECIAÇÃO | C8: =(C9-C10)/D39/12 -> #DIV/0! | D8: =(D9-D10)/D39/12 -> #DIV/0! | H8: =(H9-H10)/C39/12 -> #DIV/0!
A9: A1 | B9: CUSTO DE AQUISIÇÃO | C9: ='1.1 REF EQUIPAMENTOS E DIV'!E11+'1.1 REF EQUIPAMENTOS E DIV'!E4 -> #DIV/0! | D9: ='1.1 REF EQUIPAMENTOS E DIV'!E11+'1.1 REF EQUIPAMENTOS E DIV'!E5 -> #DIV/0! | H9: ='1.1 REF EQUIPAMENTOS E DIV'!E11+'1.1 REF EQUIPAMENTOS E DIV'!E4 -> #DIV/0!
A10: A2 | B10: VALOR RESIDUAL | C10: =C9*D38 -> #DIV/0! | D10: =D9*D38 -> #DIV/0! | H10: =H9*C38 -> #DIV/0!
A12: B | B12: OPORTUNIDADE DE CAPITAL | C12: =C14*D40/12 -> #DIV/0! | D12: =D14*D40/12 -> #DIV/0! | H12: =H14*C40/12 -> #DIV/0!
A13: B1 | B13: CUSTO DE AQUISIÇÃO | C13: =C9 -> #DIV/0! | D13: =D9 -> #DIV/0! | H13: =H9 -> #DIV/0!
A14: B2 | B14: INVESTIMENTO MÉDIO | C14: =(C9-C10)*((1+D39)/(2*D39))/1.25 -> #DIV/0! | D14: =(D9-D10)*((1+D39)/(2*D39))/1.25 -> #DIV/0! | H14: =(H9-H10)*((1+C39)/(2*C39))/1.25 -> #DIV/0!
A16: C | B16: COMBUSTÍVEL | C16: =C21*7.33*26.08 -> 0 | D16: =D21*7.33*26.08 -> 0 | H16: =H21*7.33*26.08*2 -> 0
A17: C1 | B17: CONSUMO DE ÓLEO DIESEL/H TRABALHADA | C17: =0.11*277*0.735 -> 22.39545 | H17: =0.099*200 -> 19.8
B19: CUSTO/LITRO ÓLEO DIESEL | C19: ='1.1 REF EQUIPAMENTOS E DIV'!$E$38 -> 0 | H19: ='1.1 REF EQUIPAMENTOS E DIV'!$E$38 -> 0
A21: C2 | B21: CUSTO/HORA ÓLEO DIESEL | C21: =C19*C17 -> 0 | D21: =D19*D17 -> 0 | H21: =H19*H17 -> 0
A22: D | B22: LUBRIFICANTES | C22: =C25 -> 0 | D22: =D25 -> 0 | H22: =H25 -> 0
A23: D1 | B23: CONSUMO DE LUBRIFICANTES | C23: 0.1 | D23: 0.1 | H23: 0.1
A25: D2 | B25: CUSTO LUBRIFICANTES | C25: =C23*C16 -> 0 | D25: =D23*D16 -> 0 | H25: =H23*H16 -> 0
A27: F | B27: MANUTENÇÃO, IMPOSTOS E SEGUROS | C27: =C33 -> #DIV/0! | D27: =D33 -> #DIV/0! | H27: =H33 -> #DIV/0!
A28: F1 | B28: DEPRECIAÇÃO/HORA | C28: =C8 -> #DIV/0! | D28: =D8 -> #DIV/0! | H28: =H8 -> #DIV/0!
A30: F2 | B30: COEFICIENTE DE MANUTENÇÃO | C30: 0.9 | D30: 0 | H30: 0.9
A31: F3 | B31: SEGUROS E IMPOSTOS | C31: 0.025 | D31: 0.025 | H31: 0.025
A33: F4 | B33: CUSTO MANUTENÇÃO | C33: =(C30+C31)*C28 -> #DIV/0! | D33: =(D30+D31)*D28 -> #DIV/0! | H33: =(H30+H31)*H28 -> #DIV/0!
A34: G | B34: GPS | C34: ='1.1 REF EQUIPAMENTOS E DIV'!$E$35 -> #DIV/0! | D34: ='1.1 REF EQUIPAMENTOS E DIV'!$E$35 -> #DIV/0! | H34: ='1.1 REF EQUIPAMENTOS E DIV'!$E$35 -> #DIV/0!
B35: CUSTO MENSAL | C35: =C27++C22+C16+C12+C8+C34 -> #DIV/0! | D35: =D27++D22+D16+D12+D8+D34 -> #DIV/0! | H35: =H27++H22+H16+H12+H8+H34 -> #DIV/0!
B38: VALOR RESIDUAL | C38: 0.4 | D38: 0.4 | E38: 0.4
B39: VIDA UTIL | C39: 5 | D39: 5 | E39: 5
B40: TAXA DE JUROS AO ANO | C40: 0.1325 | D40: 0.1325 | E40: 0.1325
A43: ITENS | B43: DISCRIMINAÇÃO | C43: PICAPE | D43: PICAPE - RESERVA | E43: UTILITARIO
C44: Valores (R$) | D44: Valores (R$) | E44: Valores (R$)
A45: A | B45: DEPRECIAÇÃO | C45: =(C46-C47)/C76/12 -> 0 | D45: =(D46-D47)/D76/12 -> 0 | E45: =(E46-E47)/E76/12 -> 0
A46: A1 | B46: CUSTO DE AQUISIÇÃO | C46: ='1.1 REF EQUIPAMENTOS E DIV'!E17 -> 0 | D46: ='1.1 REF EQUIPAMENTOS E DIV'!E17 -> 0 | E46: ='1.1 REF EQUIPAMENTOS E DIV'!E19 -> 0
A47: A2 | B47: VALOR RESIDUAL | C47: =C46*C75 -> 0 | D47: =D46*D75 -> 0 | E47: =E46*E75 -> 0
A49: B | B49: OPORTUNIDADE DE CAPITAL | C49: =C51*C77/12 -> 0 | D49: =D51*D77/12 -> 0 | E49: =E51*E77/12 -> 0
A50: B1 | B50: CUSTO DE AQUISIÇÃO | C50: =C46 -> 0 | D50: =D46 -> 0 | E50: =E46 -> 0
A51: B2 | B51: INVESTIMENTO MÉDIO | C51: =(C46-C47)*((1+C76)/(2*C76))/1.25 -> 0 | D51: =(D46-D47)*((1+D76)/(2*D76))/1.25 -> 0 | E51: =(E46-E47)*((1+E76)/(2*E76))/1.25 -> 0
A53: C | B53: COMBUSTÍVEL | C53: =C58*5*26.08 -> 0 | D53: =D58*7.33*26.08 -> 0 | E53: =E58*2*26.08*2 -> 0
A54: C1 | B54: CONSUMO DE ÓLEO DIESEL/H TRABALHADA | C54: =160*0.735*0.07 -> 8.232 | E54: =80*0.735*0.07 -> 4.116
B56: CUSTO/LITRO ÓLEO DIESEL | C56: ='1.1 REF EQUIPAMENTOS E DIV'!$E$38 -> 0 | E56: ='1.1 REF EQUIPAMENTOS E DIV'!$E$39 -> 0
A58: C2 | B58: CUSTO/HORA ÓLEO DIESEL | C58: =C56*C54 -> 0 | D58: =D56*D54 -> 0 | E58: =E56*E54 -> 0
A59: D | B59: LUBRIFICANTES | C59: =C62 -> 0 | D59: =D62 -> 0 | E59: =E62 -> 0
A60: D1 | B60: CONSUMO DE LUBRIFICANTES | C60: 0.1 | D60: 0.1 | E60: 0.1
A62: D2 | B62: CUSTO LUBRIFICANTES | C62: =C60*C53 -> 0 | D62: =D60*D53 -> 0 | E62: =E60*E53 -> 0
A64: F | B64: MANUTENÇÃO, IMPOSTOS E SEGUROS | C64: =C70 -> 0 | D64: =D70 -> 0 | E64: =E70 -> 0
A65: F1 | B65: DEPRECIAÇÃO/HORA | C65: =C45 -> 0 | D65: =D45 -> 0 | E65: =E45 -> 0
A67: F2 | B67: COEFICIENTE DE MANUTENÇÃO | C67: 0.6 | D67: 0 | E67: 0.6
A68: F3 | B68: SEGUROS E IMPOSTOS | C68: 0.025 | D68: 0.025 | E68: 0.025
A70: F4 | B70: CUSTO MANUTENÇÃO | C70: =(C67+C68)*C65 -> 0 | D70: =(D67+D68)*D65 -> 0 | E70: =(E67+E68)*E65 -> 0
A71: G | B71: GPS | C71: ='1.1 REF EQUIPAMENTOS E DIV'!$E$35 -> #DIV/0! | D71: ='1.1 REF EQUIPAMENTOS E DIV'!$E$35 -> #DIV/0! | E71: ='1.1 REF EQUIPAMENTOS E DIV'!$E$35 -> #DIV/0!
B72: CUSTO MENSAL | C72: =C64++C59+C53+C49+C45+C71 -> #DIV/0! | D72: =D64++D59+D53+D49+D45+D71 -> #DIV/0! | E72: =E64++E59+E53+E49+E45+E71 -> #DIV/0!
B75: VALOR RESIDUAL | C75: 0.4 | D75: 0.4 | E75: 0.4
B76: VIDA UTIL | C76: 4.9999499 | D76: 4.9999499 | E76: 4.9999499
B77: TAXA DE JUROS AO ANO | C77: 0.1325 | D77: 0.1325 | E77: 0.1325
A80: ITENS | B80: DISCRIMINAÇÃO | C80: CAIXA ESTACIONÁRIA DE 1,2 m3
C81: Valores (R$)
A82: A | B82: DEPRECIAÇÃO | C82: =(C83-C84)/12/C113 -> #DIV/0!
A83: A1 | B83: CUSTO DE AQUISIÇÃO | C83: ='1.1 REF EQUIPAMENTOS E DIV'!$E$25 -> #DIV/0!
A84: A2 | B84: VALOR RESIDUAL | C84: =C83*C112 -> #DIV/0!
A86: B | B86: OPORTUNIDADE DE CAPITAL | C86: =C88/12*C114 -> #DIV/0!
A87: B1 | B87: CUSTO DE AQUISIÇÃO | C87: =C83 -> #DIV/0!
A88: B2 | B88: INVESTIMENTO MÉDIO | C88: =(C83-C84)*((1+C113)/(2*C113))/1.25 -> #DIV/0!
A90: C | B90: COMBUSTÍVEL | C90: =C95*7.33*26.08 -> 0
A91: C1 | B91: CONSUMO DE ÓLEO DIESEL/H TRABALHADA
B93: CUSTO/LITRO ÓLEO DIESEL
A95: C2 | B95: CUSTO/HORA ÓLEO DIESEL | C95: =C93*C91 -> 0
A96: D | B96: LUBRIFICANTES | C96: =C99 -> 0
A97: D1 | B97: CONSUMO DE LUBRIFICANTES | C97: 0.1
A99: D2 | B99: CUSTO LUBRIFICANTES | C99: =C97*C90 -> 0
A101: F | B101: MANUTENÇÃO, IMPOSTOS E SEGUROS | C101: =C102*C104 -> #DIV/0!
A102: F1 | B102: DEPRECIAÇÃO/HORA | C102: =C82 -> #DIV/0!
A104: F2 | B104: COEFICIENTE DE MANUTENÇÃO | C104: 0.8
A105: F3 | B105: SEGUROS E IMPOSTOS | C105: 0
A107: F4 | B107: CUSTO MANUTENÇÃO | C107: =(C104+C105)*C102 -> #DIV/0!
A108: G | B108: GPS
B109: CUSTO MENSAL | C109: =C101++C96+C90+C86+C82+C108 -> #DIV/0!
B112: VALOR RESIDUAL | C112: 0.3
B113: VIDA UTIL | C113: 2.5
B114: TAXA DE JUROS AO ANO | C114: 0.1325

Sheet 1.4 DIM COLETA RSU
A1: PROJETO BÁSICO
A2: DIMENSIONAMENTO DA COLETA DE RESÍDUOS SÓLIDOS URBANOS
A3: ITEM | B3: FREQUENCIA | C3: EXTENSÃO DAS VIAS (KM) | D3: EXTENSÃO PERCORRIDA POR MÊS DIURNO (KM) | E3: EXTENSÃO PERCORRIDA POR MÊS NOTURNO (KM)
A4: 1 | B4: DIARIO (VESPERTINO) | C4: 54.916 | D4: ="-" -> - | E4: =(26.08/1)*C4 -> 1432.2093
A5: 2 | B5: ALTERNADO 3X (MATUTINO) | C5: 71.108 | D5: =(26.08/2)*C5 -> 927.24832 | E5: ="-" -> -
A6: 3 | B6: ALTERNADO 3X (MATUTINO) | C6: =C8-C4-C5 -> 182.121 | D6: =(26.08/2)*C6 -> 2374.8578 | E6: ="-" -> -
A8: EXTENSÃO VIAS (KM) | C8: 308.145 | D8: =SUM(D4:D7) -> 3302.1062 | E8: =SUM(E4:E7) -> 1432.2093
A9: EXTENSÃO VIAS (KM) | D9: =D8+E8 -> 4734.3154
D10: =D8/D9 -> 0.69748334 | E10: =E8/D9 -> 0.30251666
G12: 45292 | H12: 1449.09
A13: RESUMO | G13: 45323 | H13: 1270.73
A14: DIAS TRABALHADOS TRABALHADOS AO MÊS | D14: 26.08 | G14: 45352 | H14: 1259.22
A15: EXTENSÃO DO PERCURSO- DIURNO (KM/DIA ) | D15: =D8/D14 -> 126.6145 | G15: 45383 | H15: 1292.3
A16: EXTENSÃO DO PERCURSO- NOTURNO (KM/DIA ) | D16: =E8/D14 -> 54.916 | G16: 45413 | H16: 1279.9
A17: MASSA DE RESÍDUOS SÓLIDOS | G17: 45444 | H17: 1217.12
A18: POPULAÇÃO ( CENSO IBGE 2022) | D18: 84087 | G18: 45474 | H18: 1238.94
A19: POPULAÇÃO ATENDIDA | D19: =D18 -> 84087 | G19: 45505 | H19: 1210.1
A20: ÍNDICE DE GERAÇÃO DE RESÍDUOS KG/HAB.DIA | D20: 0.52 | G20: 45536 | H20: 1160.57
A21: TOTAL RESÍDUOS GERADOS DIA (KG) | D21: =D20*D19 -> 43725.24 | G21: 45566 | H21: 1301.3
A22: TOTAL RESÍDUOS GERADOS MÊS (KG) | D22: =D21*30 -> 1311757.2 | G22: 45597 | H22: 1305.26
A23: TOTAL RESÍDUOS GERADOS MÊS (TON) | D23: =D22/1000 -> 1311.7572 | G23: 45627 | H23: 1518.29
A24: DIAS ÚTEIS MÊS | D24: =D14 -> 26.08
A25: TOTAL RESÍDUOS COLETADOS (TON/DIA) | D25: =ROUND(D23/D24,3) -> 50.297
A26: TOTAL RESÍDUOS COLETA - DIURNO (TON/DIA) ADOTADO 50% DA QUANTIDADE GERADA POR DIA | D26: =D25*0.5 -> 25.1485
A27: TOTAL RESÍDUOS COLETA NOTURNO (TON/DIA) ADOTADO 50% DA QUANTIDADE GERADA POR DIA | D27: =D25*0.5 -> 25.1485
A28: DIURNO
A29: CAPACIDADE DE CARGA DO CAMINHÃO ( C )
A30: PESO APARENTE DO LIXO (KG/ M³) | C30: 250
A31: ÍNDICE DE COMPACTAÇÃO | C31: 3
A32: CAPACIDADE NOMINAL ( M³ ) | C32: 15
A33: CAPACIDADE REAL (M³) | C33: =0.7*C32 -> 10.5
A34: C (TON) | C34: =(C30*C31*C33)/1000 -> 7.875
A35: TEMPO DE VIAGEM PARA DESCARGA ( TV )
A36: DISTÂNCIA MÉDIA DO CENTRO GERADOR ATÉ O LOCAL DE DESCARGA ( KM ) | C36: 25
A37: VELOCIDADE DE TRANSPORTE ATÉ O LOCAL DE DESCARGA ( KM/H ) | C37: 50
A38: TEMPO NECESSÁRIO PARA PESAGEM E DESCARGA ( H ) | C38: 0.333
A39: TV ( H ) | C39: =((2*C36)/C37)+C38 -> 1.333
A40: QUANTIDADE DE VIAJENS ( NV )
A41: MASSA DE RESÍDUOS SÓLIDOS (TON/ DIA) | C41: =D26 -> 25.1485
A42: VELOCIDADE MÉDIA DE COLETA (KM/H ) | C42: 6.5
A43: JORNADA DE TRABALHO ( H ) | C43: 7.33
A44: EXT. VIAS ATENDIDAS NO TURNO (KM/DIA) | C44: =D15 -> 126.6145
A45: CAPACIDADE DE CARGA DO CAMINHÃO ( T ) | C45: =C34 -> 7.875
A46: TEMPO DE VIAGEM PARA A DESCARGA (H) | C46: =C39 -> 1.333
A47: NV | C47: =((C41*C42*C43)/((C44*C45)+(C41*C42*C46))) -> 0.98618252 | E47: =C47 -> 0.98618252 | F47: =2*E47*25 -> 49.309126
A48: QUANTIDADE DE VEÍCULOS ( QV ) | E48: =C78 -> 1.9458708 | F48: =2*E48*25 -> 97.293539
A49: QUANT. DIÁRIA DE LIXO COLETADO (TON/DIA) | C49: =C41 -> 25.1485 | F49: =SUM(F47:F48) -> 146.60266
A50: NÚMERO DE VIAGENS POR TURNO | C50: =C47 -> 0.98618252 | F50: =1.2*D9 -> 5681.1785
A51: CAPACIDADE DE CARGA DO CAMINHÃO (TON) | C51: =C34 -> 7.875 | F51: =F50+F49 -> 5827.7812
A52: QUANTIDADE DE VEÍCULOS CALCULADA | C52: =((C49)/(C50*C51)) -> 3.2382042 | F52: =F51/26.08/6 -> 37.242978
A53: QDADE DE VEÍCULOS DIURNO | C53: =_xlfn.CEILING.MATH(C52,1) -> 4
A54: QUANTIDADE DE VEÍCULOS RESERVA | C54: =ROUNDUP(0.1*C53,0) -> 1 | F54: =40*26.08*6 -> 6259.2
A55: QDADE DE GARI COLETOR DIURNO | C55: =C53*3 -> 12
A56: QDADE DE MOTORISTAS DIURNO | C56: =C53 -> 4
A57: QDADE DE COLETOR RESERVA DIURNO | C57: 3
A58: QDADE DE MOTORISTAS RESERVA DIURNO | C58: =ROUNDUP(0.15*C56,0) -> 1 | F58: 17125.39
A59: DIURNO | F59: =F58/26.08 -> 656.64839
A60: CAPACIDADE DE CARGA DO CAMINHÃO ( C ) | F60: =F59/5 -> 131.32968
A61: PESO APARENTE DO LIXO (KG/ M³) | C61: 230
A62: ÍNDICE DE COMPACTAÇÃO | C62: 3
A63: CAPACIDADE NOMINAL ( M³ ) | C63: 15
A64: CAPACIDADE REAL (M³) | C64: =0.7*C63 -> 10.5
A65: C (TON) | C65: =(C61*C62*C64)/1000 -> 7.245
A66: TEMPO DE VIAGEM PARA DESCARGA ( TV )
A67: DISTÂNCIA MÉDIA DO CENTRO GERADOR ATÉ O LOCAL DE DESCARGA ( KM ) | C67: 25
A68: VELOCIDADE DE TRANSPORTE ATÉ O LOCAL DE DESCARGA ( KM/H ) | C68: 50
A69: TEMPO NECESSÁRIO P/ PESAGEM E DESCARGA ( H ) | C69: 0.333
A70: TV ( H ) | C70: =((2*C67)/C68)+C69 -> 1.333
A71: QUANTIDADE DE VIAJENS ( NV )
A72: MASSA DE RESÍDUOS SÓLIDOS (TON/ DIA) | C72: =D27 -> 25.1485
A73: VELOCIDADE MÉDIA DE COLETA (KM/H) | C73: 6.5
A74: JORNADA DE TRABALHO ( H ) | C74: 7.33
A75: EXT. VIAS ATENDIDAS NO TURNO (KM/DIA) | C75: =D16 -> 54.916
A76: CAPACIDADE DE CARGA DO CAMINHÃO ( T ) | C76: =C65 -> 7.245
A77: TEMPO DE VIAGEM PARA A DESCARGA (H) | C77: =C70 -> 1.333
A78: NV | C78: =((C72*C73*C74)/((C75*C76)+(C72*C73*C77))) -> 1.9458708
A79: QUANTIDADE DE VEÍCULOS ( QV )
A80: QUANT. DIÁRIA DE LIXO COLETADO (TON/DIA) | C80: =C72 -> 25.1485
A81: NÚMERO DE VIAGENS POR TURNO | C81: =C78 -> 1.9458708
A82: CAPACIDADE DE CARGA DO CAMINHÃO (TON) | C82: =C65 -> 7.245
A83: QUANTIDADE DE VEÍCULOS CALCULADA | C83: =((C80)/(C81*C82)) -> 1.7838556
A84: QDADE DE VEÍCULOS NOTURNO | C84: =_xlfn.CEILING.MATH(C83,1) -> 2
A85: QDADE DE GARI COLETOR NOTURNO | C85: =C84*3 -> 6
A86: QDADE DE MOTORISTAS NOTURNO | C86: =C84 -> 2
A87: QDADE DE COLETOR RESERVA NOTURNO | C87: 0
A88: QDADE DE MOTORISTAS RESERVA NOTURNO | C88: 0
A90: COLETA DIFÍCIL ACESSO COM PICAPE
A91: QDADE DE VEÍCULOS DIURNO | C91: 1
A92: QUANTIDADE DE VEÍCULOS RESERVA | C92: 1
A93: QDADE DE GARI COLETOR DIURNO | C93: =C91*2 -> 2
A94: QDADE DE MOTORISTAS DIURNO | C94: =C91 -> 1
A95: QDADE DE COLETOR RESERVA DIURNO | C95: =ROUND(0.15*C93,0) -> 0
A96: QDADE DE MOTORISTAS RESERVA DIURNO | C96: =ROUND(0.15*C94,0) -> 0
B100: RESUMO DIMENSIONAMENTO
B102: MÃO DE OBRA
B104: CATEGORIA | C104: DIMENSIONAMENTO
B105: COLETOR MATUTINO | C105: =C55+C57 -> 15
B106: COLETOR VESPERTINO | C106: =C85+C87 -> 6
B107: MOTORISTA MATUTINO | C107: =C56+C58 -> 5
B108: MOTORISTA VESPERTINO | C108: =C86+C88 -> 2
...

Sheet 2.1 COLETA SELETIVA
A2: COMPOSIÇÃO DE PREÇOS UNITÁRIOS DE SERVIÇO
A4: ='ORÇAMENTO GERAL'!B8 -> Coleta Seletiva de Resíduos Reciclaveis
E5: Unidade: | F5: Equipe
A6: ITENS | B6: DISCRIMINAÇÃO | C6: UNIDADE / MÊS | D6: QUANT. | E6: VALOR UNITÁRIO | F6: VALOR TOTAL
A7: 1 | B7: EQUIPAMENTOS
A8: 1.1 | B8: Caminhão Baú Coleta Seletiva | C8: und | D8: 3 | E8: ='2.3 EQUIP. VEICULOS'!C35 -> #DIV/0! | F8: =E8*D8 -> #DIV/0!
A9: 1.2 | B9: Caminhão Baú Coleta Seletiva - Frota Reserva | C9: und | D9: 1 | E9: ='2.3 EQUIP. VEICULOS'!D35 -> #DIV/0! | F9: =E9*D9 -> #DIV/0! | N9: são 3 equipes
E10: Total 1 | F10: =SUM(F8:F9) -> #DIV/0! | N10: caminhão baú
A11: 2 | B11: MÃO DE OBRA:
A12: 2.1 | B12: Coletor Diurno | C12: mês | D12: ='2.4 DIM SELETIVA'!C63 -> 10 | E12: ='2.2 MAO DE OBRA'!F73 -> #DIV/0! | F12: =E12*D12 -> #DIV/0!
A13: 2.3 | B13: Motorista Diurno | C13: mês | D13: ='2.4 DIM SELETIVA'!C65 -> 4 | E13: ='2.2 MAO DE OBRA'!F36 -> #DIV/0! | F13: =E13*D13 -> #DIV/0!
E14: Total 2 | F14: =SUM(F12:F13) -> #DIV/0!
A15: 3 | B15: FERRAMENTAS
A16: 3.1 | B16: Pá quadrada, com cabo | C16: und | D16: =D8 -> 3 | E16: =VLOOKUP(B16,'1.1 CUSTO FERRAME-UNIFORME-EPI'!B:C,2,FALSE) -> #DIV/0! | F16: =E16*D16 -> #DIV/0!
A17: 3.2 | B17: Vassoura de piaçava 28 furos, com cabo | C17: und | D17: =2*(D8) -> 6 | E17: =VLOOKUP(B17,'1.1 CUSTO FERRAME-UNIFORME-EPI'!B:C,2,FALSE) -> 0 | F17: =E17*D17 -> 0
A18: 3.3 | B18: Cone de sinalização | C18: und | D18: =D8 -> 3 | E18: =VLOOKUP(B18,'1.1 CUSTO FERRAME-UNIFORME-EPI'!B:C,2,FALSE) -> 0 | F18: =E18*D18 -> 0
E19: Total 3 | F19: =SUM(F16:F18) -> #DIV/0! | H19: =F19/F14 -> #DIV/0!
B20: RESUMO DO ITEM
B21: Custo operacional total | C21: R$ / mês | F21: =SUM(F19,F14,F10) -> #DIV/0!
B22: Quantidade estimada | C22: Equipes/Mês | F22: 3
B23: Custo unitário sem BDI | C23: R$ / Equipe | F23: =ROUND(F21/F22,2) -> #DIV/0!
B24: BDI | C24: % | D24: ='BDI '!$C$22 -> 0.0526 | F24: =ROUND(F23*D24,2) -> #DIV/0!
B25: PREÇO FINAL (com BDI) | C25: R$ / Equipe | F25: =SUM(F23:F24) -> #DIV/0!

Sheet 2.2 MAO DE OBRA
B1: COMPOSIÇÃO DE CUSTOS UNITÁRIOS - PESSOAL
B4: ITENS | C4: DISCRIMINAÇÃO | D4: MOTORISTA DIURNO - COLETA SELETIVA
B6: 1.0 | C6: REMUNERAÇÃO, ENCARGOS E BENEFÍCIOS | D6: VALOR | E6: QUANT. | F6: TOTAL
B7: 1.1 | C7: Remuneração
B8: 1.1.1 | C8: Salário | D8: ='1.1 SALÁRIOS'!$F$26 -> 0 | E8: 1 | F8: =E8*D8 -> 0
B9: 1.1.2 | C9: Adicional de insalubridade | D9: ='1.1 SALÁRIOS'!$F$23 -> 0 | E9: 0.2 | F9: =E9*D9 -> 0
B10: 1.1.3 | C10: Adicional noturno: 20% sobre salário
B11: 1.1.4 | C11: Horas extras com 50%
B12: 1.1.5 | C12: Horas extras com 100%
B13: 1.1.6 | C13: Outros
B14: 1.1.7 | C14: Total (A) | F14: =SUM(F8:F13) -> 0
B15: 1.2 | C15: Encargos sociais (B) | D15: =F14 -> 0 | E15: ='1.1 SALÁRIOS'!$F$33 -> 0 | F15: =E15*D15 -> 0
B16: 1.3 | C16: Remuneração bruta (A + B) | F16: =SUM(F14:F15) -> 0
B17: 1.4 | C17: Benefícios
B18: 1.4.1 | C18: Vale transporte | D18: ='1.1 SALÁRIOS'!$F$35 -> 0 | E18: 25.25 | F18: =IF(2*E18*D18-0.06*D8<0,0,2*E18*D18-0.06*D8) -> 0
B19: 1.4.2 | C19: Gratificação | D19: =('1.1 SALÁRIOS'!$F$36+'1.1 SALÁRIOS'!$F$37)/12 -> 0 | E19: 1 | F19: =E19*D19 -> 0
B20: 1.4.3 | C20: Auxilio Alimentação | D20: ='1.1 SALÁRIOS'!$F$38 -> 0 | E20: =E18 -> 25.25 | F20: =E20*D20 -> 0
B21: 1.4.4 | C21: Cesta Básica | D21: ='1.1 SALÁRIOS'!$F$39 -> 0 | E21: 1 | F21: =E21*D21 -> 0
B22: 1.4.5 | C22: Auxilio Saúde | D22: ='1.1 SALÁRIOS'!$F$40 -> 0 | E22: 1 | F22: =E22*D22 -> 0
B23: 1.4.6 | C23: Seguro de Vida | D23: ='1.1 SALÁRIOS'!$F$41 -> 0 | E23: 1 | F23: =E23*D23 -> 0
B24: 1.4.7 | C24: Total (C) | F24: =SUM(F18:F23) -> 0
B25: 2.0 | C25: UNIFORMES E EPI´s
B26: 2.1 | C26: ='1.1 CUSTO FERRAME-UNIFORME-EPI'!$B$18 -> Boné de brim tipo árabe | D26: =VLOOKUP(C26,'1.1 CUSTO FERRAME-UNIFORME-EPI'!B:C,2,FALSE) -> #DIV/0! | E26: 0.17 | F26: =E26*D26 -> #DIV/0!
B27: 2.2 | C27: ='1.1 CUSTO FERRAME-UNIFORME-EPI'!$B$31 -> Calça jeans | D27: =VLOOKUP(C27,'1.1 CUSTO FERRAME-UNIFORME-EPI'!B:C,2,FALSE) -> #DIV/0! | E27: 0.33 | F27: =E27*D27 -> #DIV/0!
B28: 2.3 | C28: Camisa polo, manga curta | D28: =VLOOKUP(C28,'1.1 CUSTO FERRAME-UNIFORME-EPI'!B:C,2,FALSE) -> #DIV/0! | E28: 0.33 | F28: =E28*D28 -> #DIV/0!
B29: 2.4 | C29: ='1.1 CUSTO FERRAME-UNIFORME-EPI'!$B$33 -> Bota de couro, antiderrapante | D29: =VLOOKUP(C29,'1.1 CUSTO FERRAME-UNIFORME-EPI'!B:C,2,FALSE) -> 0 | E29: 0.17 | F29: =E29*D29 -> 0
B30: 2.5 | C30: Capa de chuva, com capuz | D30: =VLOOKUP(C30,'1.1 CUSTO FERRAME-UNIFORME-EPI'!B:C,2,FALSE) -> 0 | E30: 0.17 | F30: =E30*D30 -> 0
B31: 2.6 | C31: ='1.1 CUSTO FERRAME-UNIFORME-EPI'!$B$22 -> Protetor solar fator 30 (120ml/Mês) | D31: =VLOOKUP(C31,'1.1 CUSTO FERRAME-UNIFORME-EPI'!B:C,2,FALSE) -> 0 | E31: 0.3 | F31: =E31*D31 -> 0
B32: 2.7 | C32: Colete refletor (trabalho noturno) | D32: =VLOOKUP(C32,'1.1 CUSTO FERRAME-UNIFORME-EPI'!B:C,2,FALSE) -> #DIV/0! | E32: 0 | F32: =E32*D32 -> #DIV/0!
B33: 2.8 | C33: ='1.1 CUSTO FERRAME-UNIFORME-EPI'!$B$34 -> Garra Térmica 2L | D33: =VLOOKUP(C33,'1.1 CUSTO FERRAME-UNIFORME-EPI'!B:C,2,FALSE) -> #DIV/0! | E33: 0.08 | F33: =E33*D33 -> #DIV/0!
C34: Total (D) | F34: =SUM(F26:F33) -> #DIV/0!
B36: 3.0 | C36: Valor total mensal (A + B + C + D) | F36: =SUM(F34,F24,F16) -> #DIV/0!
B39: ITENS | C39: DISCRIMINAÇÃO | D39: COLETOR DIURNO
B41: 1.0 | C41: REMUNERAÇÃO, ENCARGOS E BENEFÍCIOS | D41: VALOR | E41: QUANT. | F41: TOTAL
B42: 1.1 | C42: Remuneração
B43: 1.1.1 | C43: Salário | D43: ='1.1 SALÁRIOS'!$F$6 -> 0 | E43: 1 | F43: =E43*D43 -> 0
B44: 1.1.2 | C44: Adicional de insalubridade | D44: ='1.1 SALÁRIOS'!$F$23 -> 0 | E44: 0.2 | F44: =E44*D44 -> 0
B45: 1.1.3 | C45: Adicional noturno: 20% sobre salário
B46: 1.1.4 | C46: Horas extras com 50%
B47: 1.1.5 | C47: Horas extras com 100%
B48: 1.1.6 | C48: Outros
C49: Total (A) | F49: =SUM(F43:F48) -> 0
B50: 1.2 | C50: Encargos sociais (B) | D50: =F49 -> 0 | E50: ='1.1 SALÁRIOS'!$F$33 -> 0 | F50: =E50*D50 -> 0
B51: 1.3 | C51: Remuneração bruta (A + B) | F51: =SUM(F49:F50) -> 0
B52: 1.4 | C52: Benefícios
B53: 1.4.1 | C53: Vale transporte | D53: ='1.1 SALÁRIOS'!$F$35 -> 0 | E53: 25.25 | F53: =IF(2*E53*D53-0.06*D43<0,0,2*E53*D53-0.06*D43) -> 0
B54: 1.4.2 | C54: Gratificação | D54: =('1.1 SALÁRIOS'!$F$36+'1.1 SALÁRIOS'!$F$37)/12 -> 0 | E54: 1 | F54: =E54*D54 -> 0
B55: 1.4.3 | C55: Auxilio Alimentação | D55: ='1.1 SALÁRIOS'!$F$38 -> 0 | E55: =E53 -> 25.25 | F55: =E55*D55 -> 0
B56: 1.4.4 | C56: Cesta Básica | D56: ='1.1 SALÁRIOS'!$F$39 -> 0 | E56: 1 | F56: =E56*D56 -> 0
B57: 1.4.5 | C57: Auxilio Saúde | D57: ='1.1 SALÁRIOS'!$F$40 -> 0 | E57: 1 | F57: =E57*D57 -> 0
B58: 1.4.6 | C58: Seguro de Vida | D58: ='1.1 SALÁRIOS'!$F$41 -> 0 | E58: 1 | F58: =E58*D58 -> 0
C59: Total (C) | F59: =SUM(F53:F58) -> 0
B60: 2.0 | C60: UNIFORMES E EPI´s
B61: 2.1 | C61: Boné de brim tipo árabe | D61: =VLOOKUP(C61,'1.1 CUSTO FERRAME-UNIFORME-EPI'!B:C,2,FALSE) -> #DIV/0! | E61: 0.25 | F61: =E61*D61 -> #DIV/0!
B62: 2.2 | C62: ='1.1 CUSTO FERRAME-UNIFORME-EPI'!$B$19 -> Calça de brim | D62: =VLOOKUP(C62,'1.1 CUSTO FERRAME-UNIFORME-EPI'!B:C,2,FALSE) -> 0 | E62: 0.5 | F62: =E62*D62 -> 0
B63: 2.3 | C63: ='1.1 CUSTO FERRAME-UNIFORME-EPI'!$B$20 -> Camisa de brim, manga longa | D63: =VLOOKUP(C63,'1.1 CUSTO FERRAME-UNIFORME-EPI'!B:C,2,FALSE) -> 0 | E63: 0.5 | F63: =E63*D63 -> 0
B64: 2.4 | C64: ='1.1 CUSTO FERRAME-UNIFORME-EPI'!$B$27 -> Calçado, antiderrapante, tipo tênis | D64: =VLOOKUP(C64,'1.1 CUSTO FERRAME-UNIFORME-EPI'!B:C,2,FALSE) -> 0 | E64: 0.25 | F64: =E64*D64 -> 0
B65: 2.5 | C65: Meião de lã | D65: =VLOOKUP(C65,'1.1 CUSTO FERRAME-UNIFORME-EPI'!B:C,2,FALSE) -> #DIV/0! | E65: 0.25 | F65: =E65*D65 -> #DIV/0!
B66: 2.6 | C66: Capa de chuva, com capuz | D66: =VLOOKUP(C66,'1.1 CUSTO FERRAME-UNIFORME-EPI'!B:C,2,FALSE) -> 0 | E66: 0.17 | F66: =E66*D66 -> 0
B67: 2.7 | C67: ='1.1 CUSTO FERRAME-UNIFORME-EPI'!$B$28 -> Luva raspa de couro, cano curto | D67: =VLOOKUP(C67,'1.1 CUSTO FERRAME-UNIFORME-EPI'!B:C,2,FALSE) -> 0 | E67: 0.5 | F67: =E67*D67 -> 0
B68: 2.8 | C68: ='1.1 CUSTO FERRAME-UNIFORME-EPI'!$B$29 -> Mascara descartável | D68: =VLOOKUP(C68,'1.1 CUSTO FERRAME-UNIFORME-EPI'!B:C,2,FALSE) -> 0 | E68: 2.17 | F68: =E68*D68 -> 0
B69: 2.9 | C69: Colete refletor (trabalho noturno) | D69: =VLOOKUP(C69,'1.1 CUSTO FERRAME-UNIFORME-EPI'!B:C,2,FALSE) -> #DIV/0! | E69: 0.17 | F69: =E69*D69 -> #DIV/0!
B70: 2.10 | C70: ='1.1 CUSTO FERRAME-UNIFORME-EPI'!$B$22 -> Protetor solar fator 30 (120ml/Mês) | D70: =VLOOKUP(C70,'1.1 CUSTO FERRAME-UNIFORME-EPI'!B:C,2,FALSE) -> 0 | E70: 0.3 | F70: =E70*D70 -> 0
C71: Total (D) | F71: =SUM(F61:F70) -> #DIV/0!
B73: 3.0 | C73: Valor total mensal (A + B + C + D) | F73: =F71+F59+F51 -> #DIV/0!

Sheet 2.3 EQUIP. VEICULOS
A2: TABELA DE CUSTOS UNITÁRIOS - VEÍCULOS E EQUIPAMENTOS
A6: ITENS | B6: DISCRIMINAÇÃO | C6: CAMINHÃO - SELETIVA | D6: CAMINHÃO - SELETIVA RESERVA
C7: Valores (R$) | D7: Valores (R$)
A8: A | B8: DEPRECIAÇÃO | C8: =(C9-C10)/C39/12 -> #DIV/0! | D8: =(D9-D10)/D39/12 -> #DIV/0!
A9: A1 | B9: CUSTO DE AQUISIÇÃO | C9: ='1.1 REF EQUIPAMENTOS E DIV'!E12+'1.1 REF EQUIPAMENTOS E DIV'!E4 -> #DIV/0! | D9: ='1.1 REF EQUIPAMENTOS E DIV'!E12+'1.1 REF EQUIPAMENTOS E DIV'!E4 -> #DIV/0!
A10: A2 | B10: VALOR RESIDUAL | C10: =C9*C38 -> #DIV/0! | D10: =D9*D38 -> #DIV/0!
A12: B | B12: OPORTUNIDADE DE CAPITAL | C12: =C14*C40/12 -> #DIV/0! | D12: =D14*D40/12 -> #DIV/0!
A13: B1 | B13: CUSTO DE AQUISIÇÃO | C13: =C9 -> #DIV/0! | D13: =D9 -> #DIV/0!
A14: B2 | B14: INVESTIMENTO MÉDIO | C14: =(C9-C10)*((1+C39)/(2*C39))/1.25 -> #DIV/0! | D14: =(D9-D10)*((1+D39)/(2*D39))/1.25 -> #DIV/0!
A16: C | B16: COMBUSTÍVEL | C16: =C21*7.33*25.25 -> 0 | D16: =D21*7.33*26.08 -> 0
A17: C1 | B17: CONSUMO DE ÓLEO DIESEL/H TRABALHADA | C17: =0.09*277*0.735 -> 18.32355 | F17: 203
F18: 277
B19: CUSTO/LITRO ÓLEO DIESEL | C19: ='1.1 REF EQUIPAMENTOS E DIV'!$E$38 -> 0 | F19: 326
F20: =F19/F18 -> 1.1768953
A21: C2 | B21: CUSTO/HORA ÓLEO DIESEL | C21: =C19*C17 -> 0 | D21: =D19*D17 -> 0 | F21: =F17/F20 -> 172.48773
A22: D | B22: LUBRIFICANTES | C22: =C25 -> 0 | D22: =D25 -> 0
A23: D1 | B23: CONSUMO DE LUBRIFICANTES | C23: 0.1 | D23: 0.1
A25: D2 | B25: CUSTO LUBRIFICANTES | C25: =C23*C16 -> 0 | D25: =D23*D16 -> 0
A27: F | B27: MANUTENÇÃO, IMPOSTOS E SEGUROS | C27: =C33 -> #DIV/0! | D27: =D33 -> #DIV/0!
A28: F1 | B28: DEPRECIAÇÃO/HORA | C28: =C8 -> #DIV/0! | D28: =D8 -> #DIV/0!
A30: F2 | B30: COEFICIENTE DE MANUTENÇÃO | C30: 0.6 | D30: 0
A31: F3 | B31: SEGUROS E IMPOSTOS | C31: 0.025 | D31: 0.025
A33: F4 | B33: CUSTO MANUTENÇÃO | C33: =(C30+C31)*C28 -> #DIV/0! | D33: =(D30+D31)*D28 -> #DIV/0!
A34: G | B34: GPS | C34: ='1.1 REF EQUIPAMENTOS E DIV'!$E$35 -> #DIV/0! | D34: ='1.1 REF EQUIPAMENTOS E DIV'!$E$35 -> #DIV/0!
B35: CUSTO MENSAL | C35: =C27++C22+C16+C12+C8+C34 -> #DIV/0! | D35: =D27++D22+D16+D12+D8+D34 -> #DIV/0!
B38: VALOR RESIDUAL | C38: 0.4 | D38: 0.4
B39: VIDA UTIL | C39: 7 | D39: 7
B40: TAXA DE JUROS AO ANO | C40: 0.1325 | D40: 0.1325

Sheet 2.4 DIM SELETIVA
A1: PROJETO BÁSICO
A2: DIMENSIONAMENTO DA COLETA SELETIVA
A3: ITEM | B3: FREQUENCIA | C3: EXTENSÃO DAS VIAS (KM) | D3: EXTENSÃO PERCORRIDA POR MÊS DIURNO (KM) | E3: EXTENSÃO PERCORRIDA POR MÊS NOTURNO (KM)
A4: 1 | B4: ALTERNADO 2X (DIURNO) | C4: 308.145 | D4: =(26.08/3)*C4 -> 2678.8072 | E4: =IFERROR(C4*#REF!*#REF!*(1+#REF!),"-") -> -
A6: EXTENSÃO VIAS (KM) | C6: 308.145 | D6: =SUM(D4:D5) -> 2678.8072 | E6: =SUM(E4:E5) -> 0
A7: EXTENSÃO VIAS (KM) | D7: =D6+E6 -> 2678.8072
D8: =D6/D7 -> 1 | E8: =E6/D7 -> 0
A11: RESUMO
A12: DIAS TRABALHADOS TRABALHADOS AO MÊS | D12: 26.08
A13: EXTENSÃO DO PERCURSO- DIURNO (KM/DIA ) | D13: =D6/D12 -> 102.715
A14: EXTENSÃO DO PERCURSO- NOTURNO (KM/DIA ) | D14: =E6/D12 -> 0
A15: MASSA DE RESÍDUOS SÓLIDOS
A16: POPULAÇÃO ( CENSO IBGE 2022) | D16: 84087
A17: POPULAÇÃO ATENDIDA | D17: =D16 -> 84087
A18: ÍNDICE DE GERAÇÃO DE RESÍDUOS KG/HAB.DIA | D18: 0.512
A19: TOTAL RESÍDUOS GERADOS DIA (KG) | D19: =D18*D17 -> 43052.544
A20: TOTAL RESÍDUOS GERADOS MÊS (KG) | D20: =D19*30 -> 1291576.3
A21: TOTAL RESÍDUOS SELETIVOS (%) | D21: 0.05
A22: TOTAL RESÍDUOS SELETIVOS GERADOS MÊS (TON) | D22: =D20/1000*D21 -> 64.578816
A23: DIAS ÚTEIS MÊS | D23: =D12 -> 26.08
A24: TOTAL RESÍDUOS COLETADOS (TON/DIA) | D24: =ROUND(D22/D23,3) -> 2.476
A25: TOTAL RESÍDUOS COLETA - DIURNO (TON/DIA) ADOTADO 100% DA QUANTIDADE GERADA POR DIA | D25: =D24*1 -> 2.476
A26: DIURNO
A27: CAPACIDADE DE CARGA DO CAMINHÃO ( C )
A28: PESO APARENTE DO LIXO (KG/ M³) | C28: 125
A29: ÍNDICE DE COMPACTAÇÃO | C29: 1
A30: CAPACIDADE NOMINAL ( M³ ) | C30: 30
A31: CAPACIDADE REAL (M³) | C31: =0.75*C30 -> 22.5
A32: C (TON) | C32: =(C28*C29*C31)/1000 -> 2.8125
A33: TEMPO DE VIAGEM PARA DESCARGA ( TV )
A34: DISTÂNCIA MÉDIA DO CENTRO GERADOR ATÉ O LOCAL DE DESCARGA ( KM ) | C34: 20
A35: VELOCIDADE DE TRANSPORTE ATÉ O LOCAL DE DESCARGA ( KM/H ) | C35: 50
A36: TEMPO NECESSÁRIO PARA PESAGEM E DESCARGA ( H ) | C36: 0.333
A37: TV ( H ) | C37: =((2*C34)/C35)+C36 -> 1.133
A38: QUANTIDADE DE VIAJENS ( NV )
A39: MASSA DE RESÍDUOS SÓLIDOS (TON/ DIA) | C39: =D25 -> 2.476
A40: VELOCIDADE MÉDIA DE COLETA (KM/H ) | C40: 6
A41: JORNADA DE TRABALHO ( H ) | C41: 7.33
A42: EXT. VIAS ATENDIDAS NO TURNO (KM/DIA) | C42: =D13 -> 102.715
A43: CAPACIDADE DE CARGA DO CAMINHÃO ( T ) | C43: =C32 -> 2.8125
A44: TEMPO DE VIAGEM PARA A DESCARGA (H) | C44: =C37 -> 1.133
A45: NV | C45: =((C39*C40*C41)/((C42*C43)+(C39*C40*C44))) -> 0.35619282
A46: QUANTIDADE DE VEÍCULOS ( QV )
A47: QUANT. DIÁRIA DE LIXO COLETADO (TON/DIA) | C47: =C39 -> 2.476
A48: NÚMERO DE VIAGENS POR TURNO | C48: =C45 -> 0.35619282
A49: CAPACIDADE DE CARGA DO CAMINHÃO (TON) | C49: =C32 -> 2.8125
A50: QUANTIDADE DE VEÍCULOS CALCULADA | C50: =((C47)/(C48*C49)) -> 2.4715702
A51: QDADE DE VEÍCULOS DIURNO | C51: =_xlfn.CEILING.MATH(C50,1) -> 3
A52: QUANTIDADE DE VEÍCULOS RESERVA | C52: =ROUNDUP(0.1*C51,0) -> 1
A53: QDADE DE GARI COLETOR DIURNO | C53: =C51*3 -> 9
A54: QDADE DE MOTORISTAS DIURNO | C54: =C51 -> 3
A55: QDADE DE COLETOR RESERVA DIURNO | C55: =ROUND(0.15*C53,0) -> 1
A56: QDADE DE MOTORISTAS RESERVA DIURNO | C56: =ROUNDUP(0.15*C54,0) -> 1
B58: RESUMO DIMENSIONAMENTO
B60: MÃO DE OBRA
B62: CATEGORIA | C62: DIMENSIONAMENTO
B63: COLETOR DIURNO | C63: =C53+C55 -> 10
B64: COLETOR NOTURNO
B65: MOTORISTA DIURNO | C65: =C54+C56 -> 4
B66: MOTORISTA NOTURNO
B67: MOTORISTA LEVE COLETA
B68: ENCARREGADO DIURNO | C68: 1
B69: ENCARREGADO NOTURNO | C69: 1
B73: EQUIPAMENTOS
B75: FORNECIMENTO. INSTALAÇÃO E MANUTENÇÃO DE CONTEINERES | C75: 50
B76: Caminhão baú- 2 turnos | C76: 3
B77: Caminhão baú - Frota Reserva | C77: 1
B78: Picape - Coleta Dificil Acesso | C78: =#REF! -> #REF!
B79: Picape Reserva | C79: =#REF! -> #REF!
B80: Veículo Utilitário - Encarregado - 2 turnos | C80: =(C68+C69)/2 -> 1

Sheet 3.1 COLETA INERTES
A3: COMPOSIÇÃO DE PREÇOS UNITÁRIOS DE SERVIÇO
A4: ='ORÇAMENTO GERAL'!B9 -> Coleta, Transporte, Descarga E Disposição Final de Resíduos Inertes, Entulhos e RCC
E5: Unidade: | F5: Tonelada
A6: ITENS | B6: DISCRIMINAÇÃO | C6: UNIDADE / MÊS | D6: QUANT. | E6: VALOR UNITÁRIO | F6: VALOR TOTAL
A7: 1 | B7: EQUIPAMENTOS
A8: 1.1 | B8: Caminhão caçamba basculante de 10 m³ | C8: und | D8: ='3.4 DIM ENTULHO'!C44 -> 6 | E8: ='3.3 EQUIP. VEICULOS'!C39 -> #DIV/0! | F8: =E8*D8 -> #DIV/0!
A9: 1.2 | B9: Caminhão Carroceria | C9: und | D9: ='3.4 DIM ENTULHO'!C45 -> 2 | E9: ='3.3 EQUIP. VEICULOS'!G39 -> #DIV/0! | F9: =E9*D9 -> #DIV/0!
A10: 1.3 | B10: Pá carregadeira | C10: und | D10: ='3.4 DIM ENTULHO'!C46 -> 1 | E10: ='3.3 EQUIP. VEICULOS'!D39 -> #DIV/0! | F10: =E10*D10 -> #DIV/0!
A11: 1.4 | B11: Retroescavadeira | C11: und | D11: ='3.4 DIM ENTULHO'!C47 -> 1 | E11: ='3.3 EQUIP. VEICULOS'!F39 -> #DIV/0! | F11: =E11*D11 -> #DIV/0!
A12: 1.5 | B12: Minicarregadeira | C12: und | D12: ='3.4 DIM ENTULHO'!C48 -> 1 | E12: ='3.3 EQUIP. VEICULOS'!E39 -> #DIV/0! | F12: =E12*D12 -> #DIV/0!
B13: Custo total | C13: R$/mês | E13: Total 1 | F13: =SUM(F8:F12) -> #DIV/0!
A14: 2 | B14: MÃO DE OBRA:
A15: 2.1 | B15: Fiscal diurno | C15: mês | D15: ='3.4 DIM ENTULHO'!C57 -> 2 | E15: ='3.2 MAO DE OBRA'!F37 -> #DIV/0! | F15: =E15*D15 -> #DIV/0!
A16: 2.2 | B16: Operador de Pá Carregadeira diurno | C16: mês | D16: ='3.4 DIM ENTULHO'!C58 -> 1 | E16: ='3.2 MAO DE OBRA'!F142 -> #DIV/0! | F16: =E16*D16 -> #DIV/0!
A17: 2.3 | B17: Motorista de Caminhao diurno | C17: mês | D17: ='3.4 DIM ENTULHO'!C59 -> 8 | E17: ='3.2 MAO DE OBRA'!F72 -> #DIV/0! | F17: =E17*D17 -> #DIV/0!
A18: 2.4 | B18: Operador de Retroescavadeira | C18: mês | D18: ='3.4 DIM ENTULHO'!C60 -> 1 | E18: ='3.2 MAO DE OBRA'!F175 -> #DIV/0! | F18: =E18*D18 -> #DIV/0!
A19: 2.5 | B19: Operador de Minicarregadeira | C19: mês | D19: ='3.4 DIM ENTULHO'!C61 -> 1 | E19: ='3.2 MAO DE OBRA'!F207 -> #DIV/0! | F19: =E19*D19 -> #DIV/0!
A20: 2.6 | B20: Ajudante de Operação diurno | C20: mês | D20: 16 | E20: ='3.2 MAO DE OBRA'!F109 -> #DIV/0! | F20: =E20*D20 -> #DIV/0!
B21: Custo total | C21: R$/mês | E21: Total 2 | F21: =SUM(F15:F20) -> #DIV/0!
A22: 3 | B22: FERRAMENTAS
B23: Kit de Ferramentas
A24: 3.1 | B24: Pá quadrada, com cabo | C24: und | D24: 4 | E24: =VLOOKUP(B24,'1.1 CUSTO FERRAME-UNIFORME-EPI'!B:C,2,FALSE) -> #DIV/0! | F24: =E24*D24 -> #DIV/0!
A25: 3.2 | B25: Ancinho, com cabo/ Gadanho | C25: und | D25: 12 | E25: =VLOOKUP(B25,'1.1 CUSTO FERRAME-UNIFORME-EPI'!B:C,2,FALSE) -> #DIV/0! | F25: =E25*D25 -> #DIV/0!
A26: 3.3 | B26: Vassoura de piaçava 28 furos, com cabo | C26: und | D26: 6 | E26: =VLOOKUP(B26,'1.1 CUSTO FERRAME-UNIFORME-EPI'!B:C,2,FALSE) -> 0 | F26: =E26*D26 -> 0
A27: 3.4 | B27: Cone de sinalização | C27: und | D27: 3 | E27: =VLOOKUP(B27,'1.1 CUSTO FERRAME-UNIFORME-EPI'!B:C,2,FALSE) -> 0 | F27: =E27*D27 -> 0
B28: Custo total | C28: R$/mês | E28: Total 3 | F28: =SUM(F24:F27) -> #DIV/0!
B29: RESUMO DO ITEM
B30: Custo operacional total | C30: R$ / mês | F30: =SUM(F21,F28,F13) -> #DIV/0!
B31: Quantidade estimada | C31: Ton / Mês | F31: ='3.4 DIM ENTULHO'!D21 -> 3455.6301
B32: Custo unitário sem BDI | C32: R$ / Ton | F32: =F30/F31 -> #DIV/0!
B33: BDI | C33: % | D33: ='BDI '!$C$22 -> 0.0526 | F33: =F32*D33 -> #DIV/0!
B34: PREÇO FINAL (com BDI) | C34: R$ / Ton | F34: =ROUND(F33+F32,2) -> #DIV/0!
A36: 4 | B36: DISPOSIÇÃO FINAL
A37: 4.1 | B37: DISPOSIÇÃO FINAL DOS RESÍDUOS | C37: R$ / ton | D37: ='3.4 DIM ENTULHO'!D21 -> 3455.6301 | E37: ='1.1 REF EQUIPAMENTOS E DIV'!E37 -> #DIV/0! | F37: =E37*D37 -> #DIV/0!
E38: Total 3 | F38: =SUM(F37:F37) -> #DIV/0!
B39: RESUMO DO ITEM
B40: Custo operacional total | C40: R$ / mês | F40: =F38 -> #DIV/0!
B41: Quantidade estimada | C41: ton/mês | F41: ='3.4 DIM ENTULHO'!D21 -> 3455.6301
B42: Custo unitário sem BDI | C42: R$ / ton | F42: =ROUND(F40/F41,2) -> #DIV/0!
B43: BDI | C43: % | D43: ='BDI '!$C$22 -> 0.0526 | F43: =ROUND(F42*D43,2) -> #DIV/0!
B44: PREÇO FINAL (com BDI) | C44: R$ / ton | F44: =SUM(F42:F43) -> #DIV/0!
B46: Custo unitário sem BDI | C46: R$ / ton | F46: =F42+F32 -> #DIV/0!
B47: BDI | C47: % | D47: ='BDI '!$C$22 -> 0.0526 | F47: =ROUND(F46*D47,2) -> #DIV/0!
B48: PREÇO FINAL (com BDI) | C48: R$ / ton | F48: =F44+F34 -> #DIV/0!

Sheet 3.2 MAO DE OBRA
B2: COMPOSIÇÃO DE CUSTOS UNITÁRIOS - PESSOAL
B5: ITENS | C5: DISCRIMINAÇÃO | D5: FISCAL DIURNO
B7: 1.0 | C7: REMUNERAÇÃO, ENCARGOS E BENEFÍCIOS | D7: VALOR | E7: QUANT. | F7: TOTAL
B8: 1.1 | C8: Remuneração
B9: 1.1.1 | C9: Salário | D9: ='1.1 SALÁRIOS'!F10 -> 0 | E9: 1 | F9: =E9*D9 -> 0
B10: 1.1.2 | C10: Adicional de insalubridade | D10: 0 | E10: 1 | F10: =E10*D10 -> 0
B11: 1.1.3 | C11: Adicional noturno
B12: 1.1.4 | C12: Horas extras com 50%
B13: 1.1.5 | C13: Horas extras com 100%
B14: 1.1.6 | C14: Outros
C15: Total (A) | F15: =SUM(F9:F14) -> 0
B16: 1.2 | C16: Encargos sociais (B) | D16: =F15 -> 0 | E16: ='1.1 SALÁRIOS'!$F$33 -> 0 | F16: =E16*D16 -> 0
B17: 1.3 | C17: Remuneração bruta (A + B) | F17: =SUM(F15:F16) -> 0
B18: 1.4 | C18: Benefícios
B19: 1.4.1 | C19: Vale transporte | D19: ='1.1 SALÁRIOS'!$F$35 -> 0 | E19: 25.25 | F19: =IF(2*E19*D19-0.06*D9<0,0,2*E19*D19-0.06*D9) -> 0
B20: 1.4.2 | C20: Gratificação | D20: =('1.1 SALÁRIOS'!$F$36+'1.1 SALÁRIOS'!$F$37)/12 -> 0 | E20: 1 | F20: =E20*D20 -> 0
B21: 1.4.3 | C21: Auxilio Alimentação | D21: ='1.1 SALÁRIOS'!$F$38 -> 0 | E21: =E19 -> 25.25 | F21: =E21*D21 -> 0
B22: 1.4.4 | C22: Cesta Básica | D22: ='1.1 SALÁRIOS'!$F$39 -> 0 | E22: 1 | F22: =E22*D22 -> 0
B23: 1.4.5 | C23: Auxilio Saúde | D23: ='1.1 SALÁRIOS'!$F$40 -> 0 | E23: 1 | F23: =E23*D23 -> 0
B24: 1.4.6 | C24: Seguro de Vida | D24: ='1.1 SALÁRIOS'!$F$41 -> 0 | E24: 1 | F24: =E24*D24 -> 0
C25: Total (C) | F25: =SUM(F19:F24) -> 0
B26: 2.0 | C26: UNIFORMES E EPI´s
B27: 2.1 | C27: Boné de brim tipo árabe | D27: =VLOOKUP(C27,'1.1 CUSTO FERRAME-UNIFORME-EPI'!B:C,2,FALSE) -> #DIV/0! | E27: 0.17 | F27: =E27*D27 -> #DIV/0!
B28: 2.2 | C28: Calça jeans | D28: =VLOOKUP(C28,'1.1 CUSTO FERRAME-UNIFORME-EPI'!B:C,2,FALSE) -> #DIV/0! | E28: 0.33 | F28: =E28*D28 -> #DIV/0!
B29: 2.3 | C29: Camisa polo, manga curta | D29: =VLOOKUP(C29,'1.1 CUSTO FERRAME-UNIFORME-EPI'!B:C,2,FALSE) -> #DIV/0! | E29: 0.33 | F29: =E29*D29 -> #DIV/0!
B30: 2.4 | C30: Bota de couro, antiderrapante | D30: =VLOOKUP(C30,'1.1 CUSTO FERRAME-UNIFORME-EPI'!B:C,2,FALSE) -> 0 | E30: 0.17 | F30: =E30*D30 -> 0
B31: 2.5 | C31: Capa de chuva, com capuz | D31: =VLOOKUP(C31,'1.1 CUSTO FERRAME-UNIFORME-EPI'!B:C,2,FALSE) -> 0 | E31: 0.17 | F31: =E31*D31 -> 0
B32: 2.6 | C32: Protetor solar fator 30 (120ml/Mês) | D32: =VLOOKUP(C32,'1.1 CUSTO FERRAME-UNIFORME-EPI'!B:C,2,FALSE) -> 0 | E32: 0.3 | F32: =E32*D32 -> 0
B33: 2.7 | C33: Colete refletor (trabalho noturno) | D33: =VLOOKUP(C33,'1.1 CUSTO FERRAME-UNIFORME-EPI'!B:C,2,FALSE) -> #DIV/0! | E33: 0 | F33: =E33*D33 -> #DIV/0!
B34: 2.8 | C34: Garra Térmica 2L | D34: =VLOOKUP(C34,'1.1 CUSTO FERRAME-UNIFORME-EPI'!B:C,2,FALSE) -> #DIV/0! | E34: 0.08 | F34: =E34*D34 -> #DIV/0!
C35: Total (D) | F35: =SUM(F27:F34) -> #DIV/0!
B37: 3.0 | C37: Valor total mensal (A + B + C + D) | F37: =SUM(F17,F25,F35) -> #DIV/0!
B40: ITENS | C40: DISCRIMINAÇÃO | D40: MOTORISTA CAMINHÃO DIURNO
B42: 1.0 | C42: REMUNERAÇÃO, ENCARGOS E BENEFÍCIOS | D42: VALOR | E42: QUANT. | F42: TOTAL
B43: 1.1 | C43: Remuneração
B44: 1.1.1 | C44: Salário | D44: ='1.1 SALÁRIOS'!F26 -> 0 | E44: 1 | F44: =E44*D44 -> 0
B45: 1.1.2 | C45: Adicional de insalubridade | D45: ='1.1 SALÁRIOS'!$F$23 -> 0 | E45: 0.2 | F45: =E45*D45 -> 0
B46: 1.1.3 | C46: Adicional noturno: 20% sobre salário
B47: 1.1.4 | C47: Horas extras com 50%
B48: 1.1.5 | C48: Horas extras com 100%
B49: 1.1.6 | C49: Outros
B50: 1.1.7 | C50: Total (A) | F50: =SUM(F44:F49) -> 0
B51: 1.2 | C51: Encargos sociais (B) | D51: =F50 -> 0 | E51: ='1.1 SALÁRIOS'!$F$33 -> 0 | F51: =E51*D51 -> 0
B52: 1.3 | C52: Remuneração bruta (A + B) | F52: =SUM(F50:F51) -> 0
B53: 1.4 | C53: Benefícios
B54: 1.4.1 | C54: Vale transporte | D54: ='1.1 SALÁRIOS'!$F$35 -> 0 | E54: 25.25 | F54: =IF(2*E54*D54-0.06*D44<0,0,2*E54*D54-0.06*D44) -> 0
B55: 1.4.2 | C55: Gratificação | D55: =('1.1 SALÁRIOS'!$F$36+'1.1 SALÁRIOS'!$F$37)/12 -> 0 | E55: 1 | F55: =E55*D55 -> 0
B56: 1.4.3 | C56: Auxilio Alimentação | D56: ='1.1 SALÁRIOS'!$F$38 -> 0 | E56: =E54 -> 25.25 | F56: =E56*D56 -> 0
B57: 1.4.4 | C57: Cesta Básica | D57: ='1.1 SALÁRIOS'!$F$39 -> 0 | E57: 1 | F57: =E57*D57 -> 0
B58: 1.4.5 | C58: Auxilio Saúde | D58: ='1.1 SALÁRIOS'!$F$40 -> 0 | E58: 1 | F58: =E58*D58 -> 0
B59: 1.4.6 | C59: Seguro de Vida | D59: ='1.1 SALÁRIOS'!$F$41 -> 0 | E59: 1 | F59: =E59*D59 -> 0
B60: 1.4.7 | C60: Total (C) | F60: =SUM(F54:F59) -> 0
B61: 2.0 | C61: UNIFORMES E EPI´s
B62: 2.1 | C62: Boné de brim tipo árabe | D62: =VLOOKUP(C62,'1.1 CUSTO FERRAME-UNIFORME-EPI'!B:C,2,FALSE) -> #DIV/0! | E62: 0.17 | F62: =E62*D62 -> #DIV/0!
B63: 2.2 | C63: Calça jeans | D63: =VLOOKUP(C63,'1.1 CUSTO FERRAME-UNIFORME-EPI'!B:C,2,FALSE) -> #DIV/0! | E63: 0.33 | F63: =E63*D63 -> #DIV/0!
B64: 2.3 | C64: Camisa polo, manga curta | D64: =VLOOKUP(C64,'1.1 CUSTO FERRAME-UNIFORME-EPI'!B:C,2,FALSE) -> #DIV/0! | E64: 0.33 | F64: =E64*D64 -> #DIV/0!
B65: 2.4 | C65: Bota de couro, antiderrapante | D65: =VLOOKUP(C65,'1.1 CUSTO FERRAME-UNIFORME-EPI'!B:C,2,FALSE) -> 0 | E65: 0.17 | F65: =E65*D65 -> 0
B66: 2.5 | C66: Capa de chuva, com capuz | D66: =VLOOKUP(C66,'1.1 CUSTO FERRAME-UNIFORME-EPI'!B:C,2,FALSE) -> 0 | E66: 0.17 | F66: =E66*D66 -> 0
B67: 2.6 | C67: Protetor solar fator 30 (120ml/Mês) | D67: =VLOOKUP(C67,'1.1 CUSTO FERRAME-UNIFORME-EPI'!B:C,2,FALSE) -> 0 | E67: 0.3 | F67: =E67*D67 -> 0
B68: 2.7 | C68: Colete refletor (trabalho noturno) | D68: =VLOOKUP(C68,'1.1 CUSTO FERRAME-UNIFORME-EPI'!B:C,2,FALSE) -> #DIV/0! | E68: 0 | F68: =E68*D68 -> #DIV/0!
B69: 2.8 | C69: Garra Térmica 2L | D69: =VLOOKUP(C69,'1.1 CUSTO FERRAME-UNIFORME-EPI'!B:C,2,FALSE) -> #DIV/0! | E69: 0.08 | F69: =E69*D69 -> #DIV/0!
C70: Total (D) | F70: =SUM(F62:F69) -> #DIV/0!
B72: 3.0 | C72: Valor total mensal (A + B + C + D) | F72: =SUM(F70,F60,F52) -> #DIV/0!
B75: ITENS | C75: DISCRIMINAÇÃO | D75: AJUDANTE DE OPERAÇÃO DIURNO
B77: 1.0 | C77: REMUNERAÇÃO, ENCARGOS E BENEFÍCIOS | D77: VALOR | E77: QUANT. | F77: TOTAL
B78: 1.1 | C78: Remuneração
B79: 1.1.1 | C79: Salário | D79: ='1.1 SALÁRIOS'!F7 -> 0 | E79: 1 | F79: =E79*D79 -> 0
B80: 1.1.2 | C80: Adicional de insalubridade | D80: ='1.1 SALÁRIOS'!$F$23 -> 0 | E80: 0.2 | F80: =E80*D80 -> 0
B81: 1.1.3 | C81: Adicional noturno: 20% sobre salário
B82: 1.1.4 | C82: Horas extras com 50%
B83: 1.1.5 | C83: Horas extras com 100%
B84: 1.1.6 | C84: Outros
C85: Total (A) | F85: =SUM(F79:F84) -> 0
B86: 1.2 | C86: Encargos sociais (B) | D86: =F85 -> 0 | E86: ='1.1 SALÁRIOS'!$F$33 -> 0 | F86: =E86*D86 -> 0
B87: 1.3 | C87: Remuneração bruta (A + B) | F87: =SUM(F85:F86) -> 0
B88: 1.4 | C88: Benefícios
B89: 1.4.1 | C89: Vale transporte | D89: ='1.1 SALÁRIOS'!$F$35 -> 0 | E89: 25.25 | F89: =IF(2*E89*D89-0.06*D79<0,0,2*E89*D89-0.06*D79) -> 0
B90: 1.4.2 | C90: Gratificação | D90: =('1.1 SALÁRIOS'!$F$36+'1.1 SALÁRIOS'!$F$37)/12 -> 0 | E90: 1 | F90: =E90*D90 -> 0
B91: 1.4.3 | C91: Auxilio Alimentação | D91: ='1.1 SALÁRIOS'!$F$38 -> 0 | E91: =E89 -> 25.25 | F91: =E91*D91 -> 0
B92: 1.4.4 | C92: Cesta Básica | D92: ='1.1 SALÁRIOS'!$F$39 -> 0 | E92: 1 | F92: =E92*D92 -> 0
B93: 1.4.5 | C93: Auxilio Saúde | D93: ='1.1 SALÁRIOS'!$F$40 -> 0 | E93: 1 | F93: =E93*D93 -> 0
B94: 1.4.6 | C94: Seguro de Vida | D94: ='1.1 SALÁRIOS'!$F$41 -> 0 | E94: 1 | F94: =E94*D94 -> 0
C95: Total (C) | F95: =SUM(F89:F94) -> 0
B96: 2.0 | C96: UNIFORMES E EPI´s
B97: 2.1 | C97: Boné de brim tipo árabe | D97: =VLOOKUP(C97,'1.1 CUSTO FERRAME-UNIFORME-EPI'!B:C,2,FALSE) -> #DIV/0! | E97: 0.25 | F97: =E97*D97 -> #DIV/0!
B98: 2.2 | C98: Calça de brim | D98: =VLOOKUP(C98,'1.1 CUSTO FERRAME-UNIFORME-EPI'!B:C,2,FALSE) -> 0 | E98: 0.5 | F98: =E98*D98 -> 0
B99: 2.3 | C99: Camisa de brim, manga longa | D99: =VLOOKUP(C99,'1.1 CUSTO FERRAME-UNIFORME-EPI'!B:C,2,FALSE) -> 0 | E99: 0.5 | F99: =E99*D99 -> 0
B100: 2.4 | C100: Calçado, antiderrapante, tipo tênis | D100: =VLOOKUP(C100,'1.1 CUSTO FERRAME-UNIFORME-EPI'!B:C,2,FALSE) -> 0 | E100: 0.25 | F100: =E100*D100 -> 0
B101: 2.5 | C101: Meião de lã | D101: =VLOOKUP(C101,'1.1 CUSTO FERRAME-UNIFORME-EPI'!B:C,2,FALSE) -> #DIV/0! | E101: 0.25 | F101: =E101*D101 -> #DIV/0!
B102: 2.6 | C102: Capa de chuva, com capuz | D102: =VLOOKUP(C102,'1.1 CUSTO FERRAME-UNIFORME-EPI'!B:C,2,FALSE) -> 0 | E102: 0.17 | F102: =E102*D102 -> 0
B103: 2.7 | C103: Luva raspa de couro, cano curto | D103: =VLOOKUP(C103,'1.1 CUSTO FERRAME-UNIFORME-EPI'!B:C,2,FALSE) -> 0 | E103: 0.5 | F103: =E103*D103 -> 0
B104: 2.8 | C104: Mascara descartável | D104: =VLOOKUP(C104,'1.1 CUSTO FERRAME-UNIFORME-EPI'!B:C,2,FALSE) -> 0 | E104: 2.17 | F104: =E104*D104 -> 0
B105: 2.10 | C105: Protetor solar fator 30 (120ml/Mês) | D105: =VLOOKUP(C105,'1.1 CUSTO FERRAME-UNIFORME-EPI'!B:C,2,FALSE) -> 0 | E105: 0.3 | F105: =E105*D105 -> 0
B106: 2.11 | C106: Garra Térmica 2L | D106: =VLOOKUP(C106,'1.1 CUSTO FERRAME-UNIFORME-EPI'!B:C,2,FALSE) -> #DIV/0! | E106: 0.08 | F106: =E106*D106 -> #DIV/0!
C107: Total (D) | F107: =SUM(F97:F106) -> #DIV/0!
B109: 3.0 | C109: Valor total mensal (A + B + C + D) | F109: =F107+F95+F87 -> #DIV/0!
B112: ITENS | C112: DISCRIMINAÇÃO | D112: OPERADOR PÁ CARREGADEIRA
B114: 1.0 | C114: REMUNERAÇÃO, ENCARGOS E BENEFÍCIOS
B115: 1.1 | C115: Remuneração
B116: 1.1.1 | C116: Salário | D116: ='1.1 SALÁRIOS'!$F$28 -> 0 | E116: 1 | F116: =E116*D116 -> 0
...

Sheet 3.3 EQUIP. VEICULOS
A2: TABELA DE CUSTOS UNITÁRIOS - VEÍCULOS E EQUIPAMENTOS
A6: ITENS | B6: DISCRIMINAÇÃO | C6: CAMINHAO BASC 10m3 | D6: PA CARREGADEIRA | E6: MINICARREGADEIRA | F6: RETROESCAVADEIRA DE PNEUS | G6: CAMINHÃO CARROCERIA
C7: Valores (R$) | D7: Valores (R$) | E7: Valores (R$) | F7: Valores (R$) | G7: Valores (R$)
A8: A | B8: DEPRECIAÇÃO | C8: =(C9-C11)/C43/12 -> 0 | D8: =(D9-D11)/D43/12 -> 0 | E8: =(E9-E11)/E43/12 -> 0 | F8: =(F9-F11)/F43/12 -> 0 | G8: =(G9-G11)/G43/12 -> 0
A9: A1 | B9: CUSTO DE AQUISIÇÃO | C9: ='1.1 REF EQUIPAMENTOS E DIV'!E5+'1.1 REF EQUIPAMENTOS E DIV'!E6 -> 0 | D9: ='1.1 REF EQUIPAMENTOS E DIV'!E21 -> 0 | E9: ='1.1 REF EQUIPAMENTOS E DIV'!E23 -> 0 | F9: ='1.1 REF EQUIPAMENTOS E DIV'!E22 -> 0 | G9: ='1.1 REF EQUIPAMENTOS E DIV'!E9+'1.1 REF EQUIPAMENTOS E DIV'!E4 -> 0
A11: A2 | B11: VALOR RESIDUAL | C11: =C9*C42 -> 0 | D11: =D9*D42 -> 0 | E11: =E9*E42 -> 0 | F11: =F9*F42 -> 0 | G11: =G9*G42 -> 0
A13: B | B13: OPORTUNIDADE DE CAPITAL | C13: =C17*C19/12 -> 0 | D13: =D17*D19/12 -> 0 | E13: =E17*E19/12 -> 0 | F13: =F17*F19/12 -> 0 | G13: =G17*G19/12 -> 0
A15: B1 | B15: CUSTO DE AQUISIÇÃO | C15: =C9 -> 0 | D15: =D9 -> 0 | E15: =E9 -> 0 | F15: =F9 -> 0 | G15: =G9 -> 0
A17: B2 | B17: INVESTIMENTO MÉDIO | C17: =(C9-C11)*((1+C43)/(2*C43))/1.25 -> 0 | D17: =(D9-D11)*((1+D43)/(2*D43))/1.25 -> 0 | E17: =(E9-E11)*((1+E43)/(2*E43))/1.25 -> 0 | F17: =(F9-F11)*((1+F43)/(2*F43))/1.25 -> 0 | G17: =(G9-G11)*((1+G43)/(2*G43))/1.25 -> 0
A19: B3 | B19: TAXA DE JUROS AO ANO | C19: 0.1325 | D19: 0.1325 | E19: 0.1325 | F19: 0.1325 | G19: 0.1325
A20: C | B20: COMBUSTÍVEL | C20: =C25*7.33*25.25 -> 0 | D20: =D25*4.33*25.25 -> 0 | E20: =E25*4.33*25.25 -> 0 | F20: =F25*4.33*25.25 -> 0 | G20: =G25*7.33*25.25 -> 0
A21: C1 | B21: CONSUMO DE ÓLEO DIESEL/H TRABALHADA | C21: =326*0.735*0.1 -> 23.961 | D21: =128*0.746*0.13 -> 12.41344 | E21: =47*0.746*0.13 -> 4.55806 | F21: =72*0.746*0.13 -> 6.98256 | G21: =277*0.735*0.1 -> 20.3595
B23: CUSTO/LITRO ÓLEO DIESEL | C23: ='1.1 REF EQUIPAMENTOS E DIV'!$E$38 -> 0 | D23: ='1.1 REF EQUIPAMENTOS E DIV'!$E$38 -> 0 | E23: ='1.1 REF EQUIPAMENTOS E DIV'!$E$38 -> 0 | F23: ='1.1 REF EQUIPAMENTOS E DIV'!$E$38 -> 0 | G23: ='1.1 REF EQUIPAMENTOS E DIV'!$E$38 -> 0
A25: C2 | B25: CUSTO/HORA ÓLEO DIESEL | C25: =C23*C21 -> 0 | D25: =D23*D21 -> 0 | E25: =E23*E21 -> 0 | F25: =F23*F21 -> 0 | G25: =G23*G21 -> 0
A26: D | B26: LUBRIFICANTES | C26: =C29 -> 0 | D26: =D29 -> 0 | E26: =E29 -> 0 | F26: =F29 -> 0 | G26: =G29 -> 0
A27: D1 | B27: CONSUMO DE LUBRIFICANTES | C27: 0.1 | D27: 0.1 | E27: 0.1 | F27: 0.28 | G27: 0.1
A29: D2 | B29: CUSTO LUBRIFICANTES | C29: =C27*C20 -> 0 | D29: =D27*D20 -> 0 | E29: =E27*E20 -> 0 | F29: =F27*F20 -> 0 | G29: =G27*G20 -> 0
A31: F | B31: MANUTENÇÃO, IMPOSTOS E SEGUROS | C31: =C37 -> 0 | D31: =D37 -> 0 | E31: =E37 -> 0 | F31: =F37 -> 0 | G31: =G37 -> 0
A32: F1 | B32: DEPRECIAÇÃO/HORA | C32: =C8 -> 0 | D32: =D8 -> 0 | E32: =E8 -> 0 | F32: =F8 -> 0 | G32: =G8 -> 0
A34: F2 | B34: COEFICIENTE DE MANUTENÇÃO | C34: 0.9 | D34: 1 | E34: 0.6 | F34: 1 | G34: 0.6
A35: F3 | B35: SEGUROS E IMPOSTOS | C35: 0.025 | G35: 0.025
A37: F4 | B37: CUSTO MANUTENÇÃO | C37: =(C34+C35)*C32 -> 0 | D37: =(D34+D35)*D32 -> 0 | E37: =(E34+E35)*E32 -> 0 | F37: =(F34+F35)*F32 -> 0 | G37: =(G34+G35)*G32 -> 0
A38: G | B38: GPS | C38: ='1.1 REF EQUIPAMENTOS E DIV'!$E$35 -> #DIV/0! | D38: ='1.1 REF EQUIPAMENTOS E DIV'!$E$35 -> #DIV/0! | E38: ='1.1 REF EQUIPAMENTOS E DIV'!$E$35 -> #DIV/0! | F38: ='1.1 REF EQUIPAMENTOS E DIV'!$E$35 -> #DIV/0! | G38: ='1.1 REF EQUIPAMENTOS E DIV'!$E$35 -> #DIV/0!
B39: CUSTO MENSAL | C39: =C31++C26+C20+C13+C8+C38 -> #DIV/0! | D39: =D31++D26+D20+D13+D8+D38 -> #DIV/0! | E39: =E31++E26+E20+E13+E8+E38 -> #DIV/0! | F39: =F31++F26+F20+F13+F8+F38 -> #DIV/0! | G39: =G31++G26+G20+G13+G8+G38 -> #DIV/0!
B42: VALOR RESIDUAL | C42: 0.4 | D42: 0.2 | E42: 0.2 | F42: 0.2 | G42: 0.4
B43: VIDA UTIL | C43: 7 | D43: 4.9999499 | E43: 4.9999499 | F43: 4.9996581 | G43: 7

Sheet 3.4 DIM ENTULHO
A1: PROJETO BÁSICO
A2: DIMENSIONAMENTO DA COLETA DE RESÍDUOS SÓLIDOS URBANOS
A3: ITEM | B3: FREQUENCIA | C3: EXTENSÃO DAS VIAS (KM) | D3: EXTENSÃO PERCORRIDA POR MÊS DIURNO (KM) | E3: EXTENSÃO PERCORRIDA POR MÊS NOTURNO (KM)
A4: 1 | B4: ALTERNADO 2X (DIURNO) | C4: 308.145 | D4: =(26.08/6)*C4 -> 1339.4036 | E4: =IFERROR(C4*#REF!*#REF!*(1+#REF!),"-") -> -
A6: EXTENSÃO VIAS (KM) | C6: 308.145 | D6: =SUM(D4:D5) -> 1339.4036 | E6: =SUM(E4:E5) -> 0
A7: EXTENSÃO VIAS (KM) | D7: =D6+E6 -> 1339.4036
D8: =D6/D7 -> 1 | E8: =E6/D7 -> 0
A11: RESUMO
A12: DIAS TRABALHADOS TRABALHADOS AO MÊS | D12: 26.08
A13: EXTENSÃO DO PERCURSO- DIURNO (KM/DIA ) | D13: =D6/D12 -> 51.3575
A14: EXTENSÃO DO PERCURSO- NOTURNO (KM/DIA ) | D14: =E6/D12 -> 0
A15: MASSA DE RESÍDUOS SÓLIDOS
A16: POPULAÇÃO ( CENSO IBGE 2022) | D16: 84087
A17: POPULAÇÃO ATENDIDA | D17: =D16 -> 84087
A18: ÍNDICE DE GERAÇÃO DE RESÍDUOS KG/HAB.DIA | D18: =0.5*1000/365 -> 1.369863
A19: TOTAL RESÍDUOS GERADOS DIA (TON) | D19: =D18*D17/1000 -> 115.18767
A20: TOTAL RESÍDUOS GERADOS MÊS (TON) | D20: =D19*30 -> 3455.6301
A21: TOTAL RESÍDUOS INERTES GERADOS MÊS (TON) | D21: =D20 -> 3455.6301
A22: DIAS ÚTEIS MÊS | D22: =D12 -> 26.08
A23: TOTAL RESÍDUOS COLETADOS (TON/DIA) | D23: =ROUND(D21/D22,3) -> 132.501
A24: TOTAL RESÍDUOS COLETA - DIURNO (TON/DIA) ADOTADO 100% DA QUANTIDADE GERADA POR DIA | D24: =D23*1 -> 132.501
A25: DIURNO
A26: CAPACIDADE DE CARGA DO CAMINHÃO ( C )
A27: PESO APARENTE DO LIXO (KG/ M³) | C27: 1280
A28: ÍNDICE DE COMPACTAÇÃO | C28: 1
A29: CAPACIDADE NOMINAL ( M³ ) | C29: 10
A30: CAPACIDADE REAL (M³) | C30: =0.9*C29 -> 9
A31: C (TON) | C31: =(C27*C28*C30)/1000 -> 11.52
A32: QUANTIDADE DE VEÍCULOS ( QV )
A33: QUANT. DIÁRIA DE LIXO COLETADO (TON/DIA) | C33: =D24 -> 132.501
A34: NÚMERO DE VIAGENS POR TURNO | C34: 2
A35: CAPACIDADE DE CARGA DO CAMINHÃO (TON) | C35: =C31 -> 11.52
A36: QUANTIDADE DE VEÍCULOS CALCULADA | C36: =((C33)/(C34*C35)) -> 5.7509115
A37: QDADE DE VEÍCULOS DIURNO | C37: =_xlfn.CEILING.MATH(C36,1) -> 6
B39: RESUMO DIMENSIONAMENTO
B42: EQUIPAMENTOS
B44: Caminhão caçamba basculante de 10 m³ | C44: =C37 -> 6
B45: Caminhão Carroceria | C45: 2
B46: Pá carregadeira | C46: 1
B47: Retroescavadeira | C47: 1
B48: Minicarregadeira | C48: 1
B55: MÃO DE OBRA
B57: Fiscal diurno | C57: 2
B58: Operador de Pá Carregadeira diurno | C58: =C46 -> 1
B59: Motorista de Caminhao diurno | C59: =C44+C45 -> 8
B60: Operador de Retroescavadeira | C60: =C47 -> 1
B61: Operador de Minicarregadeira | C61: =C48 -> 1
B62: Ajudante de Operação diurno | C62: =C47+C48+C46+(C44+C45)*2 -> 19

Sheet 4.1  Varrição Manual
A1: COMPOSIÇÃO DE PREÇOS UNITÁRIOS DE SERVIÇO
A2: ='ORÇAMENTO GERAL'!B10 -> Varrição Manual
E3: Unidade: | F3: KM DE SARJETA
A4: ITENS | B4: DISCRIMINAÇÃO | C4: UNIDADE / MÊS | D4: QUANT. | E4: VALOR UNITÁRIO | F4: VALOR TOTAL
A5: 1 | B5: EQUIPAMENTOS
A6: 1.2 | B6: Veículo de transporte - Van | C6: und | D6: 2 | E6: ='4.3 EQUIP VEICULOS (2)'!C39 -> #DIV/0! | F6: =E6*D6 -> #DIV/0!
B7: CUSTO TOTAL | E7: TOTAL | F7: =SUM(F6:F6) -> #DIV/0!
A8: 2 | B8: MÃO DE OBRA
A9: 2.1 | B9: Fiscal Diurno | C9: mês | D9: ='4.4 DIM VARR MAN'!F18 -> 3 | E9: ='4.2 CPU MO'!F37 -> #DIV/0! | F9: =E9*D9 -> #DIV/0!
A10: 2.2 | B10: Motorista diurno | C10: mês | D10: =D6 -> 2 | E10: ='4.2 CPU MO'!F72 -> #DIV/0! | F10: =E10*D10 -> #DIV/0!
A11: 2.3 | B11: Varredor Diurno | C11: mês | D11: ='4.4 DIM VARR MAN'!F16 -> 62 | E11: ='4.2 CPU MO'!F110 -> #DIV/0! | F11: =E11*D11 -> #DIV/0!
B12: CUSTO TOTAL | E12: TOTAL | F12: =SUM(F9:F11) -> #DIV/0!
A13: 3 | B13: FERRAMENTAS
A14: 3.1 | B14: Vassoura de piaçava 28 furos, com cabo | C14: und | D14: =D11 -> 62 | E14: =VLOOKUP(B14,'1.1 CUSTO FERRAME-UNIFORME-EPI'!B:C,2,FALSE) -> 0 | F14: =E14*D14 -> 0
A15: 3.2 | B15: Contêineres plásticos de 240 litros c/ 02 rodas | C15: und | D15: =D11/2 -> 31 | E15: ='4.3 EQUIP VEICULOS (2)'!D39 -> #DIV/0! | F15: =E15*D15 -> #DIV/0!
A16: 3.3 | B16: Saco Plástico 100L | C16: und | D16: =26.08*D11 -> 1616.96 | E16: =VLOOKUP(B16,'1.1 CUSTO FERRAME-UNIFORME-EPI'!B:C,2,FALSE) -> #DIV/0! | F16: =E16*D16 -> #DIV/0!
B17: CUSTO TOTAL | E17: TOTAL | F17: =SUM(F14:F16) -> #DIV/0!
B18: RESUMO DO ITEM
B19: Custo operacional total | C19: R$ / mês | F19: =SUM(F17,F12,F7) -> #DIV/0!
B20: Quantidade estimada | C20: Km de SARJ / mês | F20: ='4.4 DIM VARR MAN'!F10 -> 6189.6184
B21: Custo unitário sem BDI | C21: Km de SARJ | F21: =F19/F20 -> #DIV/0!
B22: BDI | C22: % | D22: ='BDI '!$C$22 -> 0.0526 | F22: =F21*D22 -> #DIV/0!
B23: PREÇO FINAL (com BDI) | C23: R$ / Km de guia | F23: =ROUND(F21+F22,2) -> #DIV/0!

Sheet 4.2 CPU MO
B2: COMPOSIÇÃO DE CUSTOS UNITÁRIOS - PESSOAL
B5: ITENS | C5: DISCRIMINAÇÃO | D5: FISCAL DIURNO | G5: FISCAL NOTURNO
B7: 1.0 | C7: REMUNERAÇÃO, ENCARGOS E BENEFÍCIOS | D7: VALOR | E7: QUANT. | F7: TOTAL | G7: VALOR | H7: QUANT. | I7: TOTAL
B8: 1.1 | C8: Remuneração
B9: 1.1.1 | C9: Salário | D9: ='1.1 SALÁRIOS'!$F$10 -> 0 | E9: 1 | F9: =E9*D9 -> 0 | G9: ='1.1 SALÁRIOS'!$F$10 -> 0 | H9: 1 | I9: =H9*G9 -> 0
B10: 1.1.2 | C10: Adicional de insalubridade | D10: ='1.1 SALÁRIOS'!$F$24 -> 0 | E10: 0 | F10: =E10*D10 -> 0 | G10: ='1.1 SALÁRIOS'!$F$24 -> 0 | H10: 0 | I10: =H10*G10 -> 0
B11: 1.1.3 | C11: Adicional noturno | G11: =I9+I10 -> 0 | H11: 0.2 | I11: =H11*G11 -> 0
B12: 1.1.4 | C12: Horas extras com 50%
B13: 1.1.5 | C13: Horas extras com 100%
B14: 1.1.6 | C14: Outros
C15: Total (A) | F15: =SUM(F9:F14) -> 0 | I15: =SUM(I9:I14) -> 0
B16: 1.2 | C16: Encargos sociais (B) | D16: =F15 -> 0 | E16: ='1.1 SALÁRIOS'!$F$33 -> 0 | F16: =E16*D16 -> 0 | G16: =I15 -> 0 | H16: ='1.1 SALÁRIOS'!$F$33 -> 0 | I16: =H16*G16 -> 0
B17: 1.3 | C17: Remuneração bruta (A + B) | F17: =SUM(F15:F16) -> 0 | I17: =SUM(I15:I16) -> 0
B18: 1.4 | C18: Benefícios
B19: 1.4.1 | C19: Vale transporte | D19: ='1.1 SALÁRIOS'!$F$35 -> 0 | E19: 25.25 | F19: =IF(2*E19*D19-0.06*D9<0,0,2*E19*D19-0.06*D9) -> 0 | G19: ='1.1 SALÁRIOS'!$F$35 -> 0 | H19: 25.25 | I19: =IF(2*H19*G19-0.06*G9<0,0,2*H19*G19-0.06*G9) -> 0
B20: 1.4.2 | C20: Gratificação | D20: =('1.1 SALÁRIOS'!$F$36+'1.1 SALÁRIOS'!$F$37)/12 -> 0 | E20: 1 | F20: =E20*D20 -> 0 | G20: =('1.1 SALÁRIOS'!$F$36+'1.1 SALÁRIOS'!$F$37)/12 -> 0 | H20: 1 | I20: =H20*G20 -> 0
B21: 1.4.3 | C21: Auxilio Alimentação | D21: ='1.1 SALÁRIOS'!$F$38 -> 0 | E21: =E19 -> 25.25 | F21: =E21*D21 -> 0 | G21: ='1.1 SALÁRIOS'!$F$38 -> 0 | H21: =H19 -> 25.25 | I21: =H21*G21 -> 0
B22: 1.4.4 | C22: Cesta Básica | D22: ='1.1 SALÁRIOS'!$F$39 -> 0 | E22: 1 | F22: =E22*D22 -> 0 | G22: ='1.1 SALÁRIOS'!$F$39 -> 0 | H22: 1 | I22: =H22*G22 -> 0
B23: 1.4.5 | C23: Auxilio Saúde | D23: ='1.1 SALÁRIOS'!$F$40 -> 0 | E23: 1 | F23: =E23*D23 -> 0 | G23: ='1.1 SALÁRIOS'!$F$40 -> 0 | H23: 1 | I23: =H23*G23 -> 0
B24: 1.4.6 | C24: Seguro de Vida | D24: ='1.1 SALÁRIOS'!$F$41 -> 0 | E24: 1 | F24: =E24*D24 -> 0 | G24: ='1.1 SALÁRIOS'!$F$41 -> 0 | H24: 1 | I24: =H24*G24 -> 0
C25: Total (C) | F25: =SUM(F19:F24) -> 0 | I25: =SUM(I19:I24) -> 0
B26: 2.0 | C26: UNIFORMES E EPI´s
B27: 2.1 | C27: Boné de brim tipo árabe | D27: =VLOOKUP(C27,'1.1 CUSTO FERRAME-UNIFORME-EPI'!B:C,2,FALSE) -> #DIV/0! | E27: 0.17 | F27: =E27*D27 -> #DIV/0! | G27: =VLOOKUP(C27,'1.1 CUSTO FERRAME-UNIFORME-EPI'!B:C,2,FALSE) -> #DIV/0! | H27: 0.17 | I27: =H27*G27 -> #DIV/0!
B28: 2.2 | C28: Calça jeans | D28: =VLOOKUP(C28,'1.1 CUSTO FERRAME-UNIFORME-EPI'!B:C,2,FALSE) -> #DIV/0! | E28: 0.33 | F28: =E28*D28 -> #DIV/0! | G28: =VLOOKUP(C28,'1.1 CUSTO FERRAME-UNIFORME-EPI'!B:C,2,FALSE) -> #DIV/0! | H28: 0.33 | I28: =H28*G28 -> #DIV/0!
B29: 2.3 | C29: Camisa polo, manga curta | D29: =VLOOKUP(C29,'1.1 CUSTO FERRAME-UNIFORME-EPI'!B:C,2,FALSE) -> #DIV/0! | E29: 0.33 | F29: =E29*D29 -> #DIV/0! | G29: =VLOOKUP(C29,'1.1 CUSTO FERRAME-UNIFORME-EPI'!B:C,2,FALSE) -> #DIV/0! | H29: 0.33 | I29: =H29*G29 -> #DIV/0!
B30: 2.4 | C30: Bota de couro, antiderrapante | D30: =VLOOKUP(C30,'1.1 CUSTO FERRAME-UNIFORME-EPI'!B:C,2,FALSE) -> 0 | E30: 0.17 | F30: =E30*D30 -> 0 | G30: =VLOOKUP(C30,'1.1 CUSTO FERRAME-UNIFORME-EPI'!B:C,2,FALSE) -> 0 | H30: 0.17 | I30: =H30*G30 -> 0
B31: 2.5 | C31: Capa de chuva, com capuz | D31: =VLOOKUP(C31,'1.1 CUSTO FERRAME-UNIFORME-EPI'!B:C,2,FALSE) -> 0 | E31: 0.17 | F31: =E31*D31 -> 0 | G31: =VLOOKUP(C31,'1.1 CUSTO FERRAME-UNIFORME-EPI'!B:C,2,FALSE) -> 0 | H31: 0.17 | I31: =H31*G31 -> 0
B32: 2.6 | C32: Protetor solar fator 30 (120ml/Mês) | D32: =VLOOKUP(C32,'1.1 CUSTO FERRAME-UNIFORME-EPI'!B:C,2,FALSE) -> 0 | E32: 0.3 | F32: =E32*D32 -> 0 | G32: =VLOOKUP(C32,'1.1 CUSTO FERRAME-UNIFORME-EPI'!B:C,2,FALSE) -> 0 | H32: 0 | I32: =H32*G32 -> 0
B33: 2.7 | C33: Colete refletor (trabalho noturno) | D33: =VLOOKUP(C33,'1.1 CUSTO FERRAME-UNIFORME-EPI'!B:C,2,FALSE) -> #DIV/0! | E33: 0 | F33: =E33*D33 -> #DIV/0! | G33: =VLOOKUP(C33,'1.1 CUSTO FERRAME-UNIFORME-EPI'!B:C,2,FALSE) -> #DIV/0! | H33: 0.17 | I33: =H33*G33 -> #DIV/0!
B34: 2.8 | C34: Garra Térmica 2L | D34: =VLOOKUP(C34,'1.1 CUSTO FERRAME-UNIFORME-EPI'!B:C,2,FALSE) -> #DIV/0! | E34: 0.08 | F34: =E34*D34 -> #DIV/0! | G34: =VLOOKUP(C34,'1.1 CUSTO FERRAME-UNIFORME-EPI'!B:C,2,FALSE) -> #DIV/0! | H34: 0.08 | I34: =H34*G34 -> #DIV/0!
C35: Total (D) | F35: =SUM(F27:F34) -> #DIV/0! | I35: =SUM(I27:I34) -> #DIV/0!
B37: 3.0 | C37: Valor total mensal (A + B + C + D) | F37: =SUM(F17,F25,F35) -> #DIV/0! | I37: =SUM(I17,I25,I35) -> #DIV/0!
B40: ITENS | C40: DISCRIMINAÇÃO | D40: MOTORISTA II DIURNO | G40: MOTORISTA II NOTURNO
B42: 1.0 | C42: REMUNERAÇÃO, ENCARGOS E BENEFÍCIOS | D42: VALOR | E42: QUANT. | F42: TOTAL | G42: VALOR | H42: QUANT. | I42: TOTAL
B43: 1.1 | C43: Remuneração
B44: 1.1.1 | C44: Salário | D44: ='1.1 SALÁRIOS'!$F$26 -> 0 | E44: 1 | F44: =E44*D44 -> 0 | G44: ='1.1 SALÁRIOS'!$F$26 -> 0 | H44: 1 | I44: =H44*G44 -> 0
B45: 1.1.2 | C45: Adicional de insalubridade | D45: ='1.1 SALÁRIOS'!$F$24 -> 0 | E45: 0.2 | F45: =E45*D45 -> 0 | G45: ='1.1 SALÁRIOS'!$F$24 -> 0 | H45: 0.2 | I45: =H45*G45 -> 0
B46: 1.1.3 | C46: Adicional noturno: 20% sobre salário | G46: =I44+I45 -> 0 | H46: 0.2 | I46: =H46*G46 -> 0
B47: 1.1.4 | C47: Horas extras com 50%
B48: 1.1.5 | C48: Horas extras com 100%
B49: 1.1.6 | C49: Outros
B50: 1.1.7 | C50: Total (A) | F50: =SUM(F44:F49) -> 0 | I50: =SUM(I44:I49) -> 0
B51: 1.2 | C51: Encargos sociais (B) | D51: =F50 -> 0 | E51: ='1.1 SALÁRIOS'!$F$33 -> 0 | F51: =E51*D51 -> 0 | G51: =I50 -> 0 | H51: ='1.1 SALÁRIOS'!$F$33 -> 0 | I51: =H51*G51 -> 0
B52: 1.3 | C52: Remuneração bruta (A + B) | F52: =SUM(F50:F51) -> 0 | I52: =SUM(I50:I51) -> 0
B53: 1.4 | C53: Benefícios
B54: 1.4.1 | C54: Vale transporte | D54: ='1.1 SALÁRIOS'!$F$35 -> 0 | E54: 25.25 | F54: =IF(2*E54*D54-0.06*D44<0,0,2*E54*D54-0.06*D44) -> 0 | G54: ='1.1 SALÁRIOS'!$F$35 -> 0 | H54: 25.25 | I54: =IF(2*H54*G54-0.06*G44<0,0,2*H54*G54-0.06*G44) -> 0
B55: 1.4.2 | C55: Gratificação | D55: =('1.1 SALÁRIOS'!$F$36+'1.1 SALÁRIOS'!$F$37)/12 -> 0 | E55: 1 | F55: =E55*D55 -> 0 | G55: =('1.1 SALÁRIOS'!$F$36+'1.1 SALÁRIOS'!$F$37)/12 -> 0 | H55: 1 | I55: =H55*G55 -> 0
B56: 1.4.3 | C56: Auxilio Alimentação | D56: ='1.1 SALÁRIOS'!$F$38 -> 0 | E56: =E54 -> 25.25 | F56: =E56*D56 -> 0 | G56: ='1.1 SALÁRIOS'!$F$38 -> 0 | H56: =H54 -> 25.25 | I56: =H56*G56 -> 0
B57: 1.4.4 | C57: Cesta Básica | D57: ='1.1 SALÁRIOS'!$F$39 -> 0 | E57: 1 | F57: =E57*D57 -> 0 | G57: ='1.1 SALÁRIOS'!$F$39 -> 0 | H57: 1 | I57: =H57*G57 -> 0
B58: 1.4.5 | C58: Auxilio Saúde | D58: ='1.1 SALÁRIOS'!$F$40 -> 0 | E58: 1 | F58: =E58*D58 -> 0 | G58: ='1.1 SALÁRIOS'!$F$40 -> 0 | H58: 1 | I58: =H58*G58 -> 0
B59: 1.4.6 | C59: Seguro de Vida | D59: ='1.1 SALÁRIOS'!$F$41 -> 0 | E59: 1 | F59: =E59*D59 -> 0 | G59: ='1.1 SALÁRIOS'!$F$41 -> 0 | H59: 1 | I59: =H59*G59 -> 0
B60: 1.4.7 | C60: Total (C) | F60: =SUM(F54:F59) -> 0 | I60: =SUM(I54:I59) -> 0
B61: 2.0 | C61: UNIFORMES E EPI´s
B62: 2.1 | C62: Boné de brim tipo árabe | D62: =VLOOKUP(C62,'1.1 CUSTO FERRAME-UNIFORME-EPI'!B:C,2,FALSE) -> #DIV/0! | E62: 0.17 | F62: =E62*D62 -> #DIV/0! | G62: =VLOOKUP(C62,'1.1 CUSTO FERRAME-UNIFORME-EPI'!B:C,2,FALSE) -> #DIV/0! | H62: 0.17 | I62: =H62*G62 -> #DIV/0!
B63: 2.2 | C63: Calça jeans | D63: =VLOOKUP(C63,'1.1 CUSTO FERRAME-UNIFORME-EPI'!B:C,2,FALSE) -> #DIV/0! | E63: 0.33 | F63: =E63*D63 -> #DIV/0! | G63: =VLOOKUP(C63,'1.1 CUSTO FERRAME-UNIFORME-EPI'!B:C,2,FALSE) -> #DIV/0! | H63: 0.33 | I63: =H63*G63 -> #DIV/0!
B64: 2.3 | C64: Camisa polo, manga curta | D64: =VLOOKUP(C64,'1.1 CUSTO FERRAME-UNIFORME-EPI'!B:C,2,FALSE) -> #DIV/0! | E64: 0.33 | F64: =E64*D64 -> #DIV/0! | G64: =VLOOKUP(C64,'1.1 CUSTO FERRAME-UNIFORME-EPI'!B:C,2,FALSE) -> #DIV/0! | H64: 0.33 | I64: =H64*G64 -> #DIV/0!
B65: 2.4 | C65: Bota de couro, antiderrapante | D65: =VLOOKUP(C65,'1.1 CUSTO FERRAME-UNIFORME-EPI'!B:C,2,FALSE) -> 0 | E65: 0.17 | F65: =E65*D65 -> 0 | G65: =VLOOKUP(C65,'1.1 CUSTO FERRAME-UNIFORME-EPI'!B:C,2,FALSE) -> 0 | H65: 0.17 | I65: =H65*G65 -> 0
B66: 2.5 | C66: Capa de chuva, com capuz | D66: =VLOOKUP(C66,'1.1 CUSTO FERRAME-UNIFORME-EPI'!B:C,2,FALSE) -> 0 | E66: 0.17 | F66: =E66*D66 -> 0 | G66: =VLOOKUP(C66,'1.1 CUSTO FERRAME-UNIFORME-EPI'!B:C,2,FALSE) -> 0 | H66: 0.17 | I66: =H66*G66 -> 0
B67: 2.6 | C67: Protetor solar fator 30 (120ml/Mês) | D67: =VLOOKUP(C67,'1.1 CUSTO FERRAME-UNIFORME-EPI'!B:C,2,FALSE) -> 0 | E67: 0.3 | F67: =E67*D67 -> 0 | G67: =VLOOKUP(C67,'1.1 CUSTO FERRAME-UNIFORME-EPI'!B:C,2,FALSE) -> 0 | H67: 0 | I67: =H67*G67 -> 0
B68: 2.7 | C68: Colete refletor (trabalho noturno) | D68: =VLOOKUP(C68,'1.1 CUSTO FERRAME-UNIFORME-EPI'!B:C,2,FALSE) -> #DIV/0! | E68: 0 | F68: =E68*D68 -> #DIV/0! | G68: =VLOOKUP(C68,'1.1 CUSTO FERRAME-UNIFORME-EPI'!B:C,2,FALSE) -> #DIV/0! | H68: 0.17 | I68: =H68*G68 -> #DIV/0!
B69: 2.8 | C69: Garra Térmica 2L | D69: =VLOOKUP(C69,'1.1 CUSTO FERRAME-UNIFORME-EPI'!B:C,2,FALSE) -> #DIV/0! | E69: 0.08 | F69: =E69*D69 -> #DIV/0! | G69: =VLOOKUP(C69,'1.1 CUSTO FERRAME-UNIFORME-EPI'!B:C,2,FALSE) -> #DIV/0! | H69: 0.08 | I69: =H69*G69 -> #DIV/0!
C70: Total (D) | F70: =SUM(F62:F69) -> #DIV/0! | I70: =SUM(I62:I69) -> #DIV/0!
B72: 3.0 | C72: Valor total mensal (A + B + C + D) | F72: =SUM(F70,F60,F52) -> #DIV/0! | I72: =SUM(I70,I60,I52) -> #DIV/0!
B75: ITENS | C75: DISCRIMINAÇÃO | D75: VARREDOR DIURNO | G75: VARREDOR NOTURNO
B77: 1.0 | C77: REMUNERAÇÃO, ENCARGOS E BENEFÍCIOS | D77: VALOR | E77: QUANT. | F77: TOTAL | G77: VALOR | H77: QUANT. | I77: TOTAL
B78: 1.1 | C78: Remuneração
B79: 1.1.1 | C79: Salário | D79: ='1.1 SALÁRIOS'!$F$5 -> 0 | E79: 1 | F79: =E79*D79 -> 0 | G79: ='1.1 SALÁRIOS'!$F$5 -> 0 | H79: 1 | I79: =H79*G79 -> 0
B80: 1.1.2 | C80: Adicional de insalubridade | D80: ='1.1 SALÁRIOS'!$F$24 -> 0 | E80: 0.4 | F80: =E80*D80 -> 0 | G80: ='1.1 SALÁRIOS'!$F$24 -> 0 | H80: 0.4 | I80: =H80*G80 -> 0
B81: 1.1.3 | C81: Adicional noturno: 20% sobre salário | G81: =I79+I80 -> 0 | H81: 0.2 | I81: =H81*G81 -> 0
B82: 1.1.4 | C82: Horas extras com 50%
B83: 1.1.5 | C83: Horas extras com 100%
B84: 1.1.6 | C84: Outros
C85: Total (A) | F85: =SUM(F79:F84) -> 0 | I85: =SUM(I79:I84) -> 0
B86: 1.2 | C86: Encargos sociais (B) | D86: =F85 -> 0 | E86: ='1.1 SALÁRIOS'!$F$33 -> 0 | F86: =E86*D86 -> 0 | G86: =I85 -> 0 | H86: ='1.1 SALÁRIOS'!$F$33 -> 0 | I86: =H86*G86 -> 0
B87: 1.3 | C87: Remuneração bruta (A + B) | F87: =SUM(F85:F86) -> 0 | I87: =SUM(I85:I86) -> 0
B88: 1.4 | C88: Benefícios
B89: 1.4.1 | C89: Vale transporte | D89: ='1.1 SALÁRIOS'!$F$35 -> 0 | E89: 25.25 | F89: =IF(2*E89*D89-0.06*D79<0,0,2*E89*D89-0.06*D79) -> 0 | G89: ='1.1 SALÁRIOS'!$F$35 -> 0 | H89: 25.25 | I89: =IF(2*H89*G89-0.06*G79<0,0,2*H89*G89-0.06*G79) -> 0
B90: 1.4.2 | C90: Gratificação | D90: =('1.1 SALÁRIOS'!$F$36+'1.1 SALÁRIOS'!$F$37)/12 -> 0 | E90: 1 | F90: =E90*D90 -> 0 | G90: =('1.1 SALÁRIOS'!$F$36+'1.1 SALÁRIOS'!$F$37)/12 -> 0 | H90: 1 | I90: =H90*G90 -> 0
B91: 1.4.3 | C91: Auxilio Alimentação | D91: ='1.1 SALÁRIOS'!$F$38 -> 0 | E91: =E89 -> 25.25 | F91: =E91*D91 -> 0 | G91: ='1.1 SALÁRIOS'!$F$38 -> 0 | H91: =H89 -> 25.25 | I91: =H91*G91 -> 0
B92: 1.4.4 | C92: Cesta Básica | D92: ='1.1 SALÁRIOS'!$F$39 -> 0 | E92: 1 | F92: =E92*D92 -> 0 | G92: ='1.1 SALÁRIOS'!$F$39 -> 0 | H92: 1 | I92: =H92*G92 -> 0
B93: 1.4.5 | C93: Auxilio Saúde | D93: ='1.1 SALÁRIOS'!$F$40 -> 0 | E93: 1 | F93: =E93*D93 -> 0 | G93: ='1.1 SALÁRIOS'!$F$40 -> 0 | H93: 1 | I93: =H93*G93 -> 0
B94: 1.4.6 | C94: Seguro de Vida | D94: ='1.1 SALÁRIOS'!$F$41 -> 0 | E94: 1 | F94: =E94*D94 -> 0 | G94: ='1.1 SALÁRIOS'!$F$41 -> 0 | H94: 1 | I94: =H94*G94 -> 0
C95: Total (C) | F95: =SUM(F89:F94) -> 0 | I95: =SUM(I89:I94) -> 0
B96: 2.0 | C96: UNIFORMES E EPI´s
B97: 2.1 | C97: Boné de brim tipo árabe | D97: =VLOOKUP(C97,'1.1 CUSTO FERRAME-UNIFORME-EPI'!B:C,2,FALSE) -> #DIV/0! | E97: 0.25 | F97: =E97*D97 -> #DIV/0! | G97: =VLOOKUP(C97,'1.1 CUSTO FERRAME-UNIFORME-EPI'!B:C,2,FALSE) -> #DIV/0! | H97: 0.25 | I97: =H97*G97 -> #DIV/0!
B98: 2.2 | C98: Calça de brim | D98: =VLOOKUP(C98,'1.1 CUSTO FERRAME-UNIFORME-EPI'!B:C,2,FALSE) -> 0 | E98: 0.5 | F98: =E98*D98 -> 0 | G98: =VLOOKUP(C98,'1.1 CUSTO FERRAME-UNIFORME-EPI'!B:C,2,FALSE) -> 0 | H98: 0.5 | I98: =H98*G98 -> 0
B99: 2.3 | C99: Camisa de brim, manga longa | D99: =VLOOKUP(C99,'1.1 CUSTO FERRAME-UNIFORME-EPI'!B:C,2,FALSE) -> 0 | E99: 0.5 | F99: =E99*D99 -> 0 | G99: =VLOOKUP(C99,'1.1 CUSTO FERRAME-UNIFORME-EPI'!B:C,2,FALSE) -> 0 | H99: 0.5 | I99: =H99*G99 -> 0
B100: 2.4 | C100: Calçado, antiderrapante, tipo tênis | D100: =VLOOKUP(C100,'1.1 CUSTO FERRAME-UNIFORME-EPI'!B:C,2,FALSE) -> 0 | E100: 0.25 | F100: =E100*D100 -> 0 | G100: =VLOOKUP(C100,'1.1 CUSTO FERRAME-UNIFORME-EPI'!B:C,2,FALSE) -> 0 | H100: 0.25 | I100: =H100*G100 -> 0
B101: 2.5 | C101: Meião de lã | D101: =VLOOKUP(C101,'1.1 CUSTO FERRAME-UNIFORME-EPI'!B:C,2,FALSE) -> #DIV/0! | E101: 0.25 | F101: =E101*D101 -> #DIV/0! | G101: =VLOOKUP(C101,'1.1 CUSTO FERRAME-UNIFORME-EPI'!B:C,2,FALSE) -> #DIV/0! | H101: 0.25 | I101: =H101*G101 -> #DIV/0!
B102: 2.6 | C102: Capa de chuva, com capuz | D102: =VLOOKUP(C102,'1.1 CUSTO FERRAME-UNIFORME-EPI'!B:C,2,FALSE) -> 0 | E102: 0.17 | F102: =E102*D102 -> 0 | G102: =VLOOKUP(C102,'1.1 CUSTO FERRAME-UNIFORME-EPI'!B:C,2,FALSE) -> 0 | H102: 0.17 | I102: =H102*G102 -> 0
B103: 2.7 | C103: Luva raspa de couro, cano curto | D103: =VLOOKUP(C103,'1.1 CUSTO FERRAME-UNIFORME-EPI'!B:C,2,FALSE) -> 0 | E103: 0.5 | F103: =E103*D103 -> 0 | G103: =VLOOKUP(C103,'1.1 CUSTO FERRAME-UNIFORME-EPI'!B:C,2,FALSE) -> 0 | H103: 0.5 | I103: =H103*G103 -> 0
B104: 2.8 | C104: Mascara descartável | D104: =VLOOKUP(C104,'1.1 CUSTO FERRAME-UNIFORME-EPI'!B:C,2,FALSE) -> 0 | E104: 2.17 | F104: =E104*D104 -> 0 | G104: =VLOOKUP(C104,'1.1 CUSTO FERRAME-UNIFORME-EPI'!B:C,2,FALSE) -> 0 | H104: 2.17 | I104: =H104*G104 -> 0
B105: 2.9 | C105: Colete refletor (trabalho noturno) | G105: =VLOOKUP(C105,'1.1 CUSTO FERRAME-UNIFORME-EPI'!B:C,2,FALSE) -> #DIV/0! | H105: 0.17 | I105: =H105*G105 -> #DIV/0!
B106: 2.10 | C106: Protetor solar fator 30 (120ml/Mês) | D106: =VLOOKUP(C106,'1.1 CUSTO FERRAME-UNIFORME-EPI'!B:C,2,FALSE) -> 0 | E106: 0.3 | F106: =E106*D106 -> 0
B107: 2.11 | C107: Garra Térmica 2L | D107: =VLOOKUP(C107,'1.1 CUSTO FERRAME-UNIFORME-EPI'!B:C,2,FALSE) -> #DIV/0! | E107: 0.08 | F107: =E107*D107 -> #DIV/0! | G107: =VLOOKUP(C107,'1.1 CUSTO FERRAME-UNIFORME-EPI'!B:C,2,FALSE) -> #DIV/0! | H107: 0.08 | I107: =H107*G107 -> #DIV/0!
C108: Total (D) | F108: =SUM(F97:F107) -> #DIV/0! | I108: =SUM(I97:I107) -> #DIV/0!
B110: 3.0 | C110: Valor total mensal (A + B + C + D) | F110: =F108+F95+F87 -> #DIV/0! | I110: =I108+I95+I87 -> #DIV/0!

Sheet 4.3 EQUIP VEICULOS (2)
A2: TABELA DE CUSTOS UNITÁRIOS - VEÍCULOS E EQUIPAMENTOS
A6: ITENS | B6: DISCRIMINAÇÃO | C6: VEÍCULO DE TRANSPORTE - VAN | D6: LUTICAR 240L
C7: Valores (R$) | D7: Valores (R$)
A8: A | B8: DEPRECIAÇÃO | C8: =(C9-C11)/C43/12 -> 0 | D8: =(D9-D11)/D43/12 -> #DIV/0!
A9: A1 | B9: CUSTO DE AQUISIÇÃO | C9: ='1.1 REF EQUIPAMENTOS E DIV'!E18 -> 0 | D9: ='1.1 CUSTO FERRAME-UNIFORME-EPI'!C7 -> #DIV/0!
A11: A2 | B11: VALOR RESIDUAL | C11: =C9*C42 -> 0 | D11: =D9*D42 -> #DIV/0!
A13: B | B13: OPORTUNIDADE DE CAPITAL | C13: =C17*C19/12 -> 0 | D13: =D17*D19/12 -> #DIV/0!
A15: B1 | B15: CUSTO DE AQUISIÇÃO | C15: =C9 -> 0 | D15: =D9 -> #DIV/0!
A17: B2 | B17: INVESTIMENTO MÉDIO | C17: =(C9-C11)*((1+C43)/(2*C43))/1.25 -> 0 | D17: =(D9-D11)*((1+D43)/(2*D43))/1.25 -> #DIV/0!
A19: B3 | B19: TAXA DE JUROS AO ANO | C19: 0.1325 | D19: 0.1325
A20: C | B20: COMBUSTÍVEL | C20: =C25*7.33*25.25 -> 0
A21: C1 | B21: CONSUMO DE ÓLEO DIESEL/H TRABALHADA | C21: =130*0.735*0.07 -> 6.6885
B23: CUSTO/LITRO ÓLEO DIESEL | C23: ='1.1 REF EQUIPAMENTOS E DIV'!E38 -> 0
A25: C2 | B25: CUSTO/HORA ÓLEO DIESEL | C25: =C23*C21 -> 0
A26: D | B26: LUBRIFICANTES | C26: =C29 -> 0
A27: D1 | B27: CONSUMO DE LUBRIFICANTES | C27: 0.27
A29: D2 | B29: CUSTO LUBRIFICANTES | C29: =C27*C20 -> 0
A31: F | B31: MANUTENÇÃO, IMPOSTOS E SEGUROS | C31: =C37 -> 0 | D31: =D37 -> #DIV/0!
A32: F1 | B32: DEPRECIAÇÃO/HORA | C32: =C8 -> 0 | D32: =D8 -> #DIV/0!
A34: F2 | B34: COEFICIENTE DE MANUTENÇÃO | C34: 0.6 | D34: 1
A35: F3 | B35: SEGUROS E IMPOSTOS | C35: 0.025
A37: F4 | B37: CUSTO MANUTENÇÃO | C37: =(C34+C35)*C32 -> 0 | D37: =D34*D32 -> #DIV/0!
A38: G | B38: GPS | C38: ='1.1 REF EQUIPAMENTOS E DIV'!$E$35 -> #DIV/0!
B39: CUSTO MENSAL | C39: =C31++C26+C20+C13+C8+C38 -> #DIV/0! | D39: =D31++D26+D20+D13+D8 -> #DIV/0!
B42: VALOR RESIDUAL | C42: 0.4 | D42: 0
B43: VIDA UTIL | C43: 5 | D43: 1

Sheet 4.4 DIM VARR MAN
A3: PROJETO BÁSICO
A4: DIMENSIONAMENTO DA VARRIÇÃO MANUAL
A5: ITEM | B5: SETOR | C5: EXTENSÃO DAS VIAS SETOR (kM) | F5: EXTENSÃO VARRIDA POR MÊS (kM)
A6: 1 | B6: VARRIÇÃO DIÁRIA (SEG A SAB) | C6: 34.9797 | F6: =C6*25.25 -> 883.23743
A7: =1+A6 -> 2 | B7: VARRIÇÃO ALTERNADA (3X NA SEMANA) | C7: 175.174 | F7: =C7*25.25/2 -> 2211.5718
A9: EXTENSÃO TOTAL DAS VIAS (KM) | C9: =SUM(C6:C8) -> 210.1537 | D9: EXTENSÃO DE VARRIÇÃO /MÊS - EIXO DE VIA (KM) | F9: =SUM(F6:F8) -> 3094.8092
A10: EXTENSÃO TOTAL DE VARRIÇÃO - SARJETAS (KM) | F10: =F9*2 -> 6189.6184
A11: DIAS TRABALHADOS AO MÊS | F11: 25.25
A12: EXTENSÃO MÉDIA VARRIDA POR DIA - SARJETAS (KM) | F12: =F10/F11 -> 245.1334
A13: RENDIMENTO MÉDIO DIÁRIO POR VARREDOR (SARJETAS) KM/DIA | F13: 4
A14: NÚMERO DE VARREDORES POR EQUIPE (02 VARREDORES) | F14: 2
A15: NÚMERO DE VARREDORES NECESSÁRIO | F15: =F12/F13 -> 61.28335
A16: NÚMERO DE VARREDORES ADOTADO | F16: =_xlfn.CEILING.MATH(F15,2) -> 62
A18: QUANTIDADE DE FISCAIS (1 para cada grupo de 20 garis) | F18: =ROUND(F16/20,0) -> 3

Sheet 5.1 VARR MECANIZADA
A1: COMPOSIÇÃO DE PREÇOS UNITÁRIOS DE SERVIÇO
A2: ='ORÇAMENTO GERAL'!B11 -> Varrição Mecanizada
E3: Unidade: | F3: KM DE SARJETA | H3: 16
A4: ITENS | B4: DISCRIMINAÇÃO | C4: UNIDADE | D4: QUANT. | E4: VALOR UNITÁRIO | F4: VALOR TOTAL | H4: 16
A5: 1 | B5: EQUIPAMENTOS | H5: 16
A6: 1.1 | B6: Varredeira mecânica autopropelida | C6: und | D6: 1 | E6: ='5.3 EQUIP VEICULOS '!C40 -> #DIV/0! | F6: =E6*D6 -> #DIV/0!
E8: Total | F8: =SUM(F6:F7) -> #DIV/0!
A9: 2 | B9: MÃO DE OBRA
A10: 2.1 | B10: Motorista Noturno | C10: mês | D10: =D6 -> 1 | E10: ='5.2 MAO DE OBRA'!F35 -> #DIV/0! | F10: =E10*D10 -> #DIV/0!
A11: 2.2 | B11: Ajudante de Operação Noturno | C11: mês | D11: =D6 -> 1 | E11: ='5.2 MAO DE OBRA'!F71 -> #DIV/0! | F11: =E11*D11 -> #DIV/0!
E12: Total | F12: =SUM(F10:F11) -> #DIV/0!
A13: 3 | B13: FERRAMENTAS
A14: 3.1 | B14: Pá quadrada, com cabo | C14: und | D14: =D6 -> 1 | E14: =VLOOKUP(B14,'1.1 CUSTO FERRAME-UNIFORME-EPI'!B:C,2,FALSE) -> #DIV/0! | F14: =E14*D14 -> #DIV/0!
A15: 3.2 | B15: Vassoura de piaçava 28 furos, com cabo | C15: und | D15: =2*D6 -> 2 | E15: =VLOOKUP(B15,'1.1 CUSTO FERRAME-UNIFORME-EPI'!B:C,2,FALSE) -> 0 | F15: =E15*D15 -> 0
A16: 3.3 | B16: Cone de sinalização | C16: und | D16: =D6 -> 1 | E16: =VLOOKUP(B16,'1.1 CUSTO FERRAME-UNIFORME-EPI'!B:C,2,FALSE) -> 0 | F16: =E16*D16 -> 0
A17: 3.4 | B17: Ancinho, com cabo/ Gadanho | C17: und | D17: =2*D6 -> 2 | E17: =VLOOKUP(B17,'1.1 CUSTO FERRAME-UNIFORME-EPI'!B:C,2,FALSE) -> #DIV/0! | F17: =E17*D17 -> #DIV/0!
E18: Total | F18: =SUM(F14:F17) -> #DIV/0!
B19: RESUMO DO ITEM
B20: Custo operacional total | C20: R$ / mês | F20: =SUM(F8,F12,F18) -> #DIV/0!
B21: Quantidade estimada | C21: Km de SARJ / mês | F21: ='5.4 DIM VARR MEC'!F10 -> 1695.2
B22: Custo unitário sem BDI | C22: Km de SARJ | F22: =F20/F21 -> #DIV/0!
B23: BDI | C23: % | D23: ='BDI '!$C$22 -> 0.0526 | F23: =F22*D23 -> #DIV/0!
B24: PREÇO FINAL (com BDI) | C24: R$ / Km de guia | F24: =ROUND(F23+F22,2) -> #DIV/0!

Sheet 5.2 MAO DE OBRA
B1: COMPOSIÇÃO DE CUSTOS UNITÁRIOS - PESSOAL
B3: ITENS | C3: DISCRIMINAÇÃO | D3: MOTORISTA NOTURNO - VARRIÇÃO MECANIZADA
B5: 1.0 | C5: REMUNERAÇÃO, ENCARGOS E BENEFÍCIOS | D5: VALOR | E5: QUANT. | F5: TOTAL
B6: 1.1 | C6: Remuneração
B7: 1.1.1 | C7: Salário | D7: ='1.1 SALÁRIOS'!$F$26 -> 0 | E7: 1 | F7: =E7*D7 -> 0
B8: 1.1.2 | C8: Adicional de insalubridade | D8: ='1.1 SALÁRIOS'!$F$23 -> 0 | E8: 0.2 | F8: =E8*D8 -> 0
B9: 1.1.3 | C9: Adicional noturno: 20% sobre salário | D9: =F7+F8 -> 0 | E9: 0.2 | F9: =E9*D9 -> 0
B10: 1.1.4 | C10: Horas extras com 50%
B11: 1.1.5 | C11: Horas extras com 100%
B12: 1.1.6 | C12: Outros
B13: 1.1.7 | C13: Total (A) | F13: =SUM(F7:F12) -> 0
B14: 1.2 | C14: Encargos sociais (B) | D14: =F13 -> 0 | E14: ='1.1 SALÁRIOS'!$F$33 -> 0 | F14: =E14*D14 -> 0
B15: 1.3 | C15: Remuneração bruta (A + B) | F15: =SUM(F13:F14) -> 0
B16: 1.4 | C16: Benefícios
B17: 1.4.1 | C17: Vale transporte | D17: ='1.1 SALÁRIOS'!$F$35 -> 0 | E17: 25.25 | F17: =IF(2*E17*D17-0.06*D7<0,0,2*E17*D17-0.06*D7) -> 0
B18: 1.4.2 | C18: Gratificação | D18: =('1.1 SALÁRIOS'!$F$36+'1.1 SALÁRIOS'!$F$37)/12 -> 0 | E18: 1 | F18: =E18*D18 -> 0
B19: 1.4.3 | C19: Auxilio Alimentação | D19: ='1.1 SALÁRIOS'!$F$38 -> 0 | E19: =E17 -> 25.25 | F19: =E19*D19 -> 0
B20: 1.4.4 | C20: Cesta Básica | D20: ='1.1 SALÁRIOS'!$F$39 -> 0 | E20: 1 | F20: =E20*D20 -> 0
B21: 1.4.5 | C21: Auxilio Saúde | D21: ='1.1 SALÁRIOS'!$F$40 -> 0 | E21: 1 | F21: =E21*D21 -> 0
B22: 1.4.6 | C22: Seguro de Vida | D22: ='1.1 SALÁRIOS'!$F$41 -> 0 | E22: 1 | F22: =E22*D22 -> 0
B23: 1.4.7 | C23: Total (C) | F23: =SUM(F17:F22) -> 0
B24: 2.0 | C24: UNIFORMES E EPI´s
B25: 2.1 | C25: ='1.1 CUSTO FERRAME-UNIFORME-EPI'!$B$18 -> Boné de brim tipo árabe | D25: =VLOOKUP(C25,'1.1 CUSTO FERRAME-UNIFORME-EPI'!B:C,2,FALSE) -> #DIV/0! | E25: 0.17 | F25: =E25*D25 -> #DIV/0!
B26: 2.2 | C26: ='1.1 CUSTO FERRAME-UNIFORME-EPI'!$B$31 -> Calça jeans | D26: =VLOOKUP(C26,'1.1 CUSTO FERRAME-UNIFORME-EPI'!B:C,2,FALSE) -> #DIV/0! | E26: 0.33 | F26: =E26*D26 -> #DIV/0!
B27: 2.3 | C27: Camisa polo, manga curta | D27: =VLOOKUP(C27,'1.1 CUSTO FERRAME-UNIFORME-EPI'!B:C,2,FALSE) -> #DIV/0! | E27: 0.33 | F27: =E27*D27 -> #DIV/0!
B28: 2.4 | C28: ='1.1 CUSTO FERRAME-UNIFORME-EPI'!$B$33 -> Bota de couro, antiderrapante | D28: =VLOOKUP(C28,'1.1 CUSTO FERRAME-UNIFORME-EPI'!B:C,2,FALSE) -> 0 | E28: 0.17 | F28: =E28*D28 -> 0
B29: 2.5 | C29: Capa de chuva, com capuz | D29: =VLOOKUP(C29,'1.1 CUSTO FERRAME-UNIFORME-EPI'!B:C,2,FALSE) -> 0 | E29: 0.17 | F29: =E29*D29 -> 0
B30: 2.6 | C30: ='1.1 CUSTO FERRAME-UNIFORME-EPI'!$B$22 -> Protetor solar fator 30 (120ml/Mês) | D30: =VLOOKUP(C30,'1.1 CUSTO FERRAME-UNIFORME-EPI'!B:C,2,FALSE) -> 0 | E30: 0.3 | F30: =E30*D30 -> 0
B31: 2.7 | C31: Colete refletor (trabalho noturno) | D31: =VLOOKUP(C31,'1.1 CUSTO FERRAME-UNIFORME-EPI'!B:C,2,FALSE) -> #DIV/0! | E31: 0 | F31: =E31*D31 -> #DIV/0!
B32: 2.8 | C32: ='1.1 CUSTO FERRAME-UNIFORME-EPI'!$B$34 -> Garra Térmica 2L | D32: =VLOOKUP(C32,'1.1 CUSTO FERRAME-UNIFORME-EPI'!B:C,2,FALSE) -> #DIV/0! | E32: 0.08 | F32: =E32*D32 -> #DIV/0!
C33: Total (D) | F33: =SUM(F25:F32) -> #DIV/0!
B35: 3.0 | C35: Valor total mensal (A + B + C + D) | F35: =SUM(F33,F23,F15) -> #DIV/0!
B37: ITENS | C37: DISCRIMINAÇÃO | D37: AJUDANTE OPERAÇÃO NOTURNO
B39: 1.0 | C39: REMUNERAÇÃO, ENCARGOS E BENEFÍCIOS | D39: VALOR | E39: QUANT. | F39: TOTAL
B40: 1.1 | C40: Remuneração
B41: 1.1.1 | C41: Salário | D41: ='1.1 SALÁRIOS'!F7 -> 0 | E41: 1 | F41: =E41*D41 -> 0
B42: 1.1.2 | C42: Adicional de insalubridade | D42: ='1.1 SALÁRIOS'!$F$23 -> 0 | E42: 0.2 | F42: =E42*D42 -> 0
B43: 1.1.3 | C43: Adicional noturno: 20% sobre salário | D43: =F41+F42 -> 0 | E43: 0.2 | F43: =E43*D43 -> 0
B44: 1.1.4 | C44: Horas extras com 50%
B45: 1.1.5 | C45: Horas extras com 100%
B46: 1.1.6 | C46: Outros
C47: Total (A) | F47: =SUM(F41:F46) -> 0
B48: 1.2 | C48: Encargos sociais (B) | D48: =F47 -> 0 | E48: ='1.1 SALÁRIOS'!$F$33 -> 0 | F48: =E48*D48 -> 0
B49: 1.3 | C49: Remuneração bruta (A + B) | F49: =SUM(F47:F48) -> 0
B50: 1.4 | C50: Benefícios
B51: 1.4.1 | C51: Vale transporte | D51: ='1.1 SALÁRIOS'!$F$35 -> 0 | E51: 25.25 | F51: =IF(2*E51*D51-0.06*D41<0,0,2*E51*D51-0.06*D41) -> 0
B52: 1.4.2 | C52: Gratificação | D52: =('1.1 SALÁRIOS'!$F$36+'1.1 SALÁRIOS'!$F$37)/12 -> 0 | E52: 1 | F52: =E52*D52 -> 0
B53: 1.4.3 | C53: Auxilio Alimentação | D53: ='1.1 SALÁRIOS'!$F$38 -> 0 | E53: =E51 -> 25.25 | F53: =E53*D53 -> 0
B54: 1.4.4 | C54: Cesta Básica | D54: ='1.1 SALÁRIOS'!$F$39 -> 0 | E54: 1 | F54: =E54*D54 -> 0
B55: 1.4.5 | C55: Auxilio Saúde | D55: ='1.1 SALÁRIOS'!$F$40 -> 0 | E55: 1 | F55: =E55*D55 -> 0
B56: 1.4.6 | C56: Seguro de Vida | D56: ='1.1 SALÁRIOS'!$F$41 -> 0 | E56: 1 | F56: =E56*D56 -> 0
C57: Total (C) | F57: =SUM(F51:F56) -> 0
B58: 2.0 | C58: UNIFORMES E EPI´s
B59: 2.1 | C59: Boné de brim tipo árabe | D59: =VLOOKUP(C59,'1.1 CUSTO FERRAME-UNIFORME-EPI'!B:C,2,FALSE) -> #DIV/0! | E59: 0.25 | F59: =E59*D59 -> #DIV/0!
B60: 2.2 | C60: ='1.1 CUSTO FERRAME-UNIFORME-EPI'!$B$19 -> Calça de brim | D60: =VLOOKUP(C60,'1.1 CUSTO FERRAME-UNIFORME-EPI'!B:C,2,FALSE) -> 0 | E60: 0.5 | F60: =E60*D60 -> 0
B61: 2.3 | C61: ='1.1 CUSTO FERRAME-UNIFORME-EPI'!$B$20 -> Camisa de brim, manga longa | D61: =VLOOKUP(C61,'1.1 CUSTO FERRAME-UNIFORME-EPI'!B:C,2,FALSE) -> 0 | E61: 0.5 | F61: =E61*D61 -> 0
B62: 2.4 | C62: ='1.1 CUSTO FERRAME-UNIFORME-EPI'!$B$27 -> Calçado, antiderrapante, tipo tênis | D62: =VLOOKUP(C62,'1.1 CUSTO FERRAME-UNIFORME-EPI'!B:C,2,FALSE) -> 0 | E62: 0.25 | F62: =E62*D62 -> 0
B63: 2.5 | C63: Meião de lã | D63: =VLOOKUP(C63,'1.1 CUSTO FERRAME-UNIFORME-EPI'!B:C,2,FALSE) -> #DIV/0! | E63: 0.25 | F63: =E63*D63 -> #DIV/0!
B64: 2.6 | C64: Capa de chuva, com capuz | D64: =VLOOKUP(C64,'1.1 CUSTO FERRAME-UNIFORME-EPI'!B:C,2,FALSE) -> 0 | E64: 0.17 | F64: =E64*D64 -> 0
B65: 2.7 | C65: ='1.1 CUSTO FERRAME-UNIFORME-EPI'!$B$28 -> Luva raspa de couro, cano curto | D65: =VLOOKUP(C65,'1.1 CUSTO FERRAME-UNIFORME-EPI'!B:C,2,FALSE) -> 0 | E65: 0.5 | F65: =E65*D65 -> 0
B66: 2.8 | C66: ='1.1 CUSTO FERRAME-UNIFORME-EPI'!$B$29 -> Mascara descartável | D66: =VLOOKUP(C66,'1.1 CUSTO FERRAME-UNIFORME-EPI'!B:C,2,FALSE) -> 0 | E66: 2.17 | F66: =E66*D66 -> 0
B67: 2.9 | C67: Colete refletor (trabalho noturno) | D67: =VLOOKUP(C67,'1.1 CUSTO FERRAME-UNIFORME-EPI'!B:C,2,FALSE) -> #DIV/0! | E67: 0.17 | F67: =E67*D67 -> #DIV/0!
B68: 2.10 | C68: ='1.1 CUSTO FERRAME-UNIFORME-EPI'!$B$22 -> Protetor solar fator 30 (120ml/Mês) | D68: =VLOOKUP(C68,'1.1 CUSTO FERRAME-UNIFORME-EPI'!B:C,2,FALSE) -> 0 | E68: 0.3 | F68: =E68*D68 -> 0
C69: Total (D) | F69: =SUM(F59:F68) -> #DIV/0!
B71: 3.0 | C71: Valor total mensal (A + B + C + D) | F71: =F69+F57+F49 -> #DIV/0!

Sheet 5.3 EQUIP VEICULOS 
A2: TABELA DE CUSTOS UNITÁRIOS - VEÍCULOS E EQUIPAMENTOS
A6: ITENS | B6: DISCRIMINAÇÃO | C6: CAMINHÃO VARREDEIRA AUTOPROPELIDA
C7: Valores (R$)
A8: A | B8: DEPRECIAÇÃO | C8: =(C9-C11)/C44/12 -> 0
A9: A1 | B9: CUSTO DE AQUISIÇÃO | C9: ='1.1 REF EQUIPAMENTOS E DIV'!E4+'1.1 REF EQUIPAMENTOS E DIV'!E8 -> 0
A11: A2 | B11: VALOR RESIDUAL | C11: =C9*C43 -> 0
A13: B | B13: OPORTUNIDADE DE CAPITAL | C13: =C17*C19/12 -> 0
A15: B1 | B15: CUSTO DE AQUISIÇÃO | C15: =C9 -> 0
A17: B2 | B17: INVESTIMENTO MÉDIO | C17: =(C9-C11)*((1+C44)/(2*C44))/1.25 -> 0
A19: B3 | B19: TAXA DE JUROS AO ANO | C19: 0.1325
A20: C | B20: COMBUSTÍVEL | C20: =C26*7.33*26.08 -> 0
A21: C1 | B21: CONSUMO CHASSIS/H TRABALHADA | C21: =277*0.735*0.11 -> 22.39545
A22: C1 | B22: CONSUMO VARREDEIRA | C22: =277*0.735*0.08 -> 16.2876
B24: CUSTO/LITRO ÓLEO DIESEL | C24: ='1.1 REF EQUIPAMENTOS E DIV'!E38 -> 0
A26: C2 | B26: CUSTO/HORA ÓLEO DIESEL | C26: =C24*(C21+C22) -> 0
A27: D | B27: LUBRIFICANTES | C27: =C30 -> 0
A28: D1 | B28: CONSUMO DE LUBRIFICANTES | C28: 0.1
A30: D2 | B30: CUSTO LUBRIFICANTES | C30: =C28*C20 -> 0
A32: F | B32: MANUTENÇÃO, IMPOSTOS E SEGUROS | C32: =C38 -> 0
A33: F1 | B33: DEPRECIAÇÃO/HORA | C33: =C8 -> 0
A35: F2 | B35: COEFICIENTE DE MANUTENÇÃO | C35: 0.6
A36: F3 | B36: SEGUROS E IMPOSTOS | C36: 0.025
A38: F4 | B38: CUSTO MANUTENÇÃO | C38: =(C35+C36)*C33 -> 0
A39: G | B39: GPS | C39: ='1.1 REF EQUIPAMENTOS E DIV'!$E$35 -> #DIV/0!
B40: CUSTO MENSAL | C40: =C32++C27+C20+C13+C8+C39 -> #DIV/0!
B43: VALOR RESIDUAL | C43: 0.2
B44: VIDA UTIL | C44: 4.9999499

Sheet 5.4 DIM VARR MEC
A3: PROJETO BÁSICO
A4: DIMENSIONAMENTO DA VARRIÇÃO MECANIZADA
A5: ITEM | B5: SETOR | C5: EXTENSÃO DAS VIAS SETOR (kM) | F5: EXTENSÃO VARRIDA POR MÊS (kM)
A7: 1 | B7: VARRIÇÃO ALTERNADA (3X NA SEMANA) | C7: 65 | F7: =C7*26.08/2 -> 847.6
A9: EXTENSÃO TOTAL DAS VIAS (KM) | C9: =SUM(C6:C8) -> 65 | D9: EXTENSÃO DE VARRIÇÃO /MÊS - EIXO DE VIA (KM) | F9: =SUM(F6:F8) -> 847.6
A10: EXTENSÃO TOTAL DE VARRIÇÃO - SARJETAS (KM) | F10: =F9*2 -> 1695.2
A11: DIAS TRABALHADOS AO MÊS | F11: 26.08
A12: EXTENSÃO MÉDIA VARRIDA POR DIA - SARJETAS (KM) | F12: =F10/F11 -> 65
A13: RENDIMENTO MÉDIO DIÁRIO POR VARREDEIRA (SARJETAS) KM/DIA | F13: 40
A14: NÚMERO DE VARREDEIRAS NECESSÁRIO | F14: 1
A15: NÚMERO DE VARREDEIRAS ADOTADO | F15: 1

Sheet 6.1  Varrição PRACAS
A1: COMPOSIÇÃO DE PREÇOS UNITÁRIOS DE SERVIÇO
A2: ='ORÇAMENTO GERAL'!B12 -> Varrição de Praças
E3: Unidade: | F3: M2
A4: ITENS | B4: DISCRIMINAÇÃO | C4: UNIDADE / MÊS | D4: QUANT. | E4: VALOR UNITÁRIO | F4: VALOR TOTAL
A5: 1 | B5: EQUIPAMENTOS
A6: 1.2 | B6: Veículo de transporte - Van | C6: und | D6: 1 | E6: ='6.3 EQUIP VEICULOS'!C39 -> #DIV/0! | F6: =E6*D6 -> #DIV/0!
B7: CUSTO TOTAL | E7: TOTAL | F7: =SUM(F6:F6) -> #DIV/0!
A8: 2 | B8: MÃO DE OBRA
A9: 2.1 | B9: Fiscal Diurno | C9: mês | D9: 1 | E9: ='6.2 CPU MO'!F37 -> #DIV/0! | F9: =E9*D9 -> #DIV/0!
A10: 2.2 | B10: Motorista diurno | C10: mês | D10: =D6 -> 1 | E10: ='6.2 CPU MO'!F72 -> #DIV/0! | F10: =E10*D10 -> #DIV/0!
A11: 2.3 | B11: Varredor Diurno | C11: mês | D11: 20 | E11: ='6.2 CPU MO'!F110 -> #DIV/0! | F11: =E11*D11 -> #DIV/0!
B12: CUSTO TOTAL | E12: TOTAL | F12: =SUM(F9:F11) -> #DIV/0!
A13: 3 | B13: FERRAMENTAS
A14: 3.1 | B14: Vassoura de piaçava 28 furos, com cabo | C14: und | D14: =D11 -> 20 | E14: =VLOOKUP(B14,'1.1 CUSTO FERRAME-UNIFORME-EPI'!B:C,2,FALSE) -> 0 | F14: =E14*D14 -> 0
A15: 3.2 | B15: Contêineres plásticos de 240 litros c/ 02 rodas | C15: und | D15: =D11/2 -> 10 | E15: ='6.3 EQUIP VEICULOS'!D39 -> #DIV/0! | F15: =E15*D15 -> #DIV/0!
A16: 3.3 | B16: Saco Plástico 100L | C16: und | D16: =26.08*D11 -> 521.6 | E16: =VLOOKUP(B16,'1.1 CUSTO FERRAME-UNIFORME-EPI'!B:C,2,FALSE) -> #DIV/0! | F16: =E16*D16 -> #DIV/0!
B17: CUSTO TOTAL | E17: TOTAL | F17: =SUM(F14:F16) -> #DIV/0!
B18: RESUMO DO ITEM
B19: Custo operacional total | C19: R$ / mês | F19: =SUM(F17,F12,F7) -> #DIV/0!
B20: Quantidade estimada | C20: M2 / mês | F20: 114688.4
B21: Custo unitário sem BDI | C21: R$ / M2 | F21: =F19/F20 -> #DIV/0!
B22: BDI | C22: % | D22: ='BDI '!$C$22 -> 0.0526 | F22: =F21*D22 -> #DIV/0!
B23: PREÇO FINAL (com BDI) | C23: R$ / M2 | F23: =ROUND(F21+F22,2) -> #DIV/0!

Sheet 6.2 CPU MO
B2: COMPOSIÇÃO DE CUSTOS UNITÁRIOS - PESSOAL
B5: ITENS | C5: DISCRIMINAÇÃO | D5: FISCAL DIURNO | G5: FISCAL NOTURNO
B7: 1.0 | C7: REMUNERAÇÃO, ENCARGOS E BENEFÍCIOS | D7: VALOR | E7: QUANT. | F7: TOTAL | G7: VALOR | H7: QUANT. | I7: TOTAL
B8: 1.1 | C8: Remuneração
B9: 1.1.1 | C9: Salário | D9: ='1.1 SALÁRIOS'!$F$10 -> 0 | E9: 1 | F9: =E9*D9 -> 0 | G9: ='1.1 SALÁRIOS'!$F$10 -> 0 | H9: 1 | I9: =H9*G9 -> 0
B10: 1.1.2 | C10: Adicional de insalubridade | D10: ='1.1 SALÁRIOS'!$F$24 -> 0 | E10: 0 | F10: =E10*D10 -> 0 | G10: ='1.1 SALÁRIOS'!$F$24 -> 0 | H10: 0 | I10: =H10*G10 -> 0
B11: 1.1.3 | C11: Adicional noturno | G11: =I9+I10 -> 0 | H11: 0.2 | I11: =H11*G11 -> 0
B12: 1.1.4 | C12: Horas extras com 50%
B13: 1.1.5 | C13: Horas extras com 100%
B14: 1.1.6 | C14: Outros
C15: Total (A) | F15: =SUM(F9:F14) -> 0 | I15: =SUM(I9:I14) -> 0
B16: 1.2 | C16: Encargos sociais (B) | D16: =F15 -> 0 | E16: ='1.1 SALÁRIOS'!$F$33 -> 0 | F16: =E16*D16 -> 0 | G16: =I15 -> 0 | H16: ='1.1 SALÁRIOS'!$F$33 -> 0 | I16: =H16*G16 -> 0
B17: 1.3 | C17: Remuneração bruta (A + B) | F17: =SUM(F15:F16) -> 0 | I17: =SUM(I15:I16) -> 0
B18: 1.4 | C18: Benefícios
B19: 1.4.1 | C19: Vale transporte | D19: ='1.1 SALÁRIOS'!$F$35 -> 0 | E19: 25.25 | F19: =IF(2*E19*D19-0.06*D9<0,0,2*E19*D19-0.06*D9) -> 0 | G19: ='1.1 SALÁRIOS'!$F$35 -> 0 | H19: 25.25 | I19: =IF(2*H19*G19-0.06*G9<0,0,2*H19*G19-0.06*G9) -> 0
B20: 1.4.2 | C20: Gratificação | D20: =('1.1 SALÁRIOS'!$F$36+'1.1 SALÁRIOS'!$F$37)/12 -> 0 | E20: 1 | F20: =E20*D20 -> 0 | G20: =('1.1 SALÁRIOS'!$F$36+'1.1 SALÁRIOS'!$F$37)/12 -> 0 | H20: 1 | I20: =H20*G20 -> 0
B21: 1.4.3 | C21: Auxilio Alimentação | D21: ='1.1 SALÁRIOS'!$F$38 -> 0 | E21: =E19 -> 25.25 | F21: =E21*D21 -> 0 | G21: ='1.1 SALÁRIOS'!$F$38 -> 0 | H21: =H19 -> 25.25 | I21: =H21*G21 -> 0
B22: 1.4.4 | C22: Cesta Básica | D22: ='1.1 SALÁRIOS'!$F$39 -> 0 | E22: 1 | F22: =E22*D22 -> 0 | G22: ='1.1 SALÁRIOS'!$F$39 -> 0 | H22: 1 | I22: =H22*G22 -> 0
B23: 1.4.5 | C23: Auxilio Saúde | D23: ='1.1 SALÁRIOS'!$F$40 -> 0 | E23: 1 | F23: =E23*D23 -> 0 | G23: ='1.1 SALÁRIOS'!$F$40 -> 0 | H23: 1 | I23: =H23*G23 -> 0
B24: 1.4.6 | C24: Seguro de Vida | D24: ='1.1 SALÁRIOS'!$F$41 -> 0 | E24: 1 | F24: =E24*D24 -> 0 | G24: ='1.1 SALÁRIOS'!$F$41 -> 0 | H24: 1 | I24: =H24*G24 -> 0
C25: Total (C) | F25: =SUM(F19:F24) -> 0 | I25: =SUM(I19:I24) -> 0
B26: 2.0 | C26: UNIFORMES E EPI´s
B27: 2.1 | C27: Boné de brim tipo árabe | D27: =VLOOKUP(C27,'1.1 CUSTO FERRAME-UNIFORME-EPI'!B:C,2,FALSE) -> #DIV/0! | E27: 0.17 | F27: =E27*D27 -> #DIV/0! | G27: =VLOOKUP(C27,'1.1 CUSTO FERRAME-UNIFORME-EPI'!B:C,2,FALSE) -> #DIV/0! | H27: 0.17 | I27: =H27*G27 -> #DIV/0!
B28: 2.2 | C28: Calça jeans | D28: =VLOOKUP(C28,'1.1 CUSTO FERRAME-UNIFORME-EPI'!B:C,2,FALSE) -> #DIV/0! | E28: 0.33 | F28: =E28*D28 -> #DIV/0! | G28: =VLOOKUP(C28,'1.1 CUSTO FERRAME-UNIFORME-EPI'!B:C,2,FALSE) -> #DIV/0! | H28: 0.33 | I28: =H28*G28 -> #DIV/0!
B29: 2.3 | C29: Camisa polo, manga curta | D29: =VLOOKUP(C29,'1.1 CUSTO FERRAME-UNIFORME-EPI'!B:C,2,FALSE) -> #DIV/0! | E29: 0.33 | F29: =E29*D29 -> #DIV/0! | G29: =VLOOKUP(C29,'1.1 CUSTO FERRAME-UNIFORME-EPI'!B:C,2,FALSE) -> #DIV/0! | H29: 0.33 | I29: =H29*G29 -> #DIV/0!
B30: 2.4 | C30: Bota de couro, antiderrapante | D30: =VLOOKUP(C30,'1.1 CUSTO FERRAME-UNIFORME-EPI'!B:C,2,FALSE) -> 0 | E30: 0.17 | F30: =E30*D30 -> 0 | G30: =VLOOKUP(C30,'1.1 CUSTO FERRAME-UNIFORME-EPI'!B:C,2,FALSE) -> 0 | H30: 0.17 | I30: =H30*G30 -> 0
B31: 2.5 | C31: Capa de chuva, com capuz | D31: =VLOOKUP(C31,'1.1 CUSTO FERRAME-UNIFORME-EPI'!B:C,2,FALSE) -> 0 | E31: 0.17 | F31: =E31*D31 -> 0 | G31: =VLOOKUP(C31,'1.1 CUSTO FERRAME-UNIFORME-EPI'!B:C,2,FALSE) -> 0 | H31: 0.17 | I31: =H31*G31 -> 0
B32: 2.6 | C32: Protetor solar fator 30 (120ml/Mês) | D32: =VLOOKUP(C32,'1.1 CUSTO FERRAME-UNIFORME-EPI'!B:C,2,FALSE) -> 0 | E32: 0.3 | F32: =E32*D32 -> 0 | G32: =VLOOKUP(C32,'1.1 CUSTO FERRAME-UNIFORME-EPI'!B:C,2,FALSE) -> 0 | H32: 0 | I32: =H32*G32 -> 0
B33: 2.7 | C33: Colete refletor (trabalho noturno) | D33: =VLOOKUP(C33,'1.1 CUSTO FERRAME-UNIFORME-EPI'!B:C,2,FALSE) -> #DIV/0! | E33: 0 | F33: =E33*D33 -> #DIV/0! | G33: =VLOOKUP(C33,'1.1 CUSTO FERRAME-UNIFORME-EPI'!B:C,2,FALSE) -> #DIV/0! | H33: 0.17 | I33: =H33*G33 -> #DIV/0!
B34: 2.8 | C34: Garra Térmica 2L | D34: =VLOOKUP(C34,'1.1 CUSTO FERRAME-UNIFORME-EPI'!B:C,2,FALSE) -> #DIV/0! | E34: 0.08 | F34: =E34*D34 -> #DIV/0! | G34: =VLOOKUP(C34,'1.1 CUSTO FERRAME-UNIFORME-EPI'!B:C,2,FALSE) -> #DIV/0! | H34: 0.08 | I34: =H34*G34 -> #DIV/0!
C35: Total (D) | F35: =SUM(F27:F34) -> #DIV/0! | I35: =SUM(I27:I34) -> #DIV/0!
B37: 3.0 | C37: Valor total mensal (A + B + C + D) | F37: =SUM(F17,F25,F35) -> #DIV/0! | I37: =SUM(I17,I25,I35) -> #DIV/0!
B40: ITENS | C40: DISCRIMINAÇÃO | D40: MOTORISTA II DIURNO | G40: MOTORISTA II NOTURNO
B42: 1.0 | C42: REMUNERAÇÃO, ENCARGOS E BENEFÍCIOS | D42: VALOR | E42: QUANT. | F42: TOTAL | G42: VALOR | H42: QUANT. | I42: TOTAL
B43: 1.1 | C43: Remuneração
B44: 1.1.1 | C44: Salário | D44: ='1.1 SALÁRIOS'!$F$26 -> 0 | E44: 1 | F44: =E44*D44 -> 0 | G44: ='1.1 SALÁRIOS'!$F$26 -> 0 | H44: 1 | I44: =H44*G44 -> 0
B45: 1.1.2 | C45: Adicional de insalubridade | D45: ='1.1 SALÁRIOS'!$F$24 -> 0 | E45: 0.2 | F45: =E45*D45 -> 0 | G45: ='1.1 SALÁRIOS'!$F$24 -> 0 | H45: 0.2 | I45: =H45*G45 -> 0
B46: 1.1.3 | C46: Adicional noturno: 20% sobre salário | G46: =I44+I45 -> 0 | H46: 0.2 | I46: =H46*G46 -> 0
B47: 1.1.4 | C47: Horas extras com 50%
B48: 1.1.5 | C48: Horas extras com 100%
B49: 1.1.6 | C49: Outros
B50: 1.1.7 | C50: Total (A) | F50: =SUM(F44:F49) -> 0 | I50: =SUM(I44:I49) -> 0
B51: 1.2 | C51: Encargos sociais (B) | D51: =F50 -> 0 | E51: ='1.1 SALÁRIOS'!$F$33 -> 0 | F51: =E51*D51 -> 0 | G51: =I50 -> 0 | H51: ='1.1 SALÁRIOS'!$F$33 -> 0 | I51: =H51*G51 -> 0
B52: 1.3 | C52: Remuneração bruta (A + B) | F52: =SUM(F50:F51) -> 0 | I52: =SUM(I50:I51) -> 0
B53: 1.4 | C53: Benefícios
B54: 1.4.1 | C54: Vale transporte | D54: ='1.1 SALÁRIOS'!$F$35 -> 0 | E54: 25.25 | F54: =IF(2*E54*D54-0.06*D44<0,0,2*E54*D54-0.06*D44) -> 0 | G54: ='1.1 SALÁRIOS'!$F$35 -> 0 | H54: 25.25 | I54: =IF(2*H54*G54-0.06*G44<0,0,2*H54*G54-0.06*G44) -> 0
B55: 1.4.2 | C55: Gratificação | D55: =('1.1 SALÁRIOS'!$F$36+'1.1 SALÁRIOS'!$F$37)/12 -> 0 | E55: 1 | F55: =E55*D55 -> 0 | G55: =('1.1 SALÁRIOS'!$F$36+'1.1 SALÁRIOS'!$F$37)/12 -> 0 | H55: 1 | I55: =H55*G55 -> 0
B56: 1.4.3 | C56: Auxilio Alimentação | D56: ='1.1 SALÁRIOS'!$F$38 -> 0 | E56: =E54 -> 25.25 | F56: =E56*D56 -> 0 | G56: ='1.1 SALÁRIOS'!$F$38 -> 0 | H56: =H54 -> 25.25 | I56: =H56*G56 -> 0
B57: 1.4.4 | C57: Cesta Básica | D57: ='1.1 SALÁRIOS'!$F$39 -> 0 | E57: 1 | F57: =E57*D57 -> 0 | G57: ='1.1 SALÁRIOS'!$F$39 -> 0 | H57: 1 | I57: =H57*G57 -> 0
B58: 1.4.5 | C58: Auxilio Saúde | D58: ='1.1 SALÁRIOS'!$F$40 -> 0 | E58: 1 | F58: =E58*D58 -> 0 | G58: ='1.1 SALÁRIOS'!$F$40 -> 0 | H58: 1 | I58: =H58*G58 -> 0
B59: 1.4.6 | C59: Seguro de Vida | D59: ='1.1 SALÁRIOS'!$F$41 -> 0 | E59: 1 | F59: =E59*D59 -> 0 | G59: ='1.1 SALÁRIOS'!$F$41 -> 0 | H59: 1 | I59: =H59*G59 -> 0
B60: 1.4.7 | C60: Total (C) | F60: =SUM(F54:F59) -> 0 | I60: =SUM(I54:I59) -> 0
B61: 2.0 | C61: UNIFORMES E EPI´s
B62: 2.1 | C62: Boné de brim tipo árabe | D62: =VLOOKUP(C62,'1.1 CUSTO FERRAME-UNIFORME-EPI'!B:C,2,FALSE) -> #DIV/0! | E62: 0.17 | F62: =E62*D62 -> #DIV/0! | G62: =VLOOKUP(C62,'1.1 CUSTO FERRAME-UNIFORME-EPI'!B:C,2,FALSE) -> #DIV/0! | H62: 0.17 | I62: =H62*G62 -> #DIV/0!
B63: 2.2 | C63: Calça jeans | D63: =VLOOKUP(C63,'1.1 CUSTO FERRAME-UNIFORME-EPI'!B:C,2,FALSE) -> #DIV/0! | E63: 0.33 | F63: =E63*D63 -> #DIV/0! | G63: =VLOOKUP(C63,'1.1 CUSTO FERRAME-UNIFORME-EPI'!B:C,2,FALSE) -> #DIV/0! | H63: 0.33 | I63: =H63*G63 -> #DIV/0!
B64: 2.3 | C64: Camisa polo, manga curta | D64: =VLOOKUP(C64,'1.1 CUSTO FERRAME-UNIFORME-EPI'!B:C,2,FALSE) -> #DIV/0! | E64: 0.33 | F64: =E64*D64 -> #DIV/0! | G64: =VLOOKUP(C64,'1.1 CUSTO FERRAME-UNIFORME-EPI'!B:C,2,FALSE) -> #DIV/0! | H64: 0.33 | I64: =H64*G64 -> #DIV/0!
B65: 2.4 | C65: Bota de couro, antiderrapante | D65: =VLOOKUP(C65,'1.1 CUSTO FERRAME-UNIFORME-EPI'!B:C,2,FALSE) -> 0 | E65: 0.17 | F65: =E65*D65 -> 0 | G65: =VLOOKUP(C65,'1.1 CUSTO FERRAME-UNIFORME-EPI'!B:C,2,FALSE) -> 0 | H65: 0.17 | I65: =H65*G65 -> 0
B66: 2.5 | C66: Capa de chuva, com capuz | D66: =VLOOKUP(C66,'1.1 CUSTO FERRAME-UNIFORME-EPI'!B:C,2,FALSE) -> 0 | E66: 0.17 | F66: =E66*D66 -> 0 | G66: =VLOOKUP(C66,'1.1 CUSTO FERRAME-UNIFORME-EPI'!B:C,2,FALSE) -> 0 | H66: 0.17 | I66: =H66*G66 -> 0
B67: 2.6 | C67: Protetor solar fator 30 (120ml/Mês) | D67: =VLOOKUP(C67,'1.1 CUSTO FERRAME-UNIFORME-EPI'!B:C,2,FALSE) -> 0 | E67: 0.3 | F67: =E67*D67 -> 0 | G67: =VLOOKUP(C67,'1.1 CUSTO FERRAME-UNIFORME-EPI'!B:C,2,FALSE) -> 0 | H67: 0 | I67: =H67*G67 -> 0
B68: 2.7 | C68: Colete refletor (trabalho noturno) | D68: =VLOOKUP(C68,'1.1 CUSTO FERRAME-UNIFORME-EPI'!B:C,2,FALSE) -> #DIV/0! | E68: 0 | F68: =E68*D68 -> #DIV/0! | G68: =VLOOKUP(C68,'1.1 CUSTO FERRAME-UNIFORME-EPI'!B:C,2,FALSE) -> #DIV/0! | H68: 0.17 | I68: =H68*G68 -> #DIV/0!
B69: 2.8 | C69: Garra Térmica 2L | D69: =VLOOKUP(C69,'1.1 CUSTO FERRAME-UNIFORME-EPI'!B:C,2,FALSE) -> #DIV/0! | E69: 0.08 | F69: =E69*D69 -> #DIV/0! | G69: =VLOOKUP(C69,'1.1 CUSTO FERRAME-UNIFORME-EPI'!B:C,2,FALSE) -> #DIV/0! | H69: 0.08 | I69: =H69*G69 -> #DIV/0!
C70: Total (D) | F70: =SUM(F62:F69) -> #DIV/0! | I70: =SUM(I62:I69) -> #DIV/0!
B72: 3.0 | C72: Valor total mensal (A + B + C + D) | F72: =SUM(F70,F60,F52) -> #DIV/0! | I72: =SUM(I70,I60,I52) -> #DIV/0!
B75: ITENS | C75: DISCRIMINAÇÃO | D75: VARREDOR DIURNO | G75: VARREDOR NOTURNO
B77: 1.0 | C77: REMUNERAÇÃO, ENCARGOS E BENEFÍCIOS | D77: VALOR | E77: QUANT. | F77: TOTAL | G77: VALOR | H77: QUANT. | I77: TOTAL
B78: 1.1 | C78: Remuneração
B79: 1.1.1 | C79: Salário | D79: ='1.1 SALÁRIOS'!$F$5 -> 0 | E79: 1 | F79: =E79*D79 -> 0 | G79: ='1.1 SALÁRIOS'!$F$5 -> 0 | H79: 1 | I79: =H79*G79 -> 0
B80: 1.1.2 | C80: Adicional de insalubridade | D80: ='1.1 SALÁRIOS'!$F$24 -> 0 | E80: 0.4 | F80: =E80*D80 -> 0 | G80: ='1.1 SALÁRIOS'!$F$24 -> 0 | H80: 0.4 | I80: =H80*G80 -> 0
B81: 1.1.3 | C81: Adicional noturno: 20% sobre salário | G81: =I79+I80 -> 0 | H81: 0.2 | I81: =H81*G81 -> 0
B82: 1.1.4 | C82: Horas extras com 50%
B83: 1.1.5 | C83: Horas extras com 100%
B84: 1.1.6 | C84: Outros
C85: Total (A) | F85: =SUM(F79:F84) -> 0 | I85: =SUM(I79:I84) -> 0
B86: 1.2 | C86: Encargos sociais (B) | D86: =F85 -> 0 | E86: ='1.1 SALÁRIOS'!$F$33 -> 0 | F86: =E86*D86 -> 0 | G86: =I85 -> 0 | H86: ='1.1 SALÁRIOS'!$F$33 -> 0 | I86: =H86*G86 -> 0
B87: 1.3 | C87: Remuneração bruta (A + B) | F87: =SUM(F85:F86) -> 0 | I87: =SUM(I85:I86) -> 0
B88: 1.4 | C88: Benefícios
B89: 1.4.1 | C89: Vale transporte | D89: ='1.1 SALÁRIOS'!$F$35 -> 0 | E89: 25.25 | F89: =IF(2*E89*D89-0.06*D79<0,0,2*E89*D89-0.06*D79) -> 0 | G89: ='1.1 SALÁRIOS'!$F$35 -> 0 | H89: 25.25 | I89: =IF(2*H89*G89-0.06*G79<0,0,2*H89*G89-0.06*G79) -> 0
B90: 1.4.2 | C90: Gratificação | D90: =('1.1 SALÁRIOS'!$F$36+'1.1 SALÁRIOS'!$F$37)/12 -> 0 | E90: 1 | F90: =E90*D90 -> 0 | G90: =('1.1 SALÁRIOS'!$F$36+'1.1 SALÁRIOS'!$F$37)/12 -> 0 | H90: 1 | I90: =H90*G90 -> 0
B91: 1.4.3 | C91: Auxilio Alimentação | D91: ='1.1 SALÁRIOS'!$F$38 -> 0 | E91: =E89 -> 25.25 | F91: =E91*D91 -> 0 | G91: ='1.1 SALÁRIOS'!$F$38 -> 0 | H91: =H89 -> 25.25 | I91: =H91*G91 -> 0
B92: 1.4.4 | C92: Cesta Básica | D92: ='1.1 SALÁRIOS'!$F$39 -> 0 | E92: 1 | F92: =E92*D92 -> 0 | G92: ='1.1 SALÁRIOS'!$F$39 -> 0 | H92: 1 | I92: =H92*G92 -> 0
B93: 1.4.5 | C93: Auxilio Saúde | D93: ='1.1 SALÁRIOS'!$F$40 -> 0 | E93: 1 | F93: =E93*D93 -> 0 | G93: ='1.1 SALÁRIOS'!$F$40 -> 0 | H93: 1 | I93: =H93*G93 -> 0
B94: 1.4.6 | C94: Seguro de Vida | D94: ='1.1 SALÁRIOS'!$F$41 -> 0 | E94: 1 | F94: =E94*D94 -> 0 | G94: ='1.1 SALÁRIOS'!$F$41 -> 0 | H94: 1 | I94: =H94*G94 -> 0
C95: Total (C) | F95: =SUM(F89:F94) -> 0 | I95: =SUM(I89:I94) -> 0
B96: 2.0 | C96: UNIFORMES E EPI´s
B97: 2.1 | C97: Boné de brim tipo árabe | D97: =VLOOKUP(C97,'1.1 CUSTO FERRAME-UNIFORME-EPI'!B:C,2,FALSE) -> #DIV/0! | E97: 0.25 | F97: =E97*D97 -> #DIV/0! | G97: =VLOOKUP(C97,'1.1 CUSTO FERRAME-UNIFORME-EPI'!B:C,2,FALSE) -> #DIV/0! | H97: 0.25 | I97: =H97*G97 -> #DIV/0!
B98: 2.2 | C98: Calça de brim | D98: =VLOOKUP(C98,'1.1 CUSTO FERRAME-UNIFORME-EPI'!B:C,2,FALSE) -> 0 | E98: 0.5 | F98: =E98*D98 -> 0 | G98: =VLOOKUP(C98,'1.1 CUSTO FERRAME-UNIFORME-EPI'!B:C,2,FALSE) -> 0 | H98: 0.5 | I98: =H98*G98 -> 0
B99: 2.3 | C99: Camisa de brim, manga longa | D99: =VLOOKUP(C99,'1.1 CUSTO FERRAME-UNIFORME-EPI'!B:C,2,FALSE) -> 0 | E99: 0.5 | F99: =E99*D99 -> 0 | G99: =VLOOKUP(C99,'1.1 CUSTO FERRAME-UNIFORME-EPI'!B:C,2,FALSE) -> 0 | H99: 0.5 | I99: =H99*G99 -> 0
B100: 2.4 | C100: Calçado, antiderrapante, tipo tênis | D100: =VLOOKUP(C100,'1.1 CUSTO FERRAME-UNIFORME-EPI'!B:C,2,FALSE) -> 0 | E100: 0.25 | F100: =E100*D100 -> 0 | G100: =VLOOKUP(C100,'1.1 CUSTO FERRAME-UNIFORME-EPI'!B:C,2,FALSE) -> 0 | H100: 0.25 | I100: =H100*G100 -> 0
B101: 2.5 | C101: Meião de lã | D101: =VLOOKUP(C101,'1.1 CUSTO FERRAME-UNIFORME-EPI'!B:C,2,FALSE) -> #DIV/0! | E101: 0.25 | F101: =E101*D101 -> #DIV/0! | G101: =VLOOKUP(C101,'1.1 CUSTO FERRAME-UNIFORME-EPI'!B:C,2,FALSE) -> #DIV/0! | H101: 0.25 | I101: =H101*G101 -> #DIV/0!
B102: 2.6 | C102: Capa de chuva, com capuz | D102: =VLOOKUP(C102,'1.1 CUSTO FERRAME-UNIFORME-EPI'!B:C,2,FALSE) -> 0 | E102: 0.17 | F102: =E102*D102 -> 0 | G102: =VLOOKUP(C102,'1.1 CUSTO FERRAME-UNIFORME-EPI'!B:C,2,FALSE) -> 0 | H102: 0.17 | I102: =H102*G102 -> 0
B103: 2.7 | C103: Luva raspa de couro, cano curto | D103: =VLOOKUP(C103,'1.1 CUSTO FERRAME-UNIFORME-EPI'!B:C,2,FALSE) -> 0 | E103: 0.5 | F103: =E103*D103 -> 0 | G103: =VLOOKUP(C103,'1.1 CUSTO FERRAME-UNIFORME-EPI'!B:C,2,FALSE) -> 0 | H103: 0.5 | I103: =H103*G103 -> 0
B104: 2.8 | C104: Mascara descartável | D104: =VLOOKUP(C104,'1.1 CUSTO FERRAME-UNIFORME-EPI'!B:C,2,FALSE) -> 0 | E104: 2.17 | F104: =E104*D104 -> 0 | G104: =VLOOKUP(C104,'1.1 CUSTO FERRAME-UNIFORME-EPI'!B:C,2,FALSE) -> 0 | H104: 2.17 | I104: =H104*G104 -> 0
B105: 2.9 | C105: Colete refletor (trabalho noturno) | G105: =VLOOKUP(C105,'1.1 CUSTO FERRAME-UNIFORME-EPI'!B:C,2,FALSE) -> #DIV/0! | H105: 0.17 | I105: =H105*G105 -> #DIV/0!
B106: 2.10 | C106: Protetor solar fator 30 (120ml/Mês) | D106: =VLOOKUP(C106,'1.1 CUSTO FERRAME-UNIFORME-EPI'!B:C,2,FALSE) -> 0 | E106: 0.3 | F106: =E106*D106 -> 0
B107: 2.11 | C107: Garra Térmica 2L | D107: =VLOOKUP(C107,'1.1 CUSTO FERRAME-UNIFORME-EPI'!B:C,2,FALSE) -> #DIV/0! | E107: 0.08 | F107: =E107*D107 -> #DIV/0! | G107: =VLOOKUP(C107,'1.1 CUSTO FERRAME-UNIFORME-EPI'!B:C,2,FALSE) -> #DIV/0! | H107: 0.08 | I107: =H107*G107 -> #DIV/0!
C108: Total (D) | F108: =SUM(F97:F107) -> #DIV/0! | I108: =SUM(I97:I107) -> #DIV/0!
B110: 3.0 | C110: Valor total mensal (A + B + C + D) | F110: =F108+F95+F87 -> #DIV/0! | I110: =I108+I95+I87 -> #DIV/0!

Sheet 6.3 EQUIP VEICULOS
A2: TABELA DE CUSTOS UNITÁRIOS - VEÍCULOS E EQUIPAMENTOS
A6: ITENS | B6: DISCRIMINAÇÃO | C6: VEÍCULO DE TRANSPORTE - VAN | D6: LUTOCAR 240L
C7: Valores (R$) | D7: Valores (R$)
A8: A | B8: DEPRECIAÇÃO | C8: =(C9-C11)/C43/12 -> 0 | D8: =(D9-D11)/D43/12 -> #DIV/0!
A9: A1 | B9: CUSTO DE AQUISIÇÃO | C9: ='1.1 REF EQUIPAMENTOS E DIV'!E18 -> 0 | D9: ='1.1 CUSTO FERRAME-UNIFORME-EPI'!C7 -> #DIV/0!
A11: A2 | B11: VALOR RESIDUAL | C11: =C9*C42 -> 0 | D11: =D9*D42 -> #DIV/0!
A13: B | B13: OPORTUNIDADE DE CAPITAL | C13: =C17*C19/12 -> 0 | D13: =D17*D19/12 -> #DIV/0!
A15: B1 | B15: CUSTO DE AQUISIÇÃO | C15: =C9 -> 0 | D15: =D9 -> #DIV/0!
A17: B2 | B17: INVESTIMENTO MÉDIO | C17: =(C9-C11)*((1+C43)/(2*C43))/1.25 -> 0 | D17: =(D9-D11)*((1+D43)/(2*D43))/1.25 -> #DIV/0!
A19: B3 | B19: TAXA DE JUROS AO ANO | C19: 0.1325 | D19: 0.1325
A20: C | B20: COMBUSTÍVEL | C20: =C25*7.33*25.25 -> 0
A21: C1 | B21: CONSUMO DE ÓLEO DIESEL/H TRABALHADA | C21: =130*0.735*0.07 -> 6.6885
B23: CUSTO/LITRO ÓLEO DIESEL | C23: ='1.1 REF EQUIPAMENTOS E DIV'!E38 -> 0
A25: C2 | B25: CUSTO/HORA ÓLEO DIESEL | C25: =C23*C21 -> 0
A26: D | B26: LUBRIFICANTES | C26: =C29 -> 0
A27: D1 | B27: CONSUMO DE LUBRIFICANTES | C27: 0.27
A29: D2 | B29: CUSTO LUBRIFICANTES | C29: =C27*C20 -> 0
A31: F | B31: MANUTENÇÃO, IMPOSTOS E SEGUROS | C31: =C37 -> 0 | D31: =D37 -> #DIV/0!
A32: F1 | B32: DEPRECIAÇÃO/HORA | C32: =C8 -> 0 | D32: =D8 -> #DIV/0!
A34: F2 | B34: COEFICIENTE DE MANUTENÇÃO | C34: 0.6 | D34: 1
A35: F3 | B35: SEGUROS E IMPOSTOS | C35: 0.025
A37: F4 | B37: CUSTO MANUTENÇÃO | C37: =(C34+C35)*C32 -> 0 | D37: =D34*D32 -> #DIV/0!
A38: G | B38: GPS | C38: ='1.1 REF EQUIPAMENTOS E DIV'!$E$35 -> #DIV/0!
B39: CUSTO MENSAL | C39: =C31++C26+C20+C13+C8+C38 -> #DIV/0! | D39: =D31++D26+D20+D13+D8 -> #DIV/0!
B42: VALOR RESIDUAL | C42: 0.4 | D42: 0
B43: VIDA UTIL | C43: 5 | D43: 1

Sheet 6.4 DIM VARR MAN
B2: PROJETO BÁSICO
B3: DIMENSIONAMENTO DA VARRIÇÃO DE PRAÇAS
B4: ITEM | C4: SETOR | D4: ÁREA DE VARRIÇÃO (M2) | G4: ÁREA DE VARRIÇÃO (M2) | M4: =4000 -> 4000
B5: 1 | C5: PRAÇAS E ÁREAS PÚBLICAS | D5: 28672.1 | G5: =D5 -> 28672.1 | M5: =M4*2 -> 8000
E7: =G4 -> ÁREA DE VARRIÇÃO (M2) | G7: =SUM(G5:G6) -> 28672.1
B9: DIAS TRABALHADOS AO MÊS | G9: 25.25
B10: FREQUÊNCIA DE EXECUÇÃO (2X POR SEMANA) | G10: =2*4.33 -> 8.66
B11: ÁREA DE VARRIÇÃO (M2) POR MÊS | G11: =G7*G10 -> 248300.39
B12: ÁREA DE VARRIÇÃO (M2) POR DIA | G12: =G11/G9 -> 9833.6787
B13: RENDIMENTO MÉDIO DIÁRIO POR VARREDOR M2/DIA | G13: 500
B15: NÚMERO DE VARREDORES NECESSÁRIO | G15: =G12/G13 -> 19.667357
B16: NÚMERO DE VARREDORES ADOTADO | G16: =_xlfn.CEILING.MATH(G15,2) -> 20
B18: QUANTIDADE DE FISCAIS (1 para cada grupo de 20 capinadores) | G18: =ROUND(G16/20,0) -> 1

Sheet 7.1 CAPINA
A3: COMPOSIÇÃO DE PREÇOS UNITÁRIOS DE SERVIÇO
A4: ='ORÇAMENTO GERAL'!B13 -> Capina
E5: Unidade: | F5: M2
A6: ITENS | B6: DISCRIMINAÇÃO | C6: UNIDADE / MÊS | D6: QUANT. | E6: VALOR UNITÁRIO | F6: VALOR TOTAL
A7: 1 | B7: EQUIPAMENTOS
A8: 1.1 | B8: Veículo de transporte - Van | C8: und | D8: ='7.4 DIM CAPINA'!E21 -> 2 | E8: ='7.3 EQUIP. VEICULOS'!C39 -> #DIV/0! | F8: =E8*D8 -> #DIV/0!
A9: 1.3 | B9: Caminhão Carroceria com Cabine Suplementar | C9: und | D9: ='7.4 DIM CAPINA'!E22 -> 2 | E9: ='7.3 EQUIP. VEICULOS'!D39 -> #DIV/0! | F9: =E9*D9 -> #DIV/0!
B10: Custo total | C10: R$/mês | E10: Total 1 | F10: =SUM(F8:F9) -> #DIV/0!
A11: 2 | B11: MÃO DE OBRA:
A12: 2.1 | B12: Fiscal diurno | C12: mês | D12: ='7.4 DIM CAPINA'!E25 -> 3 | E12: ='7.2 MAO DE OBRA'!F37 -> #DIV/0! | F12: =E12*D12 -> #DIV/0!
A13: 2.2 | B13: Capinador | C13: mês | D13: ='7.4 DIM CAPINA'!E26 -> 32 | E13: ='7.2 MAO DE OBRA'!F143 -> #DIV/0! | F13: =E13*D13 -> #DIV/0!
A14: 2.3 | B14: Motorista de Caminhao diurno | C14: mês | D14: ='7.4 DIM CAPINA'!E27 -> 2 | E14: ='7.2 MAO DE OBRA'!F72 -> #DIV/0! | F14: =E14*D14 -> #DIV/0!
A15: 2.4 | B15: Motorista diurno | C15: mês | D15: ='7.4 DIM CAPINA'!E28 -> 2 | E15: ='7.2 MAO DE OBRA'!F176 -> #DIV/0! | F15: =E15*D15 -> #DIV/0!
A16: 2.5 | B16: Ajudante de Operação diurno | C16: mês | D16: ='7.4 DIM CAPINA'!E29 -> 4 | E16: ='7.2 MAO DE OBRA'!F109 -> #DIV/0! | F16: =E16*D16 -> #DIV/0!
B17: Custo total | C17: R$/mês | E17: Total 2 | F17: =SUM(F12:F16) -> #DIV/0!
A18: 3 | B18: FERRAMENTAS
B19: Kit de Ferramentas
A20: 3.1 | B20: Pá quadrada, com cabo | C20: und | D20: =(8/12)*D13 -> 21.333333 | E20: =VLOOKUP(B20,'1.1 CUSTO FERRAME-UNIFORME-EPI'!B:C,2,FALSE) -> #DIV/0! | F20: =E20*D20 -> #DIV/0!
A21: 3.2 | B21: Ancinho, com cabo/ Gadanho | C21: und | D21: =(6/12)*D13 -> 16 | E21: =VLOOKUP(B21,'1.1 CUSTO FERRAME-UNIFORME-EPI'!B:C,2,FALSE) -> #DIV/0! | F21: =E21*D21 -> #DIV/0!
A22: 3.3 | B22: Vassoura de piaçava 28 furos, com cabo | C22: und | D22: =(4/12)*D13 -> 10.666667 | E22: =VLOOKUP(B22,'1.1 CUSTO FERRAME-UNIFORME-EPI'!B:C,2,FALSE) -> 0 | F22: =E22*D22 -> 0
A23: 3.4 | B23: Cone de sinalização | C23: und | D23: =D14*2 -> 4 | E23: =VLOOKUP(B23,'1.1 CUSTO FERRAME-UNIFORME-EPI'!B:C,2,FALSE) -> 0 | F23: =E23*D23 -> 0
A24: 3.5 | B24: Enxada, com cabo | C24: und | D24: =(9/12)*D13 -> 24 | E24: =VLOOKUP(B24,'1.1 CUSTO FERRAME-UNIFORME-EPI'!B:C,2,FALSE) -> 0 | F24: =E24*D24 -> 0
A25: 3.6 | B25: Foice,com cabo | C25: und | D25: =(3/12)*D13 -> 8 | E25: =VLOOKUP(B25,'1.1 CUSTO FERRAME-UNIFORME-EPI'!B:C,2,FALSE) -> #DIV/0! | F25: =E25*D25 -> #DIV/0!
B26: Custo total | C26: R$/mês | E26: Total 3 | F26: =SUM(F20:F25) -> #DIV/0!
B27: RESUMO DO ITEM
B28: Custo operacional total | C28: R$ / mês | F28: =SUM(F17,F26,F10) -> #DIV/0!
B29: Quantidade estimada | C29: M2 / mês | F29: ='7.4 DIM CAPINA'!H11 -> 118663.12
B30: Custo unitário sem BDI | C30: R$ / M2 | F30: =F28/F29 -> #DIV/0!
B31: BDI | C31: % | D31: ='BDI '!$C$22 -> 0.0526 | F31: =F30*D31 -> #DIV/0!
B32: PREÇO FINAL (com BDI) | C32: R$ / M2 | F32: =ROUND(F31+F30,2) -> #DIV/0!

Sheet 7.2 MAO DE OBRA
B2: COMPOSIÇÃO DE CUSTOS UNITÁRIOS - PESSOAL
B5: ITENS | C5: DISCRIMINAÇÃO | D5: FISCAL DIURNO
B7: 1.0 | C7: REMUNERAÇÃO, ENCARGOS E BENEFÍCIOS | D7: VALOR | E7: QUANT. | F7: TOTAL
B8: 1.1 | C8: Remuneração
B9: 1.1.1 | C9: Salário | D9: ='1.1 SALÁRIOS'!F10 -> 0 | E9: 1 | F9: =E9*D9 -> 0
B10: 1.1.2 | C10: Adicional de insalubridade | D10: ='1.1 SALÁRIOS'!$F$23 -> 0 | E10: 0 | F10: =E10*D10 -> 0
B11: 1.1.3 | C11: Adicional noturno
B12: 1.1.4 | C12: Horas extras com 50%
B13: 1.1.5 | C13: Horas extras com 100%
B14: 1.1.6 | C14: Outros
C15: Total (A) | F15: =SUM(F9:F14) -> 0
B16: 1.2 | C16: Encargos sociais (B) | D16: =F15 -> 0 | E16: ='1.1 SALÁRIOS'!$F$33 -> 0 | F16: =E16*D16 -> 0
B17: 1.3 | C17: Remuneração bruta (A + B) | F17: =SUM(F15:F16) -> 0
B18: 1.4 | C18: Benefícios
B19: 1.4.1 | C19: Vale transporte | D19: ='1.1 SALÁRIOS'!$F$35 -> 0 | E19: 25.25 | F19: =IF(2*E19*D19-0.06*D9<0,0,2*E19*D19-0.06*D9) -> 0
B20: 1.4.2 | C20: Gratificação | D20: =('1.1 SALÁRIOS'!$F$36+'1.1 SALÁRIOS'!$F$37)/12 -> 0 | E20: 1 | F20: =E20*D20 -> 0
B21: 1.4.3 | C21: Auxilio Alimentação | D21: ='1.1 SALÁRIOS'!$F$38 -> 0 | E21: =E19 -> 25.25 | F21: =E21*D21 -> 0
B22: 1.4.4 | C22: Cesta Básica | D22: ='1.1 SALÁRIOS'!$F$39 -> 0 | E22: 1 | F22: =E22*D22 -> 0
B23: 1.4.5 | C23: Auxilio Saúde | D23: ='1.1 SALÁRIOS'!$F$40 -> 0 | E23: 1 | F23: =E23*D23 -> 0
B24: 1.4.6 | C24: Seguro de Vida | D24: ='1.1 SALÁRIOS'!$F$41 -> 0 | E24: 1 | F24: =E24*D24 -> 0
C25: Total (C) | F25: =SUM(F19:F24) -> 0
B26: 2.0 | C26: UNIFORMES E EPI´s
B27: 2.1 | C27: Boné de brim tipo árabe | D27: =VLOOKUP(C27,'1.1 CUSTO FERRAME-UNIFORME-EPI'!B:C,2,FALSE) -> #DIV/0! | E27: 0.17 | F27: =E27*D27 -> #DIV/0!
B28: 2.2 | C28: Calça jeans | D28: =VLOOKUP(C28,'1.1 CUSTO FERRAME-UNIFORME-EPI'!B:C,2,FALSE) -> #DIV/0! | E28: 0.33 | F28: =E28*D28 -> #DIV/0!
B29: 2.3 | C29: Camisa polo, manga curta | D29: =VLOOKUP(C29,'1.1 CUSTO FERRAME-UNIFORME-EPI'!B:C,2,FALSE) -> #DIV/0! | E29: 0.33 | F29: =E29*D29 -> #DIV/0!
B30: 2.4 | C30: Bota de couro, antiderrapante | D30: =VLOOKUP(C30,'1.1 CUSTO FERRAME-UNIFORME-EPI'!B:C,2,FALSE) -> 0 | E30: 0.17 | F30: =E30*D30 -> 0
B31: 2.5 | C31: Capa de chuva, com capuz | D31: =VLOOKUP(C31,'1.1 CUSTO FERRAME-UNIFORME-EPI'!B:C,2,FALSE) -> 0 | E31: 0.17 | F31: =E31*D31 -> 0
B32: 2.6 | C32: Protetor solar fator 30 (120ml/Mês) | D32: =VLOOKUP(C32,'1.1 CUSTO FERRAME-UNIFORME-EPI'!B:C,2,FALSE) -> 0 | E32: 0.3 | F32: =E32*D32 -> 0
B33: 2.7 | C33: Colete refletor (trabalho noturno) | D33: =VLOOKUP(C33,'1.1 CUSTO FERRAME-UNIFORME-EPI'!B:C,2,FALSE) -> #DIV/0! | E33: 0 | F33: =E33*D33 -> #DIV/0!
B34: 2.8 | C34: Garra Térmica 2L | D34: =VLOOKUP(C34,'1.1 CUSTO FERRAME-UNIFORME-EPI'!B:C,2,FALSE) -> #DIV/0! | E34: 0.08 | F34: =E34*D34 -> #DIV/0!
C35: Total (D) | F35: =SUM(F27:F34) -> #DIV/0!
B37: 3.0 | C37: Valor total mensal (A + B + C + D) | F37: =SUM(F17,F25,F35) -> #DIV/0!
B40: ITENS | C40: DISCRIMINAÇÃO | D40: MOTORISTA CAMINHÃO DIURNO
B42: 1.0 | C42: REMUNERAÇÃO, ENCARGOS E BENEFÍCIOS | D42: VALOR | E42: QUANT. | F42: TOTAL
B43: 1.1 | C43: Remuneração
B44: 1.1.1 | C44: Salário | D44: ='1.1 SALÁRIOS'!F26 -> 0 | E44: 1 | F44: =E44*D44 -> 0
B45: 1.1.2 | C45: Adicional de insalubridade | D45: ='1.1 SALÁRIOS'!$F$23 -> 0 | E45: 0 | F45: =E45*D45 -> 0
B46: 1.1.3 | C46: Adicional noturno: 20% sobre salário
B47: 1.1.4 | C47: Horas extras com 50%
B48: 1.1.5 | C48: Horas extras com 100%
B49: 1.1.6 | C49: Outros
B50: 1.1.7 | C50: Total (A) | F50: =SUM(F44:F49) -> 0
B51: 1.2 | C51: Encargos sociais (B) | D51: =F50 -> 0 | E51: ='1.1 SALÁRIOS'!$F$33 -> 0 | F51: =E51*D51 -> 0
B52: 1.3 | C52: Remuneração bruta (A + B) | F52: =SUM(F50:F51) -> 0
B53: 1.4 | C53: Benefícios
B54: 1.4.1 | C54: Vale transporte | D54: ='1.1 SALÁRIOS'!$F$35 -> 0 | E54: 25.25 | F54: =IF(2*E54*D54-0.06*D44<0,0,2*E54*D54-0.06*D44) -> 0
B55: 1.4.2 | C55: Gratificação | D55: =('1.1 SALÁRIOS'!$F$36+'1.1 SALÁRIOS'!$F$37)/12 -> 0 | E55: 1 | F55: =E55*D55 -> 0
B56: 1.4.3 | C56: Auxilio Alimentação | D56: ='1.1 SALÁRIOS'!$F$38 -> 0 | E56: =E54 -> 25.25 | F56: =E56*D56 -> 0
B57: 1.4.4 | C57: Cesta Básica | D57: ='1.1 SALÁRIOS'!$F$39 -> 0 | E57: 1 | F57: =E57*D57 -> 0
B58: 1.4.5 | C58: Auxilio Saúde | D58: ='1.1 SALÁRIOS'!$F$40 -> 0 | E58: 1 | F58: =E58*D58 -> 0
B59: 1.4.6 | C59: Seguro de Vida | D59: ='1.1 SALÁRIOS'!$F$41 -> 0 | E59: 1 | F59: =E59*D59 -> 0
B60: 1.4.7 | C60: Total (C) | F60: =SUM(F54:F59) -> 0
B61: 2.0 | C61: UNIFORMES E EPI´s
B62: 2.1 | C62: Boné de brim tipo árabe | D62: =VLOOKUP(C62,'1.1 CUSTO FERRAME-UNIFORME-EPI'!B:C,2,FALSE) -> #DIV/0! | E62: 0.17 | F62: =E62*D62 -> #DIV/0!
B63: 2.2 | C63: Calça jeans | D63: =VLOOKUP(C63,'1.1 CUSTO FERRAME-UNIFORME-EPI'!B:C,2,FALSE) -> #DIV/0! | E63: 0.33 | F63: =E63*D63 -> #DIV/0!
B64: 2.3 | C64: Camisa polo, manga curta | D64: =VLOOKUP(C64,'1.1 CUSTO FERRAME-UNIFORME-EPI'!B:C,2,FALSE) -> #DIV/0! | E64: 0.33 | F64: =E64*D64 -> #DIV/0!
B65: 2.4 | C65: Bota de couro, antiderrapante | D65: =VLOOKUP(C65,'1.1 CUSTO FERRAME-UNIFORME-EPI'!B:C,2,FALSE) -> 0 | E65: 0.17 | F65: =E65*D65 -> 0
B66: 2.5 | C66: Capa de chuva, com capuz | D66: =VLOOKUP(C66,'1.1 CUSTO FERRAME-UNIFORME-EPI'!B:C,2,FALSE) -> 0 | E66: 0.17 | F66: =E66*D66 -> 0
B67: 2.6 | C67: Protetor solar fator 30 (120ml/Mês) | D67: =VLOOKUP(C67,'1.1 CUSTO FERRAME-UNIFORME-EPI'!B:C,2,FALSE) -> 0 | E67: 0.3 | F67: =E67*D67 -> 0
B68: 2.7 | C68: Colete refletor (trabalho noturno) | D68: =VLOOKUP(C68,'1.1 CUSTO FERRAME-UNIFORME-EPI'!B:C,2,FALSE) -> #DIV/0! | E68: 0 | F68: =E68*D68 -> #DIV/0!
B69: 2.8 | C69: Garra Térmica 2L | D69: =VLOOKUP(C69,'1.1 CUSTO FERRAME-UNIFORME-EPI'!B:C,2,FALSE) -> #DIV/0! | E69: 0.08 | F69: =E69*D69 -> #DIV/0!
C70: Total (D) | F70: =SUM(F62:F69) -> #DIV/0!
B72: 3.0 | C72: Valor total mensal (A + B + C + D) | F72: =SUM(F70,F60,F52) -> #DIV/0!
B75: ITENS | C75: DISCRIMINAÇÃO | D75: AJUDANTE DE OPERAÇÃO DIURNO
B77: 1.0 | C77: REMUNERAÇÃO, ENCARGOS E BENEFÍCIOS | D77: VALOR | E77: QUANT. | F77: TOTAL
B78: 1.1 | C78: Remuneração
B79: 1.1.1 | C79: Salário | D79: ='1.1 SALÁRIOS'!F7 -> 0 | E79: 1 | F79: =E79*D79 -> 0
B80: 1.1.2 | C80: Adicional de insalubridade | D80: ='1.1 SALÁRIOS'!$F$23 -> 0 | E80: 0.2 | F80: =E80*D80 -> 0
B81: 1.1.3 | C81: Adicional noturno: 20% sobre salário
B82: 1.1.4 | C82: Horas extras com 50%
B83: 1.1.5 | C83: Horas extras com 100%
B84: 1.1.6 | C84: Outros
C85: Total (A) | F85: =SUM(F79:F84) -> 0
B86: 1.2 | C86: Encargos sociais (B) | D86: =F85 -> 0 | E86: ='1.1 SALÁRIOS'!$F$33 -> 0 | F86: =E86*D86 -> 0
B87: 1.3 | C87: Remuneração bruta (A + B) | F87: =SUM(F85:F86) -> 0
B88: 1.4 | C88: Benefícios
B89: 1.4.1 | C89: Vale transporte | D89: ='1.1 SALÁRIOS'!$F$35 -> 0 | E89: 25.25 | F89: =IF(2*E89*D89-0.06*D79<0,0,2*E89*D89-0.06*D79) -> 0
B90: 1.4.2 | C90: Gratificação | D90: =('1.1 SALÁRIOS'!$F$36+'1.1 SALÁRIOS'!$F$37)/12 -> 0 | E90: 1 | F90: =E90*D90 -> 0
B91: 1.4.3 | C91: Auxilio Alimentação | D91: ='1.1 SALÁRIOS'!$F$38 -> 0 | E91: =E89 -> 25.25 | F91: =E91*D91 -> 0
B92: 1.4.4 | C92: Cesta Básica | D92: ='1.1 SALÁRIOS'!$F$39 -> 0 | E92: 1 | F92: =E92*D92 -> 0
B93: 1.4.5 | C93: Auxilio Saúde | D93: ='1.1 SALÁRIOS'!$F$40 -> 0 | E93: 1 | F93: =E93*D93 -> 0
B94: 1.4.6 | C94: Seguro de Vida | D94: ='1.1 SALÁRIOS'!$F$41 -> 0 | E94: 1 | F94: =E94*D94 -> 0
C95: Total (C) | F95: =SUM(F89:F94) -> 0
B96: 2.0 | C96: UNIFORMES E EPI´s
B97: 2.1 | C97: Boné de brim tipo árabe | D97: =VLOOKUP(C97,'1.1 CUSTO FERRAME-UNIFORME-EPI'!B:C,2,FALSE) -> #DIV/0! | E97: 0.25 | F97: =E97*D97 -> #DIV/0!
B98: 2.2 | C98: Calça de brim | D98: =VLOOKUP(C98,'1.1 CUSTO FERRAME-UNIFORME-EPI'!B:C,2,FALSE) -> 0 | E98: 0.5 | F98: =E98*D98 -> 0
B99: 2.3 | C99: Camisa de brim, manga longa | D99: =VLOOKUP(C99,'1.1 CUSTO FERRAME-UNIFORME-EPI'!B:C,2,FALSE) -> 0 | E99: 0.5 | F99: =E99*D99 -> 0
B100: 2.4 | C100: Calçado, antiderrapante, tipo tênis | D100: =VLOOKUP(C100,'1.1 CUSTO FERRAME-UNIFORME-EPI'!B:C,2,FALSE) -> 0 | E100: 0.25 | F100: =E100*D100 -> 0
B101: 2.5 | C101: Meião de lã | D101: =VLOOKUP(C101,'1.1 CUSTO FERRAME-UNIFORME-EPI'!B:C,2,FALSE) -> #DIV/0! | E101: 0.25 | F101: =E101*D101 -> #DIV/0!
B102: 2.6 | C102: Capa de chuva, com capuz | D102: =VLOOKUP(C102,'1.1 CUSTO FERRAME-UNIFORME-EPI'!B:C,2,FALSE) -> 0 | E102: 0.17 | F102: =E102*D102 -> 0
B103: 2.7 | C103: Luva raspa de couro, cano curto | D103: =VLOOKUP(C103,'1.1 CUSTO FERRAME-UNIFORME-EPI'!B:C,2,FALSE) -> 0 | E103: 0.5 | F103: =E103*D103 -> 0
B104: 2.8 | C104: Mascara descartável | D104: =VLOOKUP(C104,'1.1 CUSTO FERRAME-UNIFORME-EPI'!B:C,2,FALSE) -> 0 | E104: 2.17 | F104: =E104*D104 -> 0
B105: 2.10 | C105: Protetor solar fator 30 (120ml/Mês) | D105: =VLOOKUP(C105,'1.1 CUSTO FERRAME-UNIFORME-EPI'!B:C,2,FALSE) -> 0 | E105: 0.3 | F105: =E105*D105 -> 0
B106: 2.11 | C106: Garra Térmica 2L | D106: =VLOOKUP(C106,'1.1 CUSTO FERRAME-UNIFORME-EPI'!B:C,2,FALSE) -> #DIV/0! | E106: 0.08 | F106: =E106*D106 -> #DIV/0!
C107: Total (D) | F107: =SUM(F97:F106) -> #DIV/0!
B109: 3.0 | C109: Valor total mensal (A + B + C + D) | F109: =F107+F95+F87 -> #DIV/0!
B112: ITENS | C112: DISCRIMINAÇÃO | D112: CAPINADOR
B114: 1.0 | C114: REMUNERAÇÃO, ENCARGOS E BENEFÍCIOS
B115: 1.1 | C115: Remuneração
B116: 1.1.1 | C116: Salário | D116: ='1.1 SALÁRIOS'!F21 -> 0 | E116: 1 | F116: =E116*D116 -> 0
...

Sheet 7.3 EQUIP. VEICULOS
A2: TABELA DE CUSTOS UNITÁRIOS - VEÍCULOS E EQUIPAMENTOS
A6: ITENS | B6: DISCRIMINAÇÃO | C6: VEÍCULO DE TRANSPORTE - VAN | D6: CAMINHÃO CARROCERIA
C7: Valores (R$) | D7: Valores (R$)
A8: A | B8: DEPRECIAÇÃO | C8: =(C9-C11)/C43/12 -> 0 | D8: =(D9-D11)/D43/12 -> #DIV/0!
A9: A1 | B9: CUSTO DE AQUISIÇÃO | C9: ='1.1 REF EQUIPAMENTOS E DIV'!E18 -> 0 | D9: ='1.1 REF EQUIPAMENTOS E DIV'!E9+'1.1 REF EQUIPAMENTOS E DIV'!E4+'1.1 REF EQUIPAMENTOS E DIV'!E13 -> #DIV/0!
A11: A2 | B11: VALOR RESIDUAL | C11: =C9*C42 -> 0 | D11: =D9*D42 -> #DIV/0!
A13: B | B13: OPORTUNIDADE DE CAPITAL | C13: =C17*C19/12 -> 0 | D13: =D17*D19/12 -> #DIV/0!
A15: B1 | B15: CUSTO DE AQUISIÇÃO | C15: =C9 -> 0 | D15: =D9 -> #DIV/0!
A17: B2 | B17: INVESTIMENTO MÉDIO | C17: =(C9-C11)*((1+C43)/(2*C43))/1.25 -> 0 | D17: =(D9-D11)*((1+D43)/(2*D43))/1.25 -> #DIV/0!
A19: B3 | B19: TAXA DE JUROS AO ANO | C19: 0.1325 | D19: 0.1325
A20: C | B20: COMBUSTÍVEL | C20: =C25*7.33*25.25 -> 0 | D20: =D25*7.33*25.25 -> 0
A21: C1 | B21: CONSUMO DE ÓLEO DIESEL/H TRABALHADA | C21: =130*0.735*0.07 -> 6.6885 | D21: =277*0.735*0.1 -> 20.3595
B23: CUSTO/LITRO ÓLEO DIESEL | C23: ='1.1 REF EQUIPAMENTOS E DIV'!E38 -> 0 | D23: ='1.1 REF EQUIPAMENTOS E DIV'!$E$38 -> 0
A25: C2 | B25: CUSTO/HORA ÓLEO DIESEL | C25: =C23*C21 -> 0 | D25: =D23*D21 -> 0
A26: D | B26: LUBRIFICANTES | C26: =C29 -> 0 | D26: =D29 -> 0
A27: D1 | B27: CONSUMO DE LUBRIFICANTES | C27: 0.27 | D27: 0.1
A29: D2 | B29: CUSTO LUBRIFICANTES | C29: =C27*C20 -> 0 | D29: =D27*D20 -> 0
A31: F | B31: MANUTENÇÃO, IMPOSTOS E SEGUROS | C31: =C37 -> 0 | D31: =D37 -> #DIV/0!
A32: F1 | B32: DEPRECIAÇÃO/HORA | C32: =C8 -> 0 | D32: =D8 -> #DIV/0!
A34: F2 | B34: COEFICIENTE DE MANUTENÇÃO | C34: 0.6 | D34: 0.6
A35: F3 | B35: SEGUROS E IMPOSTOS | C35: 0.025 | D35: 0.025
A37: F4 | B37: CUSTO MANUTENÇÃO | C37: =(C34+C35)*C32 -> 0 | D37: =(D34+D35)*D32 -> #DIV/0!
A38: G | B38: GPS | C38: ='1.1 REF EQUIPAMENTOS E DIV'!$E$35 -> #DIV/0! | D38: ='1.1 REF EQUIPAMENTOS E DIV'!$E$35 -> #DIV/0!
B39: CUSTO MENSAL | C39: =C31++C26+C20+C13+C8+C38 -> #DIV/0! | D39: =D31++D26+D20+D13+D8+D38 -> #DIV/0!
B42: VALOR RESIDUAL | C42: 0.4 | D42: 0.4
B43: VIDA UTIL | C43: 5 | D43: 7

Sheet 7.4 DIM CAPINA
B2: PROJETO BÁSICO
B3: DIMENSIONAMENTO DA CAPINA MANUAL
B4: ITEM | C4: SETOR | D4: EXTENSÃO DAS VIAS SETOR (M) | E4: LARGURA MÉDIA DO CALÇAMENTO (M) | G4: PROPORÇÃO RELATIVA À CAPINA | H4: ÁREA DE CAPINA (M2)
B5: 1 | C5: VIAS E LOGRADOUROS | D5: =271230 -> 271230 | E5: 3.5 | G5: 0.25 | H5: =E5*D5*G5 -> 237326.25 | I5: =G5*E5 -> 0.875 | J5: 244107 | K5: =J5/H5 -> 1.0285714
I6: =I5/2 -> 0.4375
E7: =H4 -> ÁREA DE CAPINA (M2) | H7: =SUM(H5:H6) -> 237326.25
B9: DIAS TRABALHADOS AO MÊS | H9: 25.25
B10: FREQUÊNCIA DE EXECUÇÃO ANUAL | H10: 6
B11: ÁREA DE CAPINA (M2) POR MÊS | H11: =H7*H10/12 -> 118663.12
B12: ÁREA DE CAPINA (M2) POR DIA | H12: =H11/25.25 -> 4699.5297
B13: RENDIMENTO MÉDIO DIÁRIO POR CAPINADOR M2/DIA | H13: 150
B15: NÚMERO DE CAPINADORES NECESSÁRIO | H15: =H12/H13 -> 31.330198
B16: NÚMERO DE CAPINADORES ADOTADO | H16: =_xlfn.CEILING.MATH(H15,1) -> 32
B18: QUANTIDADE DE FISCAIS (1 para cada grupo de 10 capinadores) | H18: =ROUND(H16/10,0) -> 3
C20: EQUIPAMENTOS
C21: Veículo de transporte - Van | E21: 2
C22: Caminhão Carroceria com Cabine Suplementar | E22: 2
C24: MÃO DE OBRA:
C25: Fiscal diurno | E25: =H18 -> 3
C26: Capinador | E26: =H16 -> 32
C27: Motorista de Caminhao diurno | E27: =E22 -> 2
C28: Motorista diurno | E28: =E21 -> 2
C29: Ajudante de Operação diurno | E29: =2*E22 -> 4

Sheet 8.1 CAPINA ELETRICA
A3: COMPOSIÇÃO DE PREÇOS UNITÁRIOS DE SERVIÇO
A4: ='ORÇAMENTO GERAL'!B14 -> Capina Eletrica
E5: Unidade: | F5: M2
A6: ITENS | B6: DISCRIMINAÇÃO | C6: UNIDADE / MÊS | D6: QUANT. | E6: VALOR UNITÁRIO | F6: VALOR TOTAL
A7: 1 | B7: EQUIPAMENTOS
A8: 1.1 | B8: Caminhão ou Trator Agrícola c/ Equipamento de Capina Elétrica | C8: und | D8: 1 | E8: ='8.3 EQUIP VEICULOS'!C40 -> #DIV/0! | F8: =E8*D8 -> #DIV/0!
A10: 2 | B10: MÃO DE OBRA
A11: 2.1 | B11: Motorista Diurno | C11: mês | D11: 1 | E11: ='8.2 MAO DE OBRA '!F39 -> #DIV/0! | F11: =E11*D11 -> #DIV/0!
A12: 2.2 | B12: Ajudante de Operação Diurno | C12: mês | D12: 1 | E12: ='8.2 MAO DE OBRA '!F76 -> #DIV/0! | F12: =E12*D12 -> #DIV/0!
E13: Total | F13: =SUM(F11:F12) -> #DIV/0!
B14: RESUMO DO ITEM
B15: Custo operacional total | C15: R$ / mês | F15: =F13 -> #DIV/0!
B16: Quantidade estimada | C16: M2 / mês | F16: 2000
B17: Custo unitário sem BDI | C17: R$ / M2 | F17: =F15/F16 -> #DIV/0!
B18: BDI | C18: % | D18: ='BDI '!$C$22 -> 0.0526 | F18: =F17*D18 -> #DIV/0!
B19: PREÇO FINAL (com BDI) | C19: R$ / M2 | F19: =ROUND(F18+F17,2) -> #DIV/0!

Sheet 8.2 MAO DE OBRA 
B2: COMPOSIÇÃO DE CUSTOS UNITÁRIOS - PESSOAL
B7: ITENS | C7: DISCRIMINAÇÃO | D7: MOTORISTA CAMINHÃO DIURNO
B9: 1.0 | C9: REMUNERAÇÃO, ENCARGOS E BENEFÍCIOS | D9: VALOR | E9: QUANT. | F9: TOTAL
B10: 1.1 | C10: Remuneração
B11: 1.1.1 | C11: Salário | D11: ='1.1 SALÁRIOS'!F26 -> 0 | E11: 1 | F11: =E11*D11 -> 0
B12: 1.1.2 | C12: Adicional de insalubridade | D12: ='1.1 SALÁRIOS'!$F$23 -> 0 | E12: 0 | F12: =E12*D12 -> 0
B13: 1.1.3 | C13: Adicional noturno: 20% sobre salário
B14: 1.1.4 | C14: Horas extras com 50%
B15: 1.1.5 | C15: Horas extras com 100%
B16: 1.1.6 | C16: Outros
B17: 1.1.7 | C17: Total (A) | F17: =SUM(F11:F16) -> 0
B18: 1.2 | C18: Encargos sociais (B) | D18: =F17 -> 0 | E18: ='1.1 SALÁRIOS'!$F$33 -> 0 | F18: =E18*D18 -> 0
B19: 1.3 | C19: Remuneração bruta (A + B) | F19: =SUM(F17:F18) -> 0
B20: 1.4 | C20: Benefícios
B21: 1.4.1 | C21: Vale transporte | D21: ='1.1 SALÁRIOS'!$F$35 -> 0 | E21: 25.25 | F21: =IF(2*E21*D21-0.06*D11<0,0,2*E21*D21-0.06*D11) -> 0
B22: 1.4.2 | C22: Gratificação | D22: =('1.1 SALÁRIOS'!$F$36+'1.1 SALÁRIOS'!$F$37)/12 -> 0 | E22: 1 | F22: =E22*D22 -> 0
B23: 1.4.3 | C23: Auxilio Alimentação | D23: ='1.1 SALÁRIOS'!$F$38 -> 0 | E23: =E21 -> 25.25 | F23: =E23*D23 -> 0
B24: 1.4.4 | C24: Cesta Básica | D24: ='1.1 SALÁRIOS'!$F$39 -> 0 | E24: 1 | F24: =E24*D24 -> 0
B25: 1.4.5 | C25: Auxilio Saúde | D25: ='1.1 SALÁRIOS'!$F$40 -> 0 | E25: 1 | F25: =E25*D25 -> 0
B26: 1.4.6 | C26: Seguro de Vida | D26: ='1.1 SALÁRIOS'!$F$41 -> 0 | E26: 1 | F26: =E26*D26 -> 0
B27: 1.4.7 | C27: Total (C) | F27: =SUM(F21:F26) -> 0
B28: 2.0 | C28: UNIFORMES E EPI´s
B29: 2.1 | C29: Boné de brim tipo árabe | D29: =VLOOKUP(C29,'1.1 CUSTO FERRAME-UNIFORME-EPI'!B:C,2,FALSE) -> #DIV/0! | E29: 0.17 | F29: =E29*D29 -> #DIV/0!
B30: 2.2 | C30: Calça jeans | D30: =VLOOKUP(C30,'1.1 CUSTO FERRAME-UNIFORME-EPI'!B:C,2,FALSE) -> #DIV/0! | E30: 0.33 | F30: =E30*D30 -> #DIV/0!
B31: 2.3 | C31: Camisa polo, manga curta | D31: =VLOOKUP(C31,'1.1 CUSTO FERRAME-UNIFORME-EPI'!B:C,2,FALSE) -> #DIV/0! | E31: 0.33 | F31: =E31*D31 -> #DIV/0!
B32: 2.4 | C32: Bota de couro, antiderrapante | D32: =VLOOKUP(C32,'1.1 CUSTO FERRAME-UNIFORME-EPI'!B:C,2,FALSE) -> 0 | E32: 0.17 | F32: =E32*D32 -> 0
B33: 2.5 | C33: Capa de chuva, com capuz | D33: =VLOOKUP(C33,'1.1 CUSTO FERRAME-UNIFORME-EPI'!B:C,2,FALSE) -> 0 | E33: 0.17 | F33: =E33*D33 -> 0
B34: 2.6 | C34: Protetor solar fator 30 (120ml/Mês) | D34: =VLOOKUP(C34,'1.1 CUSTO FERRAME-UNIFORME-EPI'!B:C,2,FALSE) -> 0 | E34: 0.3 | F34: =E34*D34 -> 0
B35: 2.7 | C35: Colete refletor (trabalho noturno) | D35: =VLOOKUP(C35,'1.1 CUSTO FERRAME-UNIFORME-EPI'!B:C,2,FALSE) -> #DIV/0! | E35: 0 | F35: =E35*D35 -> #DIV/0!
B36: 2.8 | C36: Garra Térmica 2L | D36: =VLOOKUP(C36,'1.1 CUSTO FERRAME-UNIFORME-EPI'!B:C,2,FALSE) -> #DIV/0! | E36: 0.08 | F36: =E36*D36 -> #DIV/0!
C37: Total (D) | F37: =SUM(F29:F36) -> #DIV/0!
B39: 3.0 | C39: Valor total mensal (A + B + C + D) | F39: =SUM(F37,F27,F19) -> #DIV/0!
B42: ITENS | C42: DISCRIMINAÇÃO | D42: AJUDANTE DE OPERAÇÃO DIURNO
B44: 1.0 | C44: REMUNERAÇÃO, ENCARGOS E BENEFÍCIOS | D44: VALOR | E44: QUANT. | F44: TOTAL
B45: 1.1 | C45: Remuneração
B46: 1.1.1 | C46: Salário | D46: ='1.1 SALÁRIOS'!F7 -> 0 | E46: 1 | F46: =E46*D46 -> 0
B47: 1.1.2 | C47: Adicional de insalubridade | D47: ='1.1 SALÁRIOS'!$F$23 -> 0 | E47: 0.2 | F47: =E47*D47 -> 0
B48: 1.1.3 | C48: Adicional noturno: 20% sobre salário
B49: 1.1.4 | C49: Horas extras com 50%
B50: 1.1.5 | C50: Horas extras com 100%
B51: 1.1.6 | C51: Outros
C52: Total (A) | F52: =SUM(F46:F51) -> 0
B53: 1.2 | C53: Encargos sociais (B) | D53: =F52 -> 0 | E53: ='1.1 SALÁRIOS'!$F$33 -> 0 | F53: =E53*D53 -> 0
B54: 1.3 | C54: Remuneração bruta (A + B) | F54: =SUM(F52:F53) -> 0
B55: 1.4 | C55: Benefícios
B56: 1.4.1 | C56: Vale transporte | D56: ='1.1 SALÁRIOS'!$F$35 -> 0 | E56: 25.25 | F56: =IF(2*E56*D56-0.06*D46<0,0,2*E56*D56-0.06*D46) -> 0
B57: 1.4.2 | C57: Gratificação | D57: =('1.1 SALÁRIOS'!$F$36+'1.1 SALÁRIOS'!$F$37)/12 -> 0 | E57: 1 | F57: =E57*D57 -> 0
B58: 1.4.3 | C58: Auxilio Alimentação | D58: ='1.1 SALÁRIOS'!$F$38 -> 0 | E58: =E56 -> 25.25 | F58: =E58*D58 -> 0
B59: 1.4.4 | C59: Cesta Básica | D59: ='1.1 SALÁRIOS'!$F$39 -> 0 | E59: 1 | F59: =E59*D59 -> 0
B60: 1.4.5 | C60: Auxilio Saúde | D60: ='1.1 SALÁRIOS'!$F$40 -> 0 | E60: 1 | F60: =E60*D60 -> 0
B61: 1.4.6 | C61: Seguro de Vida | D61: ='1.1 SALÁRIOS'!$F$41 -> 0 | E61: 1 | F61: =E61*D61 -> 0
C62: Total (C) | F62: =SUM(F56:F61) -> 0
B63: 2.0 | C63: UNIFORMES E EPI´s
B64: 2.1 | C64: Boné de brim tipo árabe | D64: =VLOOKUP(C64,'1.1 CUSTO FERRAME-UNIFORME-EPI'!B:C,2,FALSE) -> #DIV/0! | E64: 0.25 | F64: =E64*D64 -> #DIV/0!
B65: 2.2 | C65: Calça de brim | D65: =VLOOKUP(C65,'1.1 CUSTO FERRAME-UNIFORME-EPI'!B:C,2,FALSE) -> 0 | E65: 0.5 | F65: =E65*D65 -> 0
B66: 2.3 | C66: Camisa de brim, manga longa | D66: =VLOOKUP(C66,'1.1 CUSTO FERRAME-UNIFORME-EPI'!B:C,2,FALSE) -> 0 | E66: 0.5 | F66: =E66*D66 -> 0
B67: 2.4 | C67: Calçado, antiderrapante, tipo tênis | D67: =VLOOKUP(C67,'1.1 CUSTO FERRAME-UNIFORME-EPI'!B:C,2,FALSE) -> 0 | E67: 0.25 | F67: =E67*D67 -> 0
B68: 2.5 | C68: Meião de lã | D68: =VLOOKUP(C68,'1.1 CUSTO FERRAME-UNIFORME-EPI'!B:C,2,FALSE) -> #DIV/0! | E68: 0.25 | F68: =E68*D68 -> #DIV/0!
B69: 2.6 | C69: Capa de chuva, com capuz | D69: =VLOOKUP(C69,'1.1 CUSTO FERRAME-UNIFORME-EPI'!B:C,2,FALSE) -> 0 | E69: 0.17 | F69: =E69*D69 -> 0
B70: 2.7 | C70: Luva raspa de couro, cano curto | D70: =VLOOKUP(C70,'1.1 CUSTO FERRAME-UNIFORME-EPI'!B:C,2,FALSE) -> 0 | E70: 0.5 | F70: =E70*D70 -> 0
B71: 2.8 | C71: Mascara descartável | D71: =VLOOKUP(C71,'1.1 CUSTO FERRAME-UNIFORME-EPI'!B:C,2,FALSE) -> 0 | E71: 2.17 | F71: =E71*D71 -> 0
B72: 2.10 | C72: Protetor solar fator 30 (120ml/Mês) | D72: =VLOOKUP(C72,'1.1 CUSTO FERRAME-UNIFORME-EPI'!B:C,2,FALSE) -> 0 | E72: 0.3 | F72: =E72*D72 -> 0
B73: 2.11 | C73: Garra Térmica 2L | D73: =VLOOKUP(C73,'1.1 CUSTO FERRAME-UNIFORME-EPI'!B:C,2,FALSE) -> #DIV/0! | E73: 0.08 | F73: =E73*D73 -> #DIV/0!
C74: Total (D) | F74: =SUM(F64:F73) -> #DIV/0!
B76: 3.0 | C76: Valor total mensal (A + B + C + D) | F76: =F74+F62+F54 -> #DIV/0!

Sheet 8.3 EQUIP VEICULOS
A2: TABELA DE CUSTOS UNITÁRIOS - VEÍCULOS E EQUIPAMENTOS
A6: ITENS | B6: DISCRIMINAÇÃO | C6: CAMINHÃO OU TRATOR AGRÍCOLA C/ EQUIPAMENTO DE CAPINA ELÉTRICA
C7: Valores (R$)
A8: A | B8: DEPRECIAÇÃO | C8: =(C9-C11)/C44/12 -> 0
A9: A1 | B9: CUSTO DE AQUISIÇÃO | C9: ='1.1 REF EQUIPAMENTOS E DIV'!E4+'1.1 REF EQUIPAMENTOS E DIV'!E8 -> 0
A11: A2 | B11: VALOR RESIDUAL | C11: =C9*C43 -> 0
A13: B | B13: OPORTUNIDADE DE CAPITAL | C13: =C17*C19/12 -> 0
A15: B1 | B15: CUSTO DE AQUISIÇÃO | C15: =C9 -> 0
A17: B2 | B17: INVESTIMENTO MÉDIO | C17: =(C9-C11)*((1+C44)/(2*C44))/1.25 -> 0
A19: B3 | B19: TAXA DE JUROS AO ANO | C19: 0.1325
A20: C | B20: COMBUSTÍVEL | C20: =C26*7.33*26.08 -> 0
A21: C1 | B21: CONSUMO CHASSIS/H TRABALHADA | C21: =277*0.735*0.11 -> 22.39545
A22: C1 | B22: CONSUMO VARREDEIRA | C22: =277*0.735*0.08 -> 16.2876
B24: CUSTO/LITRO ÓLEO DIESEL | C24: ='1.1 REF EQUIPAMENTOS E DIV'!E38 -> 0
A26: C2 | B26: CUSTO/HORA ÓLEO DIESEL | C26: =C24*(C21+C22) -> 0
A27: D | B27: LUBRIFICANTES | C27: =C30 -> 0
A28: D1 | B28: CONSUMO DE LUBRIFICANTES | C28: 0.1
A30: D2 | B30: CUSTO LUBRIFICANTES | C30: =C28*C20 -> 0
A32: F | B32: MANUTENÇÃO, IMPOSTOS E SEGUROS | C32: =C38 -> 0
A33: F1 | B33: DEPRECIAÇÃO/HORA | C33: =C8 -> 0
A35: F2 | B35: COEFICIENTE DE MANUTENÇÃO | C35: 0.6
A36: F3 | B36: SEGUROS E IMPOSTOS | C36: 0.025
A38: F4 | B38: CUSTO MANUTENÇÃO | C38: =(C35+C36)*C33 -> 0
A39: G | B39: GPS | C39: ='1.1 REF EQUIPAMENTOS E DIV'!$E$35 -> #DIV/0!
B40: CUSTO MENSAL | C40: =C32++C27+C20+C13+C8+C39 -> #DIV/0!
B43: VALOR RESIDUAL | C43: 0.2
B44: VIDA UTIL | C44: 4.9999499

Sheet 8.4 DIM CAPINA ELETRICA
A2: PROJETO BÁSICO
A3: DIMENSIONAMENTO DA CAPINA ELETRICA
A4: ITEM | B4: SETOR | C4: EXTENSÃO DAS VIAS SETOR (M) | D4: LARGURA MÉDIA DO CALÇAMENTO (M) | F4: PROPORÇÃO RELATIVA À CAPINA | G4: ÁREA DE CAPINA (M2)
A5: 1 | B5: VIAS E LOGRADOUROS | C5: 6666.65 | D5: 3 | F5: 0.1 | G5: =D5*C5*F5 -> 1999.995
D7: =G4 -> ÁREA DE CAPINA (M2) | G7: =SUM(G5:G6) -> 1999.995
A9: DIAS TRABALHADOS AO MÊS | G9: 25.25
A10: FREQUÊNCIA DE EXECUÇÃO ANUAL | G10: 6
A11: ÁREA DE CAPINA (M2) POR MÊS | G11: =G7*G10/12 -> 999.9975
A12: ÁREA DE CAPINA (M2) POR DIA | G12: =G11/25.25 -> 39.603861

Sheet 9.1 ROÇADA
A3: COMPOSIÇÃO DE PREÇOS UNITÁRIOS DE SERVIÇO
A4: ='ORÇAMENTO GERAL'!B15 -> Roçada
E5: Unidade: | F5: M2
A6: ITENS | B6: DISCRIMINAÇÃO | C6: UNIDADE / MÊS | D6: QUANT. | E6: VALOR UNITÁRIO | F6: VALOR TOTAL
A7: 1 | B7: EQUIPAMENTOS
A8: 1.1 | B8: Caminhão Basculante de 6 m³ | C8: und | D8: ='9.4 DIM ROÇADA'!E22 -> 2 | E8: ='9.3 EQUIP. VEICULOS'!C39 -> #DIV/0! | F8: =E8*D8 -> #DIV/0!
A9: 1.2 | B9: Caminhão Carroceria com Cabine Suplementar | C9: und | D9: ='9.4 DIM ROÇADA'!E23 -> 3 | E9: ='9.3 EQUIP. VEICULOS'!E39 -> #DIV/0! | F9: =E9*D9 -> #DIV/0!
B10: Custo total | C10: R$/mês | E10: Total 1 | F10: =SUM(F8:F9) -> #DIV/0!
A11: 2 | B11: MÃO DE OBRA:
A12: 2.1 | B12: Fiscal diurno | C12: mês | D12: ='9.4 DIM ROÇADA'!E26 -> 3 | E12: ='9.2 MAO DE OBRA'!F37 -> #DIV/0! | F12: =E12*D12 -> #DIV/0!
A13: 2.2 | B13: Roçador | C13: mês | D13: ='9.4 DIM ROÇADA'!E27 -> 33 | E13: ='9.2 MAO DE OBRA'!F177 -> #DIV/0! | F13: =E13*D13 -> #DIV/0!
A14: 2.3 | B14: Motorista de Caminhao diurno | C14: mês | D14: ='9.4 DIM ROÇADA'!E28 -> 5 | E14: ='9.2 MAO DE OBRA'!F72 -> #DIV/0! | F14: =E14*D14 -> #DIV/0!
A15: 2.4 | B15: Ajudante de Operação diurno | C15: mês | D15: =2*D13 -> 66 | E15: ='9.2 MAO DE OBRA'!F109 -> #DIV/0! | F15: =E15*D15 -> #DIV/0!
B16: Custo total | C16: R$/mês | E16: Total 2 | F16: =SUM(F12:F15) -> #DIV/0!
A17: 3 | B17: FERRAMENTAS
B18: Kit de Ferramentas
A19: 3.1 | B19: Pá quadrada, com cabo | C19: und | D19: =(8/12)*D13 -> 22 | E19: =VLOOKUP(B19,'1.1 CUSTO FERRAME-UNIFORME-EPI'!B:C,2,FALSE) -> #DIV/0! | F19: =E19*D19 -> #DIV/0!
A20: 3.2 | B20: Ancinho, com cabo/ Gadanho | C20: und | D20: =(6/12)*D13 -> 16.5 | E20: =VLOOKUP(B20,'1.1 CUSTO FERRAME-UNIFORME-EPI'!B:C,2,FALSE) -> #DIV/0! | F20: =E20*D20 -> #DIV/0!
A21: 3.3 | B21: Vassoura de piaçava 28 furos, com cabo | C21: und | D21: =(4/12)*D13 -> 11 | E21: =VLOOKUP(B21,'1.1 CUSTO FERRAME-UNIFORME-EPI'!B:C,2,FALSE) -> 0 | F21: =E21*D21 -> 0
A22: 3.4 | B22: Cone de sinalização | C22: und | D22: =D14*2 -> 10 | E22: =VLOOKUP(B22,'1.1 CUSTO FERRAME-UNIFORME-EPI'!B:C,2,FALSE) -> 0 | F22: =E22*D22 -> 0
A23: 3.5 | B23: Enxada, com cabo | C23: und | D23: =(9/12)*D15 -> 49.5 | E23: =VLOOKUP(B23,'1.1 CUSTO FERRAME-UNIFORME-EPI'!B:C,2,FALSE) -> 0 | F23: =E23*D23 -> 0
A24: 3.6 | B24: Foice,com cabo | C24: und | D24: =(3/12)*D13 -> 8.25 | E24: =VLOOKUP(B24,'1.1 CUSTO FERRAME-UNIFORME-EPI'!B:C,2,FALSE) -> #DIV/0! | F24: =E24*D24 -> #DIV/0!
A25: 3.7 | B25: Roçadeira Costal | C25: und | D25: =D13 -> 33 | E25: ='12 EQUIP. VEICULOS'!D38 -> 0 | F25: =E25*D25 -> 0
B26: Custo total | C26: R$/mês | E26: Total 3 | F26: =SUM(F19:F25) -> #DIV/0!
B27: RESUMO DO ITEM
B28: Custo operacional total | C28: R$ / mês | F28: =SUM(F16,F26,F10) -> #DIV/0!
B29: Quantidade estimada | C29: M2 / mês | F29: ='9.4 DIM ROÇADA'!I11 -> 656290.12
B30: Custo unitário sem BDI | C30: R$ / M2 | F30: =F28/F29 -> #DIV/0!
B31: BDI | C31: % | D31: ='BDI '!$C$22 -> 0.0526 | F31: =F30*D31 -> #DIV/0!
B32: PREÇO FINAL (com BDI) | C32: R$ / M2 | F32: =ROUND(F31+F30,2) -> #DIV/0!

Sheet 9.2 MAO DE OBRA
B2: COMPOSIÇÃO DE CUSTOS UNITÁRIOS - PESSOAL
B5: ITENS | C5: DISCRIMINAÇÃO | D5: FISCAL DIURNO
B7: 1.0 | C7: REMUNERAÇÃO, ENCARGOS E BENEFÍCIOS | D7: VALOR | E7: QUANT. | F7: TOTAL
B8: 1.1 | C8: Remuneração
B9: 1.1.1 | C9: Salário | D9: ='1.1 SALÁRIOS'!F10 -> 0 | E9: 1 | F9: =E9*D9 -> 0
B10: 1.1.2 | C10: Adicional de insalubridade | D10: ='1.1 SALÁRIOS'!$F$23 -> 0 | E10: 0 | F10: =E10*D10 -> 0
B11: 1.1.3 | C11: Adicional noturno
B12: 1.1.4 | C12: Horas extras com 50%
B13: 1.1.5 | C13: Horas extras com 100%
B14: 1.1.6 | C14: Outros
C15: Total (A) | F15: =SUM(F9:F14) -> 0
B16: 1.2 | C16: Encargos sociais (B) | D16: =F15 -> 0 | E16: ='1.1 SALÁRIOS'!$F$33 -> 0 | F16: =E16*D16 -> 0
B17: 1.3 | C17: Remuneração bruta (A + B) | F17: =SUM(F15:F16) -> 0
B18: 1.4 | C18: Benefícios
B19: 1.4.1 | C19: Vale transporte | D19: ='1.1 SALÁRIOS'!$F$35 -> 0 | E19: 25.25 | F19: =IF(2*E19*D19-0.06*D9<0,0,2*E19*D19-0.06*D9) -> 0
B20: 1.4.2 | C20: Gratificação | D20: =('1.1 SALÁRIOS'!$F$36+'1.1 SALÁRIOS'!$F$37)/12 -> 0 | E20: 1 | F20: =E20*D20 -> 0
B21: 1.4.3 | C21: Auxilio Alimentação | D21: ='1.1 SALÁRIOS'!$F$38 -> 0 | E21: =E19 -> 25.25 | F21: =E21*D21 -> 0
B22: 1.4.4 | C22: Cesta Básica | D22: ='1.1 SALÁRIOS'!$F$39 -> 0 | E22: 1 | F22: =E22*D22 -> 0
B23: 1.4.5 | C23: Auxilio Saúde | D23: ='1.1 SALÁRIOS'!$F$40 -> 0 | E23: 1 | F23: =E23*D23 -> 0
B24: 1.4.6 | C24: Seguro de Vida | D24: ='1.1 SALÁRIOS'!$F$41 -> 0 | E24: 1 | F24: =E24*D24 -> 0
C25: Total (C) | F25: =SUM(F19:F24) -> 0
B26: 2.0 | C26: UNIFORMES E EPI´s
B27: 2.1 | C27: Boné de brim tipo árabe | D27: =VLOOKUP(C27,'1.1 CUSTO FERRAME-UNIFORME-EPI'!B:C,2,FALSE) -> #DIV/0! | E27: 0.17 | F27: =E27*D27 -> #DIV/0!
B28: 2.2 | C28: Calça jeans | D28: =VLOOKUP(C28,'1.1 CUSTO FERRAME-UNIFORME-EPI'!B:C,2,FALSE) -> #DIV/0! | E28: 0.33 | F28: =E28*D28 -> #DIV/0!
B29: 2.3 | C29: Camisa polo, manga curta | D29: =VLOOKUP(C29,'1.1 CUSTO FERRAME-UNIFORME-EPI'!B:C,2,FALSE) -> #DIV/0! | E29: 0.33 | F29: =E29*D29 -> #DIV/0!
B30: 2.4 | C30: Bota de couro, antiderrapante | D30: =VLOOKUP(C30,'1.1 CUSTO FERRAME-UNIFORME-EPI'!B:C,2,FALSE) -> 0 | E30: 0.17 | F30: =E30*D30 -> 0
B31: 2.5 | C31: Capa de chuva, com capuz | D31: =VLOOKUP(C31,'1.1 CUSTO FERRAME-UNIFORME-EPI'!B:C,2,FALSE) -> 0 | E31: 0.17 | F31: =E31*D31 -> 0
B32: 2.6 | C32: Protetor solar fator 30 (120ml/Mês) | D32: =VLOOKUP(C32,'1.1 CUSTO FERRAME-UNIFORME-EPI'!B:C,2,FALSE) -> 0 | E32: 0.3 | F32: =E32*D32 -> 0
B33: 2.7 | C33: Colete refletor (trabalho noturno) | D33: =VLOOKUP(C33,'1.1 CUSTO FERRAME-UNIFORME-EPI'!B:C,2,FALSE) -> #DIV/0! | E33: 0 | F33: =E33*D33 -> #DIV/0!
B34: 2.8 | C34: Garra Térmica 2L | D34: =VLOOKUP(C34,'1.1 CUSTO FERRAME-UNIFORME-EPI'!B:C,2,FALSE) -> #DIV/0! | E34: 0.08 | F34: =E34*D34 -> #DIV/0!
C35: Total (D) | F35: =SUM(F27:F34) -> #DIV/0!
B37: 3.0 | C37: Valor total mensal (A + B + C + D) | F37: =SUM(F17,F25,F35) -> #DIV/0!
B40: ITENS | C40: DISCRIMINAÇÃO | D40: MOTORISTA CAMINHÃO DIURNO
B42: 1.0 | C42: REMUNERAÇÃO, ENCARGOS E BENEFÍCIOS | D42: VALOR | E42: QUANT. | F42: TOTAL
B43: 1.1 | C43: Remuneração
B44: 1.1.1 | C44: Salário | D44: ='1.1 SALÁRIOS'!F26 -> 0 | E44: 1 | F44: =E44*D44 -> 0
B45: 1.1.2 | C45: Adicional de insalubridade | D45: ='1.1 SALÁRIOS'!$F$23 -> 0 | E45: 0 | F45: =E45*D45 -> 0
B46: 1.1.3 | C46: Adicional noturno: 20% sobre salário
B47: 1.1.4 | C47: Horas extras com 50%
B48: 1.1.5 | C48: Horas extras com 100%
B49: 1.1.6 | C49: Outros
B50: 1.1.7 | C50: Total (A) | F50: =SUM(F44:F49) -> 0
B51: 1.2 | C51: Encargos sociais (B) | D51: =F50 -> 0 | E51: ='1.1 SALÁRIOS'!$F$33 -> 0 | F51: =E51*D51 -> 0
B52: 1.3 | C52: Remuneração bruta (A + B) | F52: =SUM(F50:F51) -> 0
B53: 1.4 | C53: Benefícios
B54: 1.4.1 | C54: Vale transporte | D54: ='1.1 SALÁRIOS'!$F$35 -> 0 | E54: 25.25 | F54: =IF(2*E54*D54-0.06*D44<0,0,2*E54*D54-0.06*D44) -> 0
B55: 1.4.2 | C55: Gratificação | D55: =('1.1 SALÁRIOS'!$F$36+'1.1 SALÁRIOS'!$F$37)/12 -> 0 | E55: 1 | F55: =E55*D55 -> 0
B56: 1.4.3 | C56: Auxilio Alimentação | D56: ='1.1 SALÁRIOS'!$F$38 -> 0 | E56: =E54 -> 25.25 | F56: =E56*D56 -> 0
B57: 1.4.4 | C57: Cesta Básica | D57: ='1.1 SALÁRIOS'!$F$39 -> 0 | E57: 1 | F57: =E57*D57 -> 0
B58: 1.4.5 | C58: Auxilio Saúde | D58: ='1.1 SALÁRIOS'!$F$40 -> 0 | E58: 1 | F58: =E58*D58 -> 0
B59: 1.4.6 | C59: Seguro de Vida | D59: ='1.1 SALÁRIOS'!$F$41 -> 0 | E59: 1 | F59: =E59*D59 -> 0
B60: 1.4.7 | C60: Total (C) | F60: =SUM(F54:F59) -> 0
B61: 2.0 | C61: UNIFORMES E EPI´s
B62: 2.1 | C62: Boné de brim tipo árabe | D62: =VLOOKUP(C62,'1.1 CUSTO FERRAME-UNIFORME-EPI'!B:C,2,FALSE) -> #DIV/0! | E62: 0.17 | F62: =E62*D62 -> #DIV/0!
B63: 2.2 | C63: Calça jeans | D63: =VLOOKUP(C63,'1.1 CUSTO FERRAME-UNIFORME-EPI'!B:C,2,FALSE) -> #DIV/0! | E63: 0.33 | F63: =E63*D63 -> #DIV/0!
B64: 2.3 | C64: Camisa polo, manga curta | D64: =VLOOKUP(C64,'1.1 CUSTO FERRAME-UNIFORME-EPI'!B:C,2,FALSE) -> #DIV/0! | E64: 0.33 | F64: =E64*D64 -> #DIV/0!
B65: 2.4 | C65: Bota de couro, antiderrapante | D65: =VLOOKUP(C65,'1.1 CUSTO FERRAME-UNIFORME-EPI'!B:C,2,FALSE) -> 0 | E65: 0.17 | F65: =E65*D65 -> 0
B66: 2.5 | C66: Capa de chuva, com capuz | D66: =VLOOKUP(C66,'1.1 CUSTO FERRAME-UNIFORME-EPI'!B:C,2,FALSE) -> 0 | E66: 0.17 | F66: =E66*D66 -> 0
B67: 2.6 | C67: Protetor solar fator 30 (120ml/Mês) | D67: =VLOOKUP(C67,'1.1 CUSTO FERRAME-UNIFORME-EPI'!B:C,2,FALSE) -> 0 | E67: 0.3 | F67: =E67*D67 -> 0
B68: 2.7 | C68: Colete refletor (trabalho noturno) | D68: =VLOOKUP(C68,'1.1 CUSTO FERRAME-UNIFORME-EPI'!B:C,2,FALSE) -> #DIV/0! | E68: 0 | F68: =E68*D68 -> #DIV/0!
B69: 2.8 | C69: Garra Térmica 2L | D69: =VLOOKUP(C69,'1.1 CUSTO FERRAME-UNIFORME-EPI'!B:C,2,FALSE) -> #DIV/0! | E69: 0.08 | F69: =E69*D69 -> #DIV/0!
C70: Total (D) | F70: =SUM(F62:F69) -> #DIV/0!
B72: 3.0 | C72: Valor total mensal (A + B + C + D) | F72: =SUM(F70,F60,F52) -> #DIV/0!
B75: ITENS | C75: DISCRIMINAÇÃO | D75: AJUDANTE DE OPERAÇÃO DIURNO
B77: 1.0 | C77: REMUNERAÇÃO, ENCARGOS E BENEFÍCIOS | D77: VALOR | E77: QUANT. | F77: TOTAL
B78: 1.1 | C78: Remuneração
B79: 1.1.1 | C79: Salário | D79: ='1.1 SALÁRIOS'!F7 -> 0 | E79: 1 | F79: =E79*D79 -> 0
B80: 1.1.2 | C80: Adicional de insalubridade | D80: ='1.1 SALÁRIOS'!$F$23 -> 0 | E80: 0.2 | F80: =E80*D80 -> 0
B81: 1.1.3 | C81: Adicional noturno: 20% sobre salário
B82: 1.1.4 | C82: Horas extras com 50%
B83: 1.1.5 | C83: Horas extras com 100%
B84: 1.1.6 | C84: Outros
C85: Total (A) | F85: =SUM(F79:F84) -> 0
B86: 1.2 | C86: Encargos sociais (B) | D86: =F85 -> 0 | E86: ='1.1 SALÁRIOS'!$F$33 -> 0 | F86: =E86*D86 -> 0
B87: 1.3 | C87: Remuneração bruta (A + B) | F87: =SUM(F85:F86) -> 0
B88: 1.4 | C88: Benefícios
B89: 1.4.1 | C89: Vale transporte | D89: ='1.1 SALÁRIOS'!$F$35 -> 0 | E89: 25.25 | F89: =IF(2*E89*D89-0.06*D79<0,0,2*E89*D89-0.06*D79) -> 0
B90: 1.4.2 | C90: Gratificação | D90: =('1.1 SALÁRIOS'!$F$36+'1.1 SALÁRIOS'!$F$37)/12 -> 0 | E90: 1 | F90: =E90*D90 -> 0
B91: 1.4.3 | C91: Auxilio Alimentação | D91: ='1.1 SALÁRIOS'!$F$38 -> 0 | E91: =E89 -> 25.25 | F91: =E91*D91 -> 0
B92: 1.4.4 | C92: Cesta Básica | D92: ='1.1 SALÁRIOS'!$F$39 -> 0 | E92: 1 | F92: =E92*D92 -> 0
B93: 1.4.5 | C93: Auxilio Saúde | D93: ='1.1 SALÁRIOS'!$F$40 -> 0 | E93: 1 | F93: =E93*D93 -> 0
B94: 1.4.6 | C94: Seguro de Vida | D94: ='1.1 SALÁRIOS'!$F$41 -> 0 | E94: 1 | F94: =E94*D94 -> 0
C95: Total (C) | F95: =SUM(F89:F94) -> 0
B96: 2.0 | C96: UNIFORMES E EPI´s
B97: 2.1 | C97: Boné de brim tipo árabe | D97: =VLOOKUP(C97,'1.1 CUSTO FERRAME-UNIFORME-EPI'!B:C,2,FALSE) -> #DIV/0! | E97: 0.25 | F97: =E97*D97 -> #DIV/0!
B98: 2.2 | C98: Calça de brim | D98: =VLOOKUP(C98,'1.1 CUSTO FERRAME-UNIFORME-EPI'!B:C,2,FALSE) -> 0 | E98: 0.5 | F98: =E98*D98 -> 0
B99: 2.3 | C99: Camisa de brim, manga longa | D99: =VLOOKUP(C99,'1.1 CUSTO FERRAME-UNIFORME-EPI'!B:C,2,FALSE) -> 0 | E99: 0.5 | F99: =E99*D99 -> 0
B100: 2.4 | C100: Calçado, antiderrapante, tipo tênis | D100: =VLOOKUP(C100,'1.1 CUSTO FERRAME-UNIFORME-EPI'!B:C,2,FALSE) -> 0 | E100: 0.25 | F100: =E100*D100 -> 0
B101: 2.5 | C101: Meião de lã | D101: =VLOOKUP(C101,'1.1 CUSTO FERRAME-UNIFORME-EPI'!B:C,2,FALSE) -> #DIV/0! | E101: 0.25 | F101: =E101*D101 -> #DIV/0!
B102: 2.6 | C102: Capa de chuva, com capuz | D102: =VLOOKUP(C102,'1.1 CUSTO FERRAME-UNIFORME-EPI'!B:C,2,FALSE) -> 0 | E102: 0.17 | F102: =E102*D102 -> 0
B103: 2.7 | C103: Luva raspa de couro, cano curto | D103: =VLOOKUP(C103,'1.1 CUSTO FERRAME-UNIFORME-EPI'!B:C,2,FALSE) -> 0 | E103: 0.5 | F103: =E103*D103 -> 0
B104: 2.8 | C104: Mascara descartável | D104: =VLOOKUP(C104,'1.1 CUSTO FERRAME-UNIFORME-EPI'!B:C,2,FALSE) -> 0 | E104: 2.17 | F104: =E104*D104 -> 0
B105: 2.10 | C105: Protetor solar fator 30 (120ml/Mês) | D105: =VLOOKUP(C105,'1.1 CUSTO FERRAME-UNIFORME-EPI'!B:C,2,FALSE) -> 0 | E105: 0.3 | F105: =E105*D105 -> 0
B106: 2.11 | C106: Garra Térmica 2L | D106: =VLOOKUP(C106,'1.1 CUSTO FERRAME-UNIFORME-EPI'!B:C,2,FALSE) -> #DIV/0! | E106: 0.08 | F106: =E106*D106 -> #DIV/0!
C107: Total (D) | F107: =SUM(F97:F106) -> #DIV/0!
B109: 3.0 | C109: Valor total mensal (A + B + C + D) | F109: =F107+F95+F87 -> #DIV/0!
B112: ITENS | C112: DISCRIMINAÇÃO | D112: CAPINADOR
B113: 1.0 | C113: REMUNERAÇÃO, ENCARGOS E BENEFÍCIOS
B114: 1.1 | C114: Remuneração
B115: 1.1.1 | C115: Salário | D115: ='1.1 SALÁRIOS'!F21 -> 0 | E115: 1 | F115: =E115*D115 -> 0
...

Sheet 9.3 EQUIP. VEICULOS
A2: TABELA DE CUSTOS UNITÁRIOS - VEÍCULOS E EQUIPAMENTOS
A6: ITENS | B6: DISCRIMINAÇÃO | C6: CAMINHAO BASC 6m3 | D6: ROÇADEIRA | E6: CAMINHÃO CARROCERIA
C7: Valores (R$) | D7: Valores (R$) | E7: Valores (R$)
A8: A | B8: DEPRECIAÇÃO | C8: =(C9-C11)/C43/12 -> 0 | D8: =(D9-D11)/D43/12 -> 0 | E8: =(E9-E11)/E43/12 -> #DIV/0!
A9: A1 | B9: CUSTO DE AQUISIÇÃO | C9: ='1.1 REF EQUIPAMENTOS E DIV'!E4+'1.1 REF EQUIPAMENTOS E DIV'!E7 -> 0 | D9: ='1.1 REF EQUIPAMENTOS E DIV'!E27 -> 0 | E9: ='1.1 REF EQUIPAMENTOS E DIV'!E9+'1.1 REF EQUIPAMENTOS E DIV'!E4+'1.1 REF EQUIPAMENTOS E DIV'!E13 -> #DIV/0!
A11: A2 | B11: VALOR RESIDUAL | C11: =C9*C42 -> 0 | D11: =D9*D42 -> 0 | E11: =E9*E42 -> #DIV/0!
A13: B | B13: OPORTUNIDADE DE CAPITAL | C13: =C17*C19/12 -> 0 | D13: =D17*D19/12 -> 0 | E13: =E17*E19/12 -> #DIV/0!
A15: B1 | B15: CUSTO DE AQUISIÇÃO | C15: =C9 -> 0 | D15: =D9 -> 0 | E15: =E9 -> #DIV/0!
A17: B2 | B17: INVESTIMENTO MÉDIO | C17: =(C9-C11)*((1+C43)/(2*C43))/1.25 -> 0 | D17: =(D9-D11)*((1+D43)/(2*D43))/1.25 -> 0 | E17: =(E9-E11)*((1+E43)/(2*E43))/1.25 -> #DIV/0!
A19: B3 | B19: TAXA DE JUROS AO ANO | C19: 0.1325 | D19: 0.1325 | E19: 0.1325
A20: C | B20: COMBUSTÍVEL | C20: =C25*7.33*25.25 -> 0 | D20: =D25*7.33*25.25 -> 0 | E20: =E25*7.33*25.25 -> 0
A21: C1 | B21: CONSUMO DE ÓLEO DIESEL/H TRABALHADA | C21: =277*0.735*0.1 -> 20.3595 | D21: =1.1*1.4 -> 1.54 | E21: =277*0.735*0.1 -> 20.3595
B23: CUSTO/LITRO ÓLEO DIESEL | C23: ='1.1 REF EQUIPAMENTOS E DIV'!$E$38 -> 0 | D23: ='1.1 REF EQUIPAMENTOS E DIV'!E39 -> 0 | E23: ='1.1 REF EQUIPAMENTOS E DIV'!$E$38 -> 0
A25: C2 | B25: CUSTO/HORA ÓLEO DIESEL | C25: =C23*C21 -> 0 | D25: =D23*D21 -> 0 | E25: =E23*E21 -> 0
A26: D | B26: LUBRIFICANTES | C26: =C29 -> 0 | D26: =D29 -> 0 | E26: =E29 -> 0
A27: D1 | B27: CONSUMO DE LUBRIFICANTES | C27: 0.1 | D27: 0.28 | E27: 0.1
A29: D2 | B29: CUSTO LUBRIFICANTES | C29: =C27*C20 -> 0 | D29: =D27*D20 -> 0 | E29: =E27*E20 -> 0
A31: F | B31: MANUTENÇÃO, IMPOSTOS E SEGUROS | C31: =C37 -> 0 | D31: =D37 -> 0 | E31: =E37 -> #DIV/0!
A32: F1 | B32: DEPRECIAÇÃO/HORA | C32: =C8 -> 0 | D32: =D8 -> 0 | E32: =E8 -> #DIV/0!
A34: F2 | B34: COEFICIENTE DE MANUTENÇÃO | C34: 0.8 | D34: 1 | E34: 0.6
A35: F3 | B35: SEGUROS E IMPOSTOS | C35: 0.025 | E35: 0.025
A37: F4 | B37: CUSTO MANUTENÇÃO | C37: =(C34+C35)*C32 -> 0 | D37: =D34*D32 -> 0 | E37: =(E34+E35)*E32 -> #DIV/0!
A38: G | B38: GPS | C38: ='1.1 REF EQUIPAMENTOS E DIV'!$E$35 -> #DIV/0! | D38: ='1.1 REF EQUIPAMENTOS E DIV'!$E$35 -> #DIV/0! | E38: ='1.1 REF EQUIPAMENTOS E DIV'!$E$35 -> #DIV/0!
B39: CUSTO MENSAL | C39: =C31++C26+C20+C13+C8+C38 -> #DIV/0! | D39: =D31++D26+D20+D13+D8+D38 -> #DIV/0! | E39: =E31++E26+E20+E13+E8+E38 -> #DIV/0!
B42: VALOR RESIDUAL | C42: 0.4 | D42: 0.2 | E42: 0.4
B43: VIDA UTIL | C43: 7 | D43: 1 | E43: 7

Sheet 9.4 DIM ROÇADA
B2: PROJETO BÁSICO
B3: DIMENSIONAMENTO DA ROÇADA MANUAL
B4: ITEM | C4: SETOR | D4: EXTENSÃO DAS VIAS SETOR (M) | E4: LARGURA MÉDIA | G4: FREQUENCIA DE EXECUÇÃO | H4: PROPORÇÃO RELATIVA À ROÇADA | I4: ÁREA DE ROÇADA (M2)
B5: 1 | C5: VIAS E AVENIDAS | D5: =271230 -> 271230 | E5: 3.5 | G5: A CADA 2 MESES | H5: 0.65 | I5: =E5*D5/2*H5 -> 308524.12
B6: 2 | C6: ÁREAS PÚBLICAS MUNICIPAIS | G6: MENSAL | H6: 1 | I6: 347766
E8: =I4 -> ÁREA DE ROÇADA (M2) | I8: =SUM(I5:I7) -> 656290.12
B10: DIAS TRABALHADOS AO MÊS | I10: 25.25
B11: ÁREA DE ROÇADA (M2) POR MÊS | I11: =I8 -> 656290.12
B12: ÁREA DE ROÇADA (M2) POR DIA | I12: =I11/25.25 -> 25991.688
B13: RENDIMENTO MÉDIO DIÁRIO POR ROÇADOR M2/DIA | I13: 800
B15: NÚMERO DE ROÇADORES NECESSÁRIO | I15: =I12/I13 -> 32.48961
B16: NÚMERO DE ROÇADORES ADOTADO | I16: =ROUNDUP(I15,0) -> 33
B18: QUANTIDADE DE FISCAIS (1 para cada grupo de 10 roçadores) | I18: =ROUND(I16/10,0) -> 3
C21: EQUIPAMENTOS
C22: Caminhão Basculante de 6 m³ | E22: 2 | N22: 656290.13
C23: Caminhão Carroceria com Cabine Suplementar | E23: 3
C24: Custo total
C25: MÃO DE OBRA:
C26: Fiscal diurno | E26: =I18 -> 3
C27: Roçador | E27: =I16 -> 33
C28: Motorista de Caminhao diurno | E28: =E23+E22 -> 5
C29: Ajudante de Operação diurno | E29: =2*(E22+E23) -> 10

Sheet 10.1 PODA
A3: COMPOSIÇÃO DE PREÇOS UNITÁRIOS DE SERVIÇO
A4: ='ORÇAMENTO GERAL'!B16 -> Poda de Árvores e Trituração de Troncos e Galhos
E5: Unidade: | F5: EQUIPE
A6: ITENS | B6: DISCRIMINAÇÃO | C6: UNIDADE / MÊS | D6: QUANT. | E6: VALOR UNITÁRIO | F6: VALOR TOTAL
A7: 1 | B7: EQUIPAMENTOS
A8: 1.1 | B8: Triturador de Residuos | C8: und | D8: ='10.4 DIM PODA'!C12 -> 1 | E8: ='10.3 EQUIP. VEICULOS '!C39 -> #DIV/0! | F8: =E8*D8 -> #DIV/0!
A9: 1.2 | B9: Caminhão Carroceria | C9: und | D9: ='10.4 DIM PODA'!C9 -> 2 | E9: ='10.3 EQUIP. VEICULOS '!F39 -> #DIV/0! | F9: =E9*D9 -> #DIV/0!
A10: 1.3 | B10: Motosserra | C10: und | D10: ='10.4 DIM PODA'!C10 -> 4 | E10: ='10.3 EQUIP. VEICULOS '!D39 -> #DIV/0! | F10: =E10*D10 -> #DIV/0!
A11: 1.4 | B11: Retroescavadeira | C11: und | D11: ='10.4 DIM PODA'!C11 -> 1 | E11: ='10.3 EQUIP. VEICULOS '!E39 -> #DIV/0! | F11: =E11*D11 -> #DIV/0!
B12: Custo total | C12: R$/mês | E12: Total 1 | F12: =SUM(F8:F11) -> #DIV/0!
A13: 2 | B13: MÃO DE OBRA:
A14: 2.1 | B14: Fiscal diurno | C14: mês | D14: ='10.4 DIM PODA'!C17 -> 1 | E14: ='10.2 MAO DE OBRA'!F37 -> #DIV/0! | F14: =E14*D14 -> #DIV/0!
A15: 2.2 | B15: Motorista de Caminhao diurno | C15: mês | D15: ='10.4 DIM PODA'!C18 -> 2 | E15: ='10.2 MAO DE OBRA'!F72 -> #DIV/0! | F15: =E15*D15 -> #DIV/0!
A16: 2.3 | B16: Operador de Retroescavadeira | C16: mês | D16: ='10.4 DIM PODA'!C19 -> 1 | E16: ='10.2 MAO DE OBRA'!F142 -> #DIV/0! | F16: =E16*D16 -> #DIV/0!
A17: 2.4 | B17: Operador de Motosserra | C17: mês | D17: ='10.4 DIM PODA'!C20 -> 4 | E17: ='10.2 MAO DE OBRA'!F178 -> #DIV/0! | F17: =E17*D17 -> #DIV/0!
A18: 2.6 | B18: Ajudante de Operação diurno | C18: mês | D18: ='10.4 DIM PODA'!C21 -> 6 | E18: ='10.2 MAO DE OBRA'!F109 -> #DIV/0! | F18: =E18*D18 -> #DIV/0!
B19: Custo total | C19: R$/mês | E19: Total 2 | F19: =SUM(F14:F18) -> #DIV/0!
A20: 3 | B20: FERRAMENTAS
B21: Kit de Ferramentas
A22: 3.1 | B22: Pá quadrada, com cabo | C22: und | D22: 4 | E22: =VLOOKUP(B22,'1.1 CUSTO FERRAME-UNIFORME-EPI'!B:C,2,FALSE) -> #DIV/0! | F22: =E22*D22 -> #DIV/0!
A23: 3.2 | B23: Ancinho, com cabo/ Gadanho | C23: und | D23: 6 | E23: =VLOOKUP(B23,'1.1 CUSTO FERRAME-UNIFORME-EPI'!B:C,2,FALSE) -> #DIV/0! | F23: =E23*D23 -> #DIV/0!
A24: 3.3 | B24: Vassoura de piaçava 28 furos, com cabo | C24: und | D24: 6 | E24: =VLOOKUP(B24,'1.1 CUSTO FERRAME-UNIFORME-EPI'!B:C,2,FALSE) -> 0 | F24: =E24*D24 -> 0
A25: 3.4 | B25: Cone de sinalização | C25: und | D25: 3 | E25: =VLOOKUP(B25,'1.1 CUSTO FERRAME-UNIFORME-EPI'!B:C,2,FALSE) -> 0 | F25: =E25*D25 -> 0
B26: Custo total | C26: R$/mês | E26: Total 3 | F26: =SUM(F22:F25) -> #DIV/0!
B27: RESUMO DO ITEM
B28: Custo operacional total | C28: R$ / mês | F28: =SUM(F19,F26,F12) -> #DIV/0!
B29: Quantidade estimada | C29: Equipe / Mês | F29: 1
B30: Custo unitário sem BDI | C30: R$ / Equipe | F30: =F28/F29 -> #DIV/0!
B31: BDI | C31: % | D31: ='BDI '!$C$22 -> 0.0526 | F31: =F30*D31 -> #DIV/0!
B32: PREÇO FINAL (com BDI) | C32: R$ / Equipe | F32: =ROUND(F31+F30,2) -> #DIV/0!

Sheet 10.2 MAO DE OBRA
B2: COMPOSIÇÃO DE CUSTOS UNITÁRIOS - PESSOAL
B5: ITENS | C5: DISCRIMINAÇÃO | D5: FISCAL DIURNO
B7: 1.0 | C7: REMUNERAÇÃO, ENCARGOS E BENEFÍCIOS | D7: VALOR | E7: QUANT. | F7: TOTAL
B8: 1.1 | C8: Remuneração
B9: 1.1.1 | C9: Salário | D9: ='1.1 SALÁRIOS'!F10 -> 0 | E9: 1 | F9: =E9*D9 -> 0
B10: 1.1.2 | C10: Adicional de insalubridade | D10: 0 | E10: 1 | F10: =E10*D10 -> 0
B11: 1.1.3 | C11: Adicional noturno
B12: 1.1.4 | C12: Horas extras com 50%
B13: 1.1.5 | C13: Horas extras com 100%
B14: 1.1.6 | C14: Outros
C15: Total (A) | F15: =SUM(F9:F14) -> 0
B16: 1.2 | C16: Encargos sociais (B) | D16: =F15 -> 0 | E16: ='1.1 SALÁRIOS'!$F$33 -> 0 | F16: =E16*D16 -> 0
B17: 1.3 | C17: Remuneração bruta (A + B) | F17: =SUM(F15:F16) -> 0
B18: 1.4 | C18: Benefícios
B19: 1.4.1 | C19: Vale transporte | D19: ='1.1 SALÁRIOS'!$F$35 -> 0 | E19: 25.25 | F19: =IF(2*E19*D19-0.06*D9<0,0,2*E19*D19-0.06*D9) -> 0
B20: 1.4.2 | C20: Gratificação | D20: =('1.1 SALÁRIOS'!$F$36+'1.1 SALÁRIOS'!$F$37)/12 -> 0 | E20: 1 | F20: =E20*D20 -> 0
B21: 1.4.3 | C21: Auxilio Alimentação | D21: ='1.1 SALÁRIOS'!$F$38 -> 0 | E21: =E19 -> 25.25 | F21: =E21*D21 -> 0
B22: 1.4.4 | C22: Cesta Básica | D22: ='1.1 SALÁRIOS'!$F$39 -> 0 | E22: 1 | F22: =E22*D22 -> 0
B23: 1.4.5 | C23: Auxilio Saúde | D23: ='1.1 SALÁRIOS'!$F$40 -> 0 | E23: 1 | F23: =E23*D23 -> 0
B24: 1.4.6 | C24: Seguro de Vida | D24: ='1.1 SALÁRIOS'!$F$41 -> 0 | E24: 1 | F24: =E24*D24 -> 0
C25: Total (C) | F25: =SUM(F19:F24) -> 0
B26: 2.0 | C26: UNIFORMES E EPI´s
B27: 2.1 | C27: Boné de brim tipo árabe | D27: =VLOOKUP(C27,'1.1 CUSTO FERRAME-UNIFORME-EPI'!B:C,2,FALSE) -> #DIV/0! | E27: 0.17 | F27: =E27*D27 -> #DIV/0!
B28: 2.2 | C28: Calça jeans | D28: =VLOOKUP(C28,'1.1 CUSTO FERRAME-UNIFORME-EPI'!B:C,2,FALSE) -> #DIV/0! | E28: 0.33 | F28: =E28*D28 -> #DIV/0!
B29: 2.3 | C29: Camisa polo, manga curta | D29: =VLOOKUP(C29,'1.1 CUSTO FERRAME-UNIFORME-EPI'!B:C,2,FALSE) -> #DIV/0! | E29: 0.33 | F29: =E29*D29 -> #DIV/0!
B30: 2.4 | C30: Bota de couro, antiderrapante | D30: =VLOOKUP(C30,'1.1 CUSTO FERRAME-UNIFORME-EPI'!B:C,2,FALSE) -> 0 | E30: 0.17 | F30: =E30*D30 -> 0
B31: 2.5 | C31: Capa de chuva, com capuz | D31: =VLOOKUP(C31,'1.1 CUSTO FERRAME-UNIFORME-EPI'!B:C,2,FALSE) -> 0 | E31: 0.17 | F31: =E31*D31 -> 0
B32: 2.6 | C32: Protetor solar fator 30 (120ml/Mês) | D32: =VLOOKUP(C32,'1.1 CUSTO FERRAME-UNIFORME-EPI'!B:C,2,FALSE) -> 0 | E32: 0.3 | F32: =E32*D32 -> 0
B33: 2.7 | C33: Colete refletor (trabalho noturno) | D33: =VLOOKUP(C33,'1.1 CUSTO FERRAME-UNIFORME-EPI'!B:C,2,FALSE) -> #DIV/0! | E33: 0 | F33: =E33*D33 -> #DIV/0!
B34: 2.8 | C34: Garra Térmica 2L | D34: =VLOOKUP(C34,'1.1 CUSTO FERRAME-UNIFORME-EPI'!B:C,2,FALSE) -> #DIV/0! | E34: 0.08 | F34: =E34*D34 -> #DIV/0!
C35: Total (D) | F35: =SUM(F27:F34) -> #DIV/0!
B37: 3.0 | C37: Valor total mensal (A + B + C + D) | F37: =SUM(F17,F25,F35) -> #DIV/0!
B40: ITENS | C40: DISCRIMINAÇÃO | D40: MOTORISTA CAMINHÃO DIURNO
B42: 1.0 | C42: REMUNERAÇÃO, ENCARGOS E BENEFÍCIOS | D42: VALOR | E42: QUANT. | F42: TOTAL
B43: 1.1 | C43: Remuneração
B44: 1.1.1 | C44: Salário | D44: ='1.1 SALÁRIOS'!F26 -> 0 | E44: 1 | F44: =E44*D44 -> 0
B45: 1.1.2 | C45: Adicional de insalubridade | D45: ='1.1 SALÁRIOS'!$F$23 -> 0 | E45: 0.2 | F45: =E45*D45 -> 0
B46: 1.1.3 | C46: Adicional noturno: 20% sobre salário
B47: 1.1.4 | C47: Horas extras com 50%
B48: 1.1.5 | C48: Horas extras com 100%
B49: 1.1.6 | C49: Outros
B50: 1.1.7 | C50: Total (A) | F50: =SUM(F44:F49) -> 0
B51: 1.2 | C51: Encargos sociais (B) | D51: =F50 -> 0 | E51: ='1.1 SALÁRIOS'!$F$33 -> 0 | F51: =E51*D51 -> 0
B52: 1.3 | C52: Remuneração bruta (A + B) | F52: =SUM(F50:F51) -> 0
B53: 1.4 | C53: Benefícios
B54: 1.4.1 | C54: Vale transporte | D54: ='1.1 SALÁRIOS'!$F$35 -> 0 | E54: 25.25 | F54: =IF(2*E54*D54-0.06*D44<0,0,2*E54*D54-0.06*D44) -> 0
B55: 1.4.2 | C55: Gratificação | D55: =('1.1 SALÁRIOS'!$F$36+'1.1 SALÁRIOS'!$F$37)/12 -> 0 | E55: 1 | F55: =E55*D55 -> 0
B56: 1.4.3 | C56: Auxilio Alimentação | D56: ='1.1 SALÁRIOS'!$F$38 -> 0 | E56: =E54 -> 25.25 | F56: =E56*D56 -> 0
B57: 1.4.4 | C57: Cesta Básica | D57: ='1.1 SALÁRIOS'!$F$39 -> 0 | E57: 1 | F57: =E57*D57 -> 0
B58: 1.4.5 | C58: Auxilio Saúde | D58: ='1.1 SALÁRIOS'!$F$40 -> 0 | E58: 1 | F58: =E58*D58 -> 0
B59: 1.4.6 | C59: Seguro de Vida | D59: ='1.1 SALÁRIOS'!$F$41 -> 0 | E59: 1 | F59: =E59*D59 -> 0
B60: 1.4.7 | C60: Total (C) | F60: =SUM(F54:F59) -> 0
B61: 2.0 | C61: UNIFORMES E EPI´s
B62: 2.1 | C62: Boné de brim tipo árabe | D62: =VLOOKUP(C62,'1.1 CUSTO FERRAME-UNIFORME-EPI'!B:C,2,FALSE) -> #DIV/0! | E62: 0.17 | F62: =E62*D62 -> #DIV/0!
B63: 2.2 | C63: Calça jeans | D63: =VLOOKUP(C63,'1.1 CUSTO FERRAME-UNIFORME-EPI'!B:C,2,FALSE) -> #DIV/0! | E63: 0.33 | F63: =E63*D63 -> #DIV/0!
B64: 2.3 | C64: Camisa polo, manga curta | D64: =VLOOKUP(C64,'1.1 CUSTO FERRAME-UNIFORME-EPI'!B:C,2,FALSE) -> #DIV/0! | E64: 0.33 | F64: =E64*D64 -> #DIV/0!
B65: 2.4 | C65: Bota de couro, antiderrapante | D65: =VLOOKUP(C65,'1.1 CUSTO FERRAME-UNIFORME-EPI'!B:C,2,FALSE) -> 0 | E65: 0.17 | F65: =E65*D65 -> 0
B66: 2.5 | C66: Capa de chuva, com capuz | D66: =VLOOKUP(C66,'1.1 CUSTO FERRAME-UNIFORME-EPI'!B:C,2,FALSE) -> 0 | E66: 0.17 | F66: =E66*D66 -> 0
B67: 2.6 | C67: Protetor solar fator 30 (120ml/Mês) | D67: =VLOOKUP(C67,'1.1 CUSTO FERRAME-UNIFORME-EPI'!B:C,2,FALSE) -> 0 | E67: 0.3 | F67: =E67*D67 -> 0
B68: 2.7 | C68: Colete refletor (trabalho noturno) | D68: =VLOOKUP(C68,'1.1 CUSTO FERRAME-UNIFORME-EPI'!B:C,2,FALSE) -> #DIV/0! | E68: 0 | F68: =E68*D68 -> #DIV/0!
B69: 2.8 | C69: Garra Térmica 2L | D69: =VLOOKUP(C69,'1.1 CUSTO FERRAME-UNIFORME-EPI'!B:C,2,FALSE) -> #DIV/0! | E69: 0.08 | F69: =E69*D69 -> #DIV/0!
C70: Total (D) | F70: =SUM(F62:F69) -> #DIV/0!
B72: 3.0 | C72: Valor total mensal (A + B + C + D) | F72: =SUM(F70,F60,F52) -> #DIV/0!
B75: ITENS | C75: DISCRIMINAÇÃO | D75: AJUDANTE DE OPERAÇÃO DIURNO
B77: 1.0 | C77: REMUNERAÇÃO, ENCARGOS E BENEFÍCIOS | D77: VALOR | E77: QUANT. | F77: TOTAL
B78: 1.1 | C78: Remuneração
B79: 1.1.1 | C79: Salário | D79: ='1.1 SALÁRIOS'!F7 -> 0 | E79: 1 | F79: =E79*D79 -> 0
B80: 1.1.2 | C80: Adicional de insalubridade | D80: ='1.1 SALÁRIOS'!$F$23 -> 0 | E80: 0.2 | F80: =E80*D80 -> 0
B81: 1.1.3 | C81: Adicional noturno: 20% sobre salário
B82: 1.1.4 | C82: Horas extras com 50%
B83: 1.1.5 | C83: Horas extras com 100%
B84: 1.1.6 | C84: Outros
C85: Total (A) | F85: =SUM(F79:F84) -> 0
B86: 1.2 | C86: Encargos sociais (B) | D86: =F85 -> 0 | E86: ='1.1 SALÁRIOS'!$F$33 -> 0 | F86: =E86*D86 -> 0
B87: 1.3 | C87: Remuneração bruta (A + B) | F87: =SUM(F85:F86) -> 0
B88: 1.4 | C88: Benefícios
B89: 1.4.1 | C89: Vale transporte | D89: ='1.1 SALÁRIOS'!$F$35 -> 0 | E89: 25.25 | F89: =IF(2*E89*D89-0.06*D79<0,0,2*E89*D89-0.06*D79) -> 0
B90: 1.4.2 | C90: Gratificação | D90: =('1.1 SALÁRIOS'!$F$36+'1.1 SALÁRIOS'!$F$37)/12 -> 0 | E90: 1 | F90: =E90*D90 -> 0
B91: 1.4.3 | C91: Auxilio Alimentação | D91: ='1.1 SALÁRIOS'!$F$38 -> 0 | E91: =E89 -> 25.25 | F91: =E91*D91 -> 0
B92: 1.4.4 | C92: Cesta Básica | D92: ='1.1 SALÁRIOS'!$F$39 -> 0 | E92: 1 | F92: =E92*D92 -> 0
B93: 1.4.5 | C93: Auxilio Saúde | D93: ='1.1 SALÁRIOS'!$F$40 -> 0 | E93: 1 | F93: =E93*D93 -> 0
B94: 1.4.6 | C94: Seguro de Vida | D94: ='1.1 SALÁRIOS'!$F$41 -> 0 | E94: 1 | F94: =E94*D94 -> 0
C95: Total (C) | F95: =SUM(F89:F94) -> 0
B96: 2.0 | C96: UNIFORMES E EPI´s
B97: 2.1 | C97: Boné de brim tipo árabe | D97: =VLOOKUP(C97,'1.1 CUSTO FERRAME-UNIFORME-EPI'!B:C,2,FALSE) -> #DIV/0! | E97: 0.25 | F97: =E97*D97 -> #DIV/0!
B98: 2.2 | C98: Calça de brim | D98: =VLOOKUP(C98,'1.1 CUSTO FERRAME-UNIFORME-EPI'!B:C,2,FALSE) -> 0 | E98: 0.5 | F98: =E98*D98 -> 0
B99: 2.3 | C99: Camisa de brim, manga longa | D99: =VLOOKUP(C99,'1.1 CUSTO FERRAME-UNIFORME-EPI'!B:C,2,FALSE) -> 0 | E99: 0.5 | F99: =E99*D99 -> 0
B100: 2.4 | C100: Calçado, antiderrapante, tipo tênis | D100: =VLOOKUP(C100,'1.1 CUSTO FERRAME-UNIFORME-EPI'!B:C,2,FALSE) -> 0 | E100: 0.25 | F100: =E100*D100 -> 0
B101: 2.5 | C101: Meião de lã | D101: =VLOOKUP(C101,'1.1 CUSTO FERRAME-UNIFORME-EPI'!B:C,2,FALSE) -> #DIV/0! | E101: 0.25 | F101: =E101*D101 -> #DIV/0!
B102: 2.6 | C102: Capa de chuva, com capuz | D102: =VLOOKUP(C102,'1.1 CUSTO FERRAME-UNIFORME-EPI'!B:C,2,FALSE) -> 0 | E102: 0.17 | F102: =E102*D102 -> 0
B103: 2.7 | C103: Luva raspa de couro, cano curto | D103: =VLOOKUP(C103,'1.1 CUSTO FERRAME-UNIFORME-EPI'!B:C,2,FALSE) -> 0 | E103: 0.5 | F103: =E103*D103 -> 0
B104: 2.8 | C104: Mascara descartável | D104: =VLOOKUP(C104,'1.1 CUSTO FERRAME-UNIFORME-EPI'!B:C,2,FALSE) -> 0 | E104: 2.17 | F104: =E104*D104 -> 0
B105: 2.10 | C105: Protetor solar fator 30 (120ml/Mês) | D105: =VLOOKUP(C105,'1.1 CUSTO FERRAME-UNIFORME-EPI'!B:C,2,FALSE) -> 0 | E105: 0.3 | F105: =E105*D105 -> 0
B106: 2.11 | C106: Garra Térmica 2L | D106: =VLOOKUP(C106,'1.1 CUSTO FERRAME-UNIFORME-EPI'!B:C,2,FALSE) -> #DIV/0! | E106: 0.08 | F106: =E106*D106 -> #DIV/0!
C107: Total (D) | F107: =SUM(F97:F106) -> #DIV/0!
B109: 3.0 | C109: Valor total mensal (A + B + C + D) | F109: =F107+F95+F87 -> #DIV/0!
B112: ITENS | C112: DISCRIMINAÇÃO | D112: OPERADOR DE RETROESCAVADEIRA
B114: 1.0 | C114: REMUNERAÇÃO, ENCARGOS E BENEFÍCIOS
B115: 1.1 | C115: Remuneração
B116: 1.1.1 | C116: Salário | D116: ='1.1 SALÁRIOS'!$F$28 -> 0 | E116: 1 | F116: =E116*D116 -> 0
...

Sheet 10.3 EQUIP. VEICULOS 
A2: TABELA DE CUSTOS UNITÁRIOS - VEÍCULOS E EQUIPAMENTOS
A6: ITENS | B6: DISCRIMINAÇÃO | C6: ='10.4 DIM PODA'!B12 -> Triturador de Resíduos | D6: MOTOSERRA | E6: RETROESCAVADEIRA DE PNEUS | F6: CAMINHÃO CARROCERIA
C7: Valores (R$) | D7: Valores (R$) | E7: Valores (R$) | F7: Valores (R$)
A8: A | B8: DEPRECIAÇÃO | C8: =(C9-C11)/C43/12 -> 0 | D8: =(D9-D11)/D43/12 -> 0 | E8: =(E9-E11)/E43/12 -> 0 | F8: =(F9-F11)/F43/12 -> 0
A9: A1 | B9: CUSTO DE AQUISIÇÃO | C9: ='1.1 REF EQUIPAMENTOS E DIV'!E29 -> 0 | D9: ='1.1 REF EQUIPAMENTOS E DIV'!E28 -> 0 | E9: ='1.1 REF EQUIPAMENTOS E DIV'!E22 -> 0 | F9: ='1.1 REF EQUIPAMENTOS E DIV'!E9+'1.1 REF EQUIPAMENTOS E DIV'!E4 -> 0
A11: A2 | B11: VALOR RESIDUAL | C11: =C9*C42 -> 0 | D11: =D9*D42 -> 0 | E11: =E9*E42 -> 0 | F11: =F9*F42 -> 0
A13: B | B13: OPORTUNIDADE DE CAPITAL | C13: =C17*C19/12 -> 0 | D13: =D17*D19/12 -> 0 | E13: =E17*E19/12 -> 0 | F13: =F17*F19/12 -> 0
A15: B1 | B15: CUSTO DE AQUISIÇÃO | C15: =C9 -> 0 | D15: =D9 -> 0 | E15: =E9 -> 0 | F15: =F9 -> 0
A17: B2 | B17: INVESTIMENTO MÉDIO | C17: =(C9-C11)*((1+C43)/(2*C43))/1.25 -> 0 | D17: =(D9-D11)*((1+D43)/(2*D43))/1.25 -> 0 | E17: =(E9-E11)*((1+E43)/(2*E43))/1.25 -> 0 | F17: =(F9-F11)*((1+F43)/(2*F43))/1.25 -> 0
A19: B3 | B19: TAXA DE JUROS AO ANO | C19: 0.1325 | D19: 0.1325 | E19: 0.1325 | F19: 0.1325
A20: C | B20: COMBUSTÍVEL | C20: =C25*4.33*25.25 -> 0 | D20: =D25*7.33*25.25 -> 0 | E20: =E25*4.33*25.25 -> 0 | F20: =F25*7.33*25.25 -> 0
A21: C1 | B21: CONSUMO DE ÓLEO DIESEL/H TRABALHADA | C21: =96.94*0.15 -> 14.541 | D21: =2.3*0.35 -> 0.805 | E21: =72*0.746*0.13 -> 6.98256 | F21: =277*0.735*0.1 -> 20.3595
B23: CUSTO/LITRO | C23: ='1.1 REF EQUIPAMENTOS E DIV'!$E$38 -> 0 | D23: ='1.1 REF EQUIPAMENTOS E DIV'!E39 -> 0 | E23: ='1.1 REF EQUIPAMENTOS E DIV'!$E$38 -> 0 | F23: ='1.1 REF EQUIPAMENTOS E DIV'!$E$38 -> 0
A25: C2 | B25: CUSTO/HORA ÓLEO DIESEL | C25: =C23*C21 -> 0 | D25: =D23*D21 -> 0 | E25: =E23*E21 -> 0 | F25: =F23*F21 -> 0
A26: D | B26: LUBRIFICANTES | C26: =C29 -> 0 | D26: =D29 -> 0 | E26: =E29 -> 0 | F26: =F29 -> 0
A27: D1 | B27: CONSUMO DE LUBRIFICANTES | C27: 0.1 | D27: 0.28 | E27: 0.28 | F27: 0.1
A29: D2 | B29: CUSTO LUBRIFICANTES | C29: =C27*C20 -> 0 | D29: =D27*D20 -> 0 | E29: =E27*E20 -> 0 | F29: =F27*F20 -> 0
A31: F | B31: MANUTENÇÃO, IMPOSTOS E SEGUROS | C31: =C37 -> 0 | D31: =D37 -> 0 | E31: =E37 -> 0 | F31: =F37 -> 0
A32: F1 | B32: DEPRECIAÇÃO/HORA | C32: =C8 -> 0 | D32: =D8 -> 0 | E32: =E8 -> 0 | F32: =F8 -> 0
A34: F2 | B34: COEFICIENTE DE MANUTENÇÃO | C34: 1 | D34: 1 | E34: 1 | F34: 0.6
A35: F3 | B35: SEGUROS E IMPOSTOS | C35: 0.025 | F35: 0.025
A37: F4 | B37: CUSTO MANUTENÇÃO | C37: =(C34+C35)*C32 -> 0 | D37: =D34*D32 -> 0 | E37: =(E34+E35)*E32 -> 0 | F37: =(F34+F35)*F32 -> 0
A38: G | B38: GPS | C38: ='1.1 REF EQUIPAMENTOS E DIV'!$E$35 -> #DIV/0! | D38: ='1.1 REF EQUIPAMENTOS E DIV'!$E$35 -> #DIV/0! | E38: ='1.1 REF EQUIPAMENTOS E DIV'!$E$35 -> #DIV/0! | F38: ='1.1 REF EQUIPAMENTOS E DIV'!$E$35 -> #DIV/0!
B39: CUSTO MENSAL | C39: =C31++C26+C20+C13+C8+C38 -> #DIV/0! | D39: =D31++D26+D20+D13+D8+D38 -> #DIV/0! | E39: =E31++E26+E20+E13+E8+E38 -> #DIV/0! | F39: =F31++F26+F20+F13+F8+F38 -> #DIV/0!
B42: VALOR RESIDUAL | C42: 0.1 | D42: 0.2 | E42: 0.2 | F42: 0.4
B43: VIDA UTIL | C43: 4 | D43: 1 | E43: 4.9996581 | F43: 7

Sheet 10.4 DIM PODA
B2: PROJETO BÁSICO
B3: DIMENSIONAMENTO DA COLETA DE RESÍDUOS SÓLIDOS URBANOS
B4: RESUMO DIMENSIONAMENTO
B7: EQUIPAMENTOS
B9: Caminhão Carroceria | C9: 2
B10: Motosserra | C10: 4
B11: Retroescavadeira | C11: 1
B12: Triturador de Resíduos | C12: 1
B15: MÃO DE OBRA
B17: Fiscal diurno | C17: 1
B18: Motorista de Caminhao diurno | C18: =+C9 -> 2
B19: Operador de Retroescavadeira | C19: =C11 -> 1
B20: Operador de Motosserra | C20: =C10 -> 4
B21: Ajudante de Operação diurno | C21: =C20+C9 -> 6

Sheet SINAPI
A1: SINAPI - Sistema Nacional de Pesquisa de Custos e Índices da Construção Civil
A2: RELATÓRIO DE PREÇOS DE INSUMOS - SEM ENCARGOS SOCIAIS
A3: Mês de Referência: | B3: 45870
A4: Data de emissão: | B4: 45910
A6: Origem de preço: | B6: C = COLETADO | C6: CR = COEFICIENTE DE REPRESENTATIVIDADE
A7: Preço em branco para determinado estado significa que não houve coleta mínima de preços no mês de referência
A9: Acessar Fichas de Especificação Técnico dos Insumos | E9: Preços Medianos (R$):
A10: Classificação | B10: Código do Insumo | C10: Descrição do Insumo | D10: Unidade | E10: Origem de Preço | F10: MG | G10: SP
A11: SERVIÇOS | B11: 45333 | C11: ABERTURA PARA ENCAIXE DE CUBA OU LAVATORIO EM BANCADA DE MARMORE/ GRANITO OU OUTRO TIPO DE PEDRA NATURAL | D11: UN | E11: CR | F11: 115.49 | G11: 189.89
A12: MATERIAL | B12: 11270 | C12: ABRACADEIRA DE LATAO PARA FIXACAO DE CABO PARA-RAIO, DIMENSOES 32 X 24 X 24 MM | D12: UN | E12: CR | F12: 3.33 | G12: 2.64
A13: MATERIAL | B13: 412 | C13: ABRACADEIRA DE NYLON PARA AMARRACAO DE CABOS, COMPRIMENTO DE *230* X *7,6* MM | D13: UN | E13: CR | F13: 1.08 | G13: 1.13
A14: MATERIAL | B14: 414 | C14: ABRACADEIRA DE NYLON PARA AMARRACAO DE CABOS, COMPRIMENTO DE 100 X 2,5 MM | D14: UN | E14: CR | F14: 0.06 | G14: 0.07
A15: MATERIAL | B15: 410 | C15: ABRACADEIRA DE NYLON PARA AMARRACAO DE CABOS, COMPRIMENTO DE 150 X *3,6* MM | D15: UN | E15: CR | F15: 0.16 | G15: 0.17
A16: MATERIAL | B16: 411 | C16: ABRACADEIRA DE NYLON PARA AMARRACAO DE CABOS, COMPRIMENTO DE 200 X *4,6* MM | D16: UN | E16: C | F16: 0.21 | G16: 0.22
A17: MATERIAL | B17: 408 | C17: ABRACADEIRA DE NYLON PARA AMARRACAO DE CABOS, COMPRIMENTO DE 390 X *4,6* MM | D17: UN | E17: CR | F17: 1.04 | G17: 1.09
A18: MATERIAL | B18: 39131 | C18: ABRACADEIRA EM ACO PARA AMARRACAO DE ELETRODUTOS, TIPO D, COM 1 1/2" E CUNHA DE FIXACAO | D18: UN | E18: CR | F18: 3.18 | G18: 3.35
A19: MATERIAL | B19: 394 | C19: ABRACADEIRA EM ACO PARA AMARRACAO DE ELETRODUTOS, TIPO D, COM 1 1/2" E PARAFUSO DE FIXACAO | D19: UN | E19: CR | F19: 3.22 | G19: 3.39
A20: MATERIAL | B20: 39130 | C20: ABRACADEIRA EM ACO PARA AMARRACAO DE ELETRODUTOS, TIPO D, COM 1 1/4" E CUNHA DE FIXACAO | D20: UN | E20: CR | F20: 2.9 | G20: 3.05
A21: MATERIAL | B21: 395 | C21: ABRACADEIRA EM ACO PARA AMARRACAO DE ELETRODUTOS, TIPO D, COM 1 1/4" E PARAFUSO DE FIXACAO | D21: UN | E21: CR | F21: 3.1 | G21: 3.26
A22: MATERIAL | B22: 39129 | C22: ABRACADEIRA EM ACO PARA AMARRACAO DE ELETRODUTOS, TIPO D, COM 1" E CUNHA DE FIXACAO | D22: UN | E22: CR | F22: 1.79 | G22: 1.88
... A54: MATERIAL | B54: 36246 | C54: ACABAMENTO SIMPLES/CONVENCIONAL PARA FORRO PVC, TIPO "U" OU "C", COR BRANCA, COMPRIMENTO 6 M | D54: M | E54: CR | F54: 3.93 | G54: 4.26
A55: MATERIAL | B55: 37600 | C55: ACESSORIO DE LIGACAO NAO ELETRICO PARA CARGAS EXPLOSIVAS, TUBO DE 6 M | D55: UN | E55: CR | F55: =G55 -> 104.86 | G55: 104.86
A56: MATERIAL | B56: 37599 | C56: ACESSORIO INICIADOR NAO ELETRICO, TUBO DE 6 M, TEMPO DE RETARDO DE *160* MS | D56: UN | E56: CR | F56: =G56 -> 97.6 | G56: 97.6
A57: MATERIAL | B57: 1 | C57: ACETILENO - RECARGA DE GAS PARA CILINDRO (NAO INCLUI TROCA/MANUTENCAO DO CILINDRO) | D57: KG | E57: C | F57: 78.88 | G57: 104.5
A58: MATERIAL | B58: 3 | C58: ACIDO CLORIDRICO / ACIDO MURIATICO, DILUICAO 10% A 12% PARA USO EM LIMPEZA | D58: L | E58: CR | F58: 20.99 | G58: 17.16
A59: MATERIAL | B59: 43054 | C59: ACO CA-25, 10,0 MM, OU 12,5 MM, OU 16,0 MM, OU 20,0 MM, OU 25,0 MM, VERGALHAO | D59: KG | E59: CR | F59: 8.21 | G59: 6.7
A60: MATERIAL | B60: 42402 | C60: ACO CA-25, 16,0 MM, BARRA DE TRANSFERENCIA | D60: KG | E60: CR | F60: 7.85 | G60: 6.4
A61: MATERIAL | B61: 42403 | C61: ACO CA-25, 20,0 MM, BARRA DE TRANSFERENCIA | D61: KG | E61: CR | F61: 10.06 | G61: 8.21
A62: MATERIAL | B62: 42404 | C62: ACO CA-25, 25,0 MM, BARRA DE TRANSFERENCIA | D62: KG | E62: CR | F62: 10.01 | G62: 8.16
A63: MATERIAL | B63: 42405 | C63: ACO CA-25, 32,0 MM, BARRA DE TRANSFERENCIA | D63: KG | E63: CR | F63: 10.66 | G63: 8.7
A64: MATERIAL | B64: 34341 | C64: ACO CA-25, 32,0 MM, VERGALHAO | D64: KG | E64: CR | F64: 9.25 | G64: 7.55
A65: MATERIAL | B65: 43053 | C65: ACO CA-25, 6,3 MM OU 8,0 MM, VERGALHAO | D65: KG | E65: CR | F65: 7.33 | G65: 5.98
A66: MATERIAL | B66: 43058 | C66: ACO CA-50, 10,0 MM, OU 12,5 MM, OU 16,0 MM, OU 20,0 MM, DOBRADO E CORTADO | D66: KG | E66: CR | F66: 7.6 | G66: 6.2
A67: MATERIAL | B67: 34 | C67: ACO CA-50, 10,0 MM, VERGALHAO | D67: KG | E67: CR | F67: 7.64 | G67: 6.23
A68: MATERIAL | B68: 43055 | C68: ACO CA-50, 12,5 MM OU 16,0 MM, VERGALHAO | D68: KG | E68: C | F68: 6.62 | G68: 5.4
... A77: MATERIAL | B77: 43060 | C77: ACO CA-60, 8,0 MM OU 9,5 MM, VERGALHAO | D77: KG | E77: CR | F77: 6.3 | G77: 5.14
A78: MATERIAL | B78: 40410 | C78: ACOPLAMENTO RIGIDO EM FERRO FUNDIDO PARA SISTEMA DE TUBULACAO RANHURADA, DN 50 MM (2") | D78: UN | E78: C | F78: =G78 -> 20.49 | G78: 20.49
A79: MATERIAL | B79: 40411 | C79: ACOPLAMENTO RIGIDO EM FERRO FUNDIDO PARA SISTEMA DE TUBULACAO RANHURADA, DN 65 MM (2 1/2") | D79: UN | E79: CR | F79: =G79 -> 22.23 | G79: 22.23
A80: MATERIAL | B80: 40412 | C80: ACOPLAMENTO RIGIDO EM FERRO FUNDIDO PARA SISTEMA DE TUBULACAO RANHURADA, DN 80 MM (3") | D80: UN | E80: CR | F80: =G80 -> 24.95 | G80: 24.95
A81: MATERIAL | B81: 44254 | C81: ADAPTADOR CPVC, ROSCAVEL, COM FLANGES E ANEL DE VEDACAO, 15 MM, CAIXA D'AGUA PARA AGUA QUENTE | D81: UN | E81: CR | F81: 31.46 | G81: 30.04
A82: MATERIAL | B82: 44255 | C82: ADAPTADOR CPVC, ROSCAVEL, COM FLANGES E ANEL DE VEDACAO, 22 MM, CAIXA D'AGUA PARA AGUA QUENTE | D82: UN | E82: CR | F82: 34.87 | G82: 33.29
A83: MATERIAL | B83: 44256 | C83: ADAPTADOR CPVC, ROSCAVEL, COM FLANGES E ANEL DE VEDACAO, 28 MM, CAIXA D'AGUA PARA AGUA QUENTE | D83: UN | E83: CR | F83: 39.39 | G83: 37.6
A84: MATERIAL | B84: 44257 | C84: ADAPTADOR CPVC, ROSCAVEL, COM FLANGES E ANEL DE VEDACAO, 35 MM, CAIXA D'AGUA PARA AGUA QUENTE | D84: UN | E84: CR | F84: 62.32 | G84: 59.49
A85: MATERIAL | B85: 44258 | C85: ADAPTADOR CPVC, ROSCAVEL, COM FLANGES E ANEL DE VEDACAO, 42 MM, CAIXA D'AGUA PARA AGUA QUENTE | D85: UN | E85: CR | F85: 71.22 | G85: 67.99
A86: MATERIAL | B86: 44259 | C86: ADAPTADOR CPVC, ROSCAVEL, COM FLANGES E ANEL DE VEDACAO, 54 MM, CAIXA D'AGUA PARA AGUA QUENTE | D86: UN | E86: CR | F86: 97.76 | G86: 93.33
A87: MATERIAL | B87: 37997 | C87: ADAPTADOR CPVC, SOLDAVEL, 15 MM, PARA AGUA QUENTE | D87: UN | E87: CR | F87: 18.75 | G87: 17.9
A88: MATERIAL | B88: 37998 | C88: ADAPTADOR CPVC, SOLDAVEL, 22 MM, PARA AGUA QUENTE | D88: UN | E88: CR | F88: 25.09 | G88: 23.96
A89: MATERIAL | B89: 55 | C89: ADAPTADOR DE COMPRESSAO EM POLIPROPILENO (PP), PARA TUBO EM PEAD, 20 MM X 1/2", PARA LIGACAO PREDIAL DE AGUA (NTS 179) | D89: UN | E89: C | F89: 6.31 | G89: 3.94
A90: MATERIAL | B90: 61 | C90: ADAPTADOR DE COMPRESSAO EM POLIPROPILENO (PP), PARA TUBO EM PEAD, 20 MM X 3/4", PARA LIGACAO PREDIAL DE AGUA (NTS 179) | D90: UN | E90: CR | F90: 5.97 | G90: 3.72
A91: MATERIAL | B91: 62 | C91: ADAPTADOR DE COMPRESSAO EM POLIPROPILENO (PP), PARA TUBO EM PEAD, 32 MM X 1", PARA LIGACAO PREDIAL DE AGUA (NTS 179) | D91: UN | E91: CR | F91: 12.37 | G91: 7.72
A92: MATERIAL | B92: 10899 | C92: ADAPTADOR EM LATAO, ENGATE RAPIDO 2 1/2" X ROSCA INTERNA 5 FIOS 2 1/2", PARA INSTALACAO PREDIAL DE COMBATE A INCENDIO | D92: UN | E92: CR | F92: 67.9 | G92: 144.57
... A152: MATERIAL | B152: 42409 | C152: AGENTE DE CURA, PROTETOR DA EVAPORACAO DA AGUA DE HIDRATACAO DO CONCRETO | D152: KG | E152: CR | F152: 10.49 | G152: 11.94
A153: MATERIAL | B153: 40553 | C153: AGREGADO RECICLADO, TIPO RACHAO RECICLADO CINZA, CLASSE A | D153: M3 | E153: C | F153: =G153 -> 60 | G153: 60
A154: MAO DE OBRA | B154: 6114 | C154: AJUDANTE DE ARMADOR (HORISTA) | D154: H | E154: CR | F154: 8.41 | G154: 11.08
A155: MAO DE OBRA | B155: 40912 | C155: AJUDANTE DE ARMADOR (MENSALISTA) | D155: MES | E155: CR | F155: 1850.59 | G155: 2438.1
A156: MAO DE OBRA | B156: 247 | C156: AJUDANTE DE ELETRICISTA (HORISTA) | D156: H | E156: CR | F156: 8.41 | G156: 11.08
A157: MAO DE OBRA | B157: 40919 | C157: AJUDANTE DE ELETRICISTA (MENSALISTA) | D157: MES | E157: CR | F157: 1850.59 | G157: 2438.1
A158: MAO DE OBRA | B158: 44499 | C158: AJUDANTE DE ESTRUTURAS METALICAS (HORISTA) | D158: H | E158: CR | F158: 8.41 | G158: 11.08
A159: MAO DE OBRA | B159: 40984 | C159: AJUDANTE DE ESTRUTURAS METALICAS (MENSALISTA) | D159: MES | E159: CR | F159: 1850.59 | G159: 2438.1
A160: MAO DE OBRA | B160: 248 | C160: AJUDANTE DE OPERACAO EM GERAL (HORISTA) | D160: H | E160: CR | F160: 9.11 | G160: 9.95
A161: MAO DE OBRA | B161: 41086 | C161: AJUDANTE DE OPERACAO EM GERAL (MENSALISTA) | D161: MES | E161: CR | F161: 2005.7 | G161: 2190.19
A162: MAO DE OBRA | B162: 34466 | C162: AJUDANTE DE PINTOR (HORISTA) | D162: H | E162: CR | F162: 8.41 | G162: 11.08
A163: MAO DE OBRA | B163: 41083 | C163: AJUDANTE DE PINTOR (MENSALISTA) | D163: MES | E163: CR | F163: 1850.59 | G163: 2438.1
A164: MAO DE OBRA | B164: 252 | C164: AJUDANTE DE SERRALHEIRO (HORISTA) | D164: H | E164: CR | F164: 8.41 | G164: 11.08
A165: MAO DE OBRA | B165: 40909 | C165: AJUDANTE DE SERRALHEIRO (MENSALISTA) | D165: MES | E165: CR | F165: 1850.59 | G165: 2438.1
... A167: MAO DE OBRA | B167: 41085 | C167: AJUDANTE ESPECIALIZADO (MENSALISTA) | D167: MES | E167: CR | F167: 2005.7 | G167: 2343.76
A168: MATERIAL | B168: 427 | C168: ALCA PREFORMADA DE CONTRA POSTE, EM ACO GALVANIZADO, PARA CABO 3/16", COMPRIMENTO *860* MM | D168: UN | E168: CR | F168: =G168 -> 6.55 | G168: 6.55
A169: MATERIAL | B169: 417 | C169: ALCA PREFORMADA DE DISTRIBUICAO, EM ACO GALVANIZADO, PARA CABO DE ALUMINIO DIAMETRO 16 A 25 MM | D169: UN | E169: CR | F169: =G169 -> 3.08 | G169: 3.08
A170: MATERIAL | B170: 11273 | C170: ALCA PREFORMADA DE DISTRIBUICAO, EM ACO GALVANIZADO, PARA CONDUTORES DE ALUMINIO AWG 1/0 (CAA 6/1 OU CA 7 FIOS) | D170: UN | E170: CR | F170: =G170 -> 9.58 | G170: 9.58
A171: MATERIAL | B171: 11272 | C171: ALCA PREFORMADA DE DISTRIBUICAO, EM ACO GALVANIZADO, PARA CONDUTORES DE ALUMINIO AWG 2 (CAA 6/1 OU CA 7 FIOS) | D171: UN | E171: CR | F171: =G171 -> 5.78 | G171: 5.78
A172: MATERIAL | B172: 11275 | C172: ALCA PREFORMADA DE SERVICO, EM ACO GALVANIZADO, PARA CONDUTORES DE ALUMINIO AWG 4 (CAA 6/1) | D172: UN | E172: CR | F172: =G172 -> 2.32 | G172: 2.32
A173: MATERIAL | B173: 11274 | C173: ALCA PREFORMADA DE SERVICO, EM ACO GALVANIZADO, PARA CONDUTORES DE ALUMINIO AWG 6 (CAA 6/1) | D173: UN | E173: CR | F173: =G173 -> 1.77 | G173: 1.77
A174: MATERIAL | B174: 45208 | C174: ALICATE AMPERIMETRO, TENSAO AC/DC, CAPACIDADE MAXIMA 1000 A | D174: UN | E174: CR | F174: 261.33 | G174: 218.61
A175: MATERIAL | B175: 45250 | C175: ALICATE BICO LONGO (MEIA CANA) 6", COM ISOLAMENTO ATE 1000 V | D175: UN | E175: CR | F175: 42.26 | G175: 36.53
A176: MATERIAL | B176: 38470 | C176: ALICATE DE CORTE DIAGONAL 6" COM ISOLAMENTO | D176: UN | E176: CR | F176: 43.26 | G176: 37.4
A177: MATERIAL | B177: 38547 | C177: ALICATE DE CRIMPAR RJ11, RJ12 E RJ45, COM CATRACA | D177: UN | E177: CR | F177: 287.18 | G177: 248.25
A178: MATERIAL | B178: 38467 | C178: ALICATE DE PRESSAO 11" PARA SOLDA, TIPO C | D178: UN | E178: CR | F178: 168.04 | G178: 142.3
A179: MATERIAL | B179: 38468 | C179: ALICATE DE PRESSAO 11" PARA SOLDA, TIPO U | D179: UN | E179: CR | F179: 209.76 | G179: 177.63
A180: MATERIAL | B180: 38469 | C180: ALICATE DE PRESSAO PARA SOLDA DE CHAPA 18" | D180: UN | E180: CR | F180: 274.21 | G180: 237.04
A181: MATERIAL | B181: 45197 | C181: ALICATE DESENCAPADOR AUTOMATICO 8" | D181: UN | E181: CR | F181: 218.69 | G181: 189.05
A182: MATERIAL | B182: 38471 | C182: ALICATE PARA ANEIS DE PISTAO, CAPACIDADE *50* A 100 MM | D182: UN | E182: CR | F182: 293.28 | G182: 253.52
A183: MATERIAL | B183: 45206 | C183: ALICATE PROFISSIONAL 8", UNIVERSAL, COM ISOLAMENTO ATE 1000 V | D183: UN | E183: CR | F183: 57.94 | G183: 50.09
A184: MATERIAL | B184: 37370 | C184: ALIMENTACAO - HORISTA (COLETADO CAIXA - ENCARGOS COMPLEMENTARES) | D184: H | E184: C | F184: 2.12 | G184: 4.33
A185: MATERIAL | B185: 40862 | C185: ALIMENTACAO - MENSALISTA (COLETADO CAIXA - ENCARGOS COMPLEMENTARES) | D185: MES | E185: C | F185: 399.66 | G185: 817.31
A186: EQUIPAMENTO (AQUISIÇÃO) | B186: 10658 | C186: ALISADORA DE CONCRETO COM MOTOR A GASOLINA DE 5,5 HP, PESO COM MOTOR DE 78 KG, 4 PAS | D186: UN | E186: C | F186: =G186 -> 10408.95 | G186: 10408.95
A187: MAO DE OBRA | B187: 253 | C187: ALMOXARIFE (HORISTA) | D187: H | E187: C | F187: 11.13 | G187: 17.68
A188: MAO DE OBRA | B188: 40809 | C188: ALMOXARIFE (MENSALISTA) | D188: MES | E188: CR | F188: 2448.6 | G188: 3889.6
A189: MATERIAL | B189: 42428 | C189: ALONGADOR COM TRES ALTURAS, EM TUBO DE ACO CARBONO, PINTURA NO PROCESSO ELETROSTATICO - EQUIPAMENTO DE GINASTICA PARA ACADEMIA AO AR LIVRE / ACADEMIA DA TERCEIRA IDADE - ATI | D189: UN | E189: C | F189: =G189 -> 2271 | G189: 2271
A190: MATERIAL | B190: 301 | C190: ANEL BORRACHA PARA TUBO ESGOTO PREDIAL, DN 100 MM (NBR 5688) | D190: UN | E190: C | F190: 3 | G190: 2.89
A191: MATERIAL | B191: 296 | C191: ANEL BORRACHA PARA TUBO ESGOTO PREDIAL, DN 50 MM (NBR 5688) | D191: UN | E191: CR | F191: 1.69 | G191: 1.63
A192: MATERIAL | B192: 297 | C192: ANEL BORRACHA PARA TUBO ESGOTO PREDIAL, DN 75 MM (NBR 5688) | D192: UN | E192: CR | F192: 2.49 | G192: 2.4
A193: MATERIAL | B193: 299 | C193: ANEL BORRACHA, DN 100 MM, PARA TUBO SERIE REFORCADA ESGOTO PREDIAL | D193: UN | E193: CR | F193: 3.52 | G193: 3.39
A194: MATERIAL | B194: 300 | C194: ANEL BORRACHA, DN 150 MM, PARA TUBO SERIE REFORCADA ESGOTO PREDIAL | D194: UN | E194: CR | F194: 12.18 | G194: 11.73
A195: MATERIAL | B195: 20085 | C195: ANEL BORRACHA, DN 50 MM, PARA TUBO SERIE REFORCADA ESGOTO PREDIAL | D195: UN | E195: CR | F195: 2.22 | G195: 2.14
A196: MATERIAL | B196: 298 | C196: ANEL BORRACHA, DN 75 MM, PARA TUBO SERIE REFORCADA ESGOTO PREDIAL | D196: UN | E196: CR | F196: 2.7 | G196: 2.6
A197: MATERIAL | B197: 311 | C197: ANEL BORRACHA, PARA TUBO PVC DEFOFO, DN 100 MM (NBR 7665) | D197: UN | E197: CR | F197: 10.04 | G197: 9.67
A198: MATERIAL | B198: 318 | C198: ANEL BORRACHA, PARA TUBO PVC DEFOFO, DN 150 MM (NBR 7665) | D198: UN | E198: CR | F198: 20.22 | G198: 19.48
A199: MATERIAL | B199: 319 | C199: ANEL BORRACHA, PARA TUBO PVC DEFOFO, DN 200 MM (NBR 7665) | D199: UN | E199: CR | F199: 31.71 | G199: 30.55
A200: MATERIAL | B200: 303 | C200: ANEL BORRACHA, PARA TUBO PVC, REDE COLETOR ESGOTO, DN 100 MM (NBR 7362) | D200: UN | E200: CR | F200: 3.32 | G200: 3.2
A201: MATERIAL | B201: 305 | C201: ANEL BORRACHA, PARA TUBO PVC, REDE COLETOR ESGOTO, DN 150 MM (NBR 7362) | D201: UN | E201: CR | F201: 10.45 | G201: 10.07
...

Sheet SICRO
A1: Código | B1: Descrição | C1: Valor de Aquisição (R$) | D1: Depreciação (R$/h) | E1: Oportunidade de Capital (R$/h) | F1: Seguros e Impostos (R$/h) | G1: Manutenção (R$/h) | H1: Operação (R$/h) | I1: Mão de Obra de Operação (R$/h) | J1: Custo Produtivo (R$/h) | K1: Custo Improdutivo (R$/h)
A2: E9001 | B2: Conjunto vibratório para tubos de concreto com encaixe PB e 3 jogos de fôrmas - D = 0,60 m - 2,20 kW | C2: 71859.275 | D2: 9.5812 | E2: 1.4779 | F2: 0 | G2: 7.1859 | H2: 0 | I2: 0 | J2: 18.245 | K2: 11.0591
A3: E9002 | B3: Conjunto vibratório para tubos de concreto com encaixe PB e 3 jogos de fôrmas - D = 0,80 m - 2,20 kW | C3: 94130.844 | D3: 12.5508 | E3: 1.936 | F3: 0 | G3: 9.4131 | H3: 0 | I3: 0 | J3: 23.8999 | K3: 14.4868
A4: E9003 | B4: Conjunto vibratório para tubos de concreto com encaixe PB e 3 jogos de fôrmas - D = 1,00 m - 2,20 kW | C4: 98387.472 | D4: 13.1183 | E4: 2.0235 | F4: 0 | G4: 9.8387 | H4: 0 | I4: 0 | J4: 24.9805 | K4: 15.1418
A5: E9004 | B5: Conjunto vibratório para tubos de concreto com encaixe PB e 3 jogos de fôrmas - D = 1,20 m - 2,20 kW | C5: 124378.62 | D5: 16.5838 | E5: 2.5581 | F5: 0 | G5: 12.4379 | H5: 0 | I5: 0 | J5: 31.5798 | K5: 19.1419
A6: E9005 | B6: Conjunto vibratório para tubos de concreto com encaixe PB e 3 jogos de fôrmas - D = 1,50 m - 2,20 kW | C6: 147014.24 | D6: 19.6019 | E6: 3.0236 | F6: 0 | G6: 14.7014 | H6: 0 | I6: 0 | J6: 37.3269 | K6: 22.6255
A7: E9006 | B7: Equipamento para sondagem manual | C7: 4884.3632 | D7: 0.8303 | E7: 0.1055 | F7: 0 | G7: 0.4884 | H7: 0 | I7: 0 | J7: 1.4242 | K7: 0.9358
A8: E9007 | B8: Bomba de pistão triplex com capacidade de 7,80 m³/h (130 l/min) - 8,20 kW | C8: 165469.14 | D8: 16.5469 | E8: 3.1905 | F8: 0 | G8: 14.4785 | H8: 8.4481 | I8: 0 | J8: 42.664 | K8: 19.7374
A9: E9008 | B9: Transportador manual de tubos de concreto com capacidade de 1 t | C9: 1521.5774 | D9: 1.3694 | E9: 0.0704 | F9: 0 | G9: 0.7608 | H9: 0 | I9: 0 | J9: 2.2006 | K9: 1.4398
A10: E9009 | B10: Embarcação rebocadora - 268 kW | C10: 622274.9 | D10: 7.1231 | E10: 3.577 | F10: 0 | G10: 15.8291 | H10: 276.1086 | I10: 125.6335 | J10: 428.2713 | K10: 136.3336
A11: E9010 | B11: Balança plataforma digital à bateria, com mesa de 75 x 75 cm e capacidade de 500 kg | C11: 4204.333 | D11: 0.6306 | E11: 0.0865 | F11: 0 | G11: 0.3504 | H11: 0 | I11: 0 | J11: 1.0675 | K11: 0.7171
A12: E9011 | B12: Carro manual modelo plataforma de 200 x 80 cm com capacidade de 800 kg | C12: 1718.1656 | D12: 0.3093 | E12: 0.0371 | F12: 0 | G12: 0.1718 | H12: 0 | I12: 0 | J12: 0.5182 | K12: 0.3464
A13: E9014 | B13: Deflectômetro de impacto (FWD) instalado em picape com reboque e faixa de carga de 7 a 120 kN - 147 kW | C13: 2296757.4 | D13: 183.7406 | E13: 42.513 | F13: 0 | G13: 114.8379 | H13: 0 | I13: 32.7649 | J13: 373.8564 | K13: 259.0185
... A383: E9798 | B383: Perfuratriz hidráulica rotopercussiva - 123 kW | C383: 2496067.2 | D383: 199.6854 | E383: 46.2022 | F383: 0 | G383: 199.6854 | H383: 100.0433 | I383: 33.4972 | J383: 579.1135 | K383: 279.3848
A384: E9013 | B384: Caminhão tanque de asfalto com capacidade de 31.000 l - 368 kW | J384: 685.9573 | K384: 170.5573
A385: A9335 | B385: Cavalo mecânico estradeiro 8 x 2, PBT 29.000 kg - 368 kW - condição de trabalho severa - motorista de veículo especial | C385: 1090634.1 | D385: 65.438 | E385: 20.1876 | F385: 8.1798 | G385: 98.1571 | H385: 379.1342 | I385: 32.7649 | J385: 603.8616 | K385: 126.5703
A386: A9364 | B386: Tanque isotérmico de asfalto com capacidade de 31.000 l | C386: 285814.88 | D386: 38.1087 | E386: 5.8783 | F386: 0 | G386: 38.1087 | H386: 0 | I386: 0 | J386: 82.0957 | K386: 43.987
A387: E9018 | B387: Cavalo mecânico com dolly intermediário e semirreboque de 4 eixos com capacidade de 52 t - 364 kW | J387: 558.8095 | K387: 160.2337
A388: A9324 | B388: Cavalo mecânico estradeiro 6 x 4, PBT 23.000 kg - 364 kW - motorista de veículo especial | C388: 931915.85 | D388: 46.5958 | E388: 16.7706 | F388: 6.7952 | G388: 69.8937 | H388: 276.3255 | I388: 32.7649 | J388: 449.1457 | K388: 102.9265
A389: A9355 | B389: Semirreboque com 4 eixos | C389: 491470 | D389: 39.3176 | E389: 9.0971 | F389: 0 | G389: 44.2323 | H389: 0 | I389: 0 | J389: 92.647 | K389: 48.4147
A390: A9382 | B390: Dolly intermediário com 2 eixos para semirreboque | C390: 90270 | D390: 7.2216 | E390: 1.6709 | F390: 0 | G390: 8.1243 | H390: 0 | I390: 0 | J390: 17.0168 | K390: 8.8925
